Workbook

Sheet Manual
B4: This supplement is structured in the following sheets:
B6: IncidenceComplications | C6: This sheet contains the incidence calculations with the complete population of the sickness fund
B7: TotalCosts | C7: Total costs contains the sum of all the costs calculated in the other sheets and gives a covariance and correlation matrix for the different components of the total costs
B8: Inpatient | C8: This sheet contains the inpatient costs of influenza (no control group necessary) and the inpatient costs of AOM an CAP using the matched control design.
B9: Outpatient | C9: This sheet contains the outpatient costs of influenza, AOM and CAP. The matched-control design was used for all, as outpatient costs are not directly linkable to influenza.
B10: Pharmaceutical | C10: This sheet contains the pharmaceutical costs of influenza, AOM and CAP. The matched-control design was used for all, as outpatient costs are not directly linkable to influenza.
B11: Sick_Leave | C11: This sheet contains the days of sick leave directly attributable to influenza and the difference in sick leave between the influenza and the control group for AOM and CAP. Sub-analyses are presented for the employed persons of the SHI.
B12: External_Sources | C12: This sheet contains information from the German Federal Statistical Office on the age-stratified income and inflation rates for Germany.
B15: Glossary:
B16: SHI | C16: Statutory Health Insurance
B17: sample | C17: The sample of 100.000 influenza cases drawn from the SHI population
B18: matched sample | C18: The persons of the sample for which a control was found, i.e. 95,089
B20: The sheets are usually structured with the absolute numbers at the top, stratified by age group, year and as a total. Beneath are calculations of percentages or the differences between the influenza and the control group including the statistical test used to find differences between the groups.

Sheet IncidenceComplications
H2: Flu | J2: Control | M2: No. AOM | O2: AOM hospital | W2: No. CAP | Y2: CAP hospital
A3: Year | B3: Age group | C3: German population | D3: No. insured | E3: No. influenza | F3: No. in sample | G3: No. with Match | H3: MG | I3: FV | J3: MG | K3: FV | M3: flu | N3: control | O3: flu | P3: control | W3: flu | X3: control | Y3: flu | Z3: control
A4: 2012 | B4: 0 to 1 | C4: 1340259 | D4: 156038 | E4: 2810 | F4: 560 | G4: 476 | H4: 0 | I4: 476 | J4: 0 | K4: 476 | M4: 132 | N4: 59 | O4: 0 | P4: 0 | W4: 61 | X4: 7 | Y4: 5 | Z4: 0
B5: 2 to 5 | C5: 2745306 | D5: 294149 | E5: 5338 | F5: 1945 | G5: 1534 | H5: 11 | I5: 1523 | J5: 8 | K5: 1526 | M5: 494 | N5: 329 | O5: 1 | P5: 1 | W5: 158 | X5: 61 | Y5: 16 | Z5: 6
B6: 6 to 9 | C6: 2788986 | D6: 303176 | E6: 3398 | F6: 1236 | G6: 1102 | H6: 3 | I6: 1099 | J6: 5 | K6: 1097 | M6: 168 | N6: 115 | O6: 0 | P6: 2 | W6: 91 | X6: 21 | Y6: 8 | Z6: 1
B7: 10 to 17 | C7: 6216336 | D7: 715550 | E7: 7110 | F7: 2279 | G7: 2032 | H7: 116 | I7: 1916 | J7: 86 | K7: 1946 | M7: 154 | N7: 59 | O7: 0 | P7: 0 | W7: 120 | X7: 16 | Y7: 6 | Z7: 0
B8: 18 to 34 | C8: 16223807 | D8: 1966463 | E8: 20564 | F8: 6893 | G8: 6601 | H8: 5580 | I8: 1021 | J8: 5215 | K8: 1386 | M8: 239 | N8: 91 | O8: 1 | P8: 1 | W8: 209 | X8: 12 | Y8: 13 | Z8: 0
B9: 35 to 59 | C9: 29504293 | D9: 3199497 | E9: 28228 | F9: 9725 | G9: 9478 | H9: 8836 | I9: 642 | J9: 8407 | K9: 1071 | M9: 299 | N9: 105 | O9: 1 | P9: 0 | W9: 412 | X9: 44 | Y9: 23 | Z9: 1
B10: 60 plus | C10: 21704759 | D10: 1403735 | E10: 7009 | F10: 2585 | G10: 2479 | H10: 2337 | I10: 142 | J10: 2285 | K10: 194 | M10: 94 | N10: 19 | O10: 0 | P10: 0 | W10: 227 | X10: 21 | Y10: 17 | Z10: 1
B11: Total | C11: 80523746 | D11: =SUM(D4:D10) -> 8038608 | E11: =SUM(E4:E10) -> 74457 | F11: =SUM(F4:F10) -> 25223 | G11: =SUM(G4:G10) -> 23702 | H11: =SUM(H4:H10) -> 16883 | I11: =SUM(I4:I10) -> 6819 | J11: =SUM(J4:J10) -> 16006 | K11: =SUM(K4:K10) -> 7696 | M11: =SUM(M4:M10) -> 1580 | N11: =SUM(N4:N10) -> 777 | O11: =SUM(O4:O10) -> 3 | P11: =SUM(P4:P10) -> 4 | W11: =SUM(W4:W10) -> 1278 | X11: =SUM(X4:X10) -> 182 | Y11: =SUM(Y4:Y10) -> 88 | Z11: =SUM(Z4:Z10) -> 9
A12: 2013 | B12: 0 to 1 | C12: 1367407 | D12: 167938 | E12: 5001 | F12: 824 | G12: 746 | H12: 0 | I12: 746 | J12: 1 | K12: 745 | M12: 208 | N12: 116 | O12: 0 | P12: 0 | W12: 101 | X12: 25 | Y12: 16 | Z12: 5
B13: 2 to 5 | C13: 2741092 | D13: 313284 | E13: 12183 | F13: 4197 | G13: 3470 | H13: 22 | I13: 3448 | J13: 23 | K13: 3447 | M13: 1183 | N13: 882 | O13: 2 | P13: 1 | W13: 406 | X13: 130 | Y13: 42 | Z13: 9
B14: 6 to 9 | C14: 2789553 | D14: 307783 | E14: 8974 | F14: 3229 | G14: 2913 | H14: 30 | I14: 2883 | J14: 26 | K14: 2887 | M14: 460 | N14: 318 | O14: 1 | P14: 1 | W14: 165 | X14: 43 | Y14: 9 | Z14: 3
B15: 10 to 17 | C15: 6177477 | D15: 729282 | E15: 14916 | F15: 5050 | G15: 4722 | H15: 229 | I15: 4493 | J15: 207 | K15: 4515 | M15: 333 | N15: 152 | O15: 1 | P15: 0 | W15: 178 | X15: 27 | Y15: 5 | Z15: 0
B16: 18 to 34 | C16: 16311826 | D16: 2083686 | E16: 36252 | F16: 12075 | G16: 11819 | H16: 10091 | I16: 1728 | J16: 9405 | K16: 2414 | M16: 409 | N16: 164 | O16: 3 | P16: 1 | W16: 287 | X16: 31 | Y16: 12 | Z16: 3
B17: 35 to 59 | C17: 29432348 | D17: 3324677 | E17: 61527 | F17: 21082 | G17: 20869 | H17: 19580 | I17: 1289 | J17: 18707 | K17: 2162 | M17: 600 | N17: 248 | O17: 4 | P17: 3 | W17: 887 | X17: 141 | Y17: 41 | Z17: 4
B18: 60 plus | C18: 21947760 | D18: 1485549 | E18: 11465 | F18: 4342 | G18: 4247 | H18: 3980 | I18: 267 | J18: 3939 | K18: 308 | M18: 128 | N18: 40 | O18: 0 | P18: 0 | W18: 363 | X18: 29 | Y18: 50 | Z18: 5
B19: Total | C19: 80767463 | D19: =SUM(D12:D18) -> 8412199 | E19: =SUM(E12:E18) -> 150318 | F19: =SUM(F12:F18) -> 50799 | G19: =SUM(G12:G18) -> 48786 | H19: =SUM(H12:H18) -> 33932 | I19: =SUM(I12:I18) -> 14854 | J19: =SUM(J12:J18) -> 32308 | K19: =SUM(K12:K18) -> 16478 | M19: =SUM(M12:M18) -> 3321 | N19: =SUM(N12:N18) -> 1920 | O19: =SUM(O12:O18) -> 11 | P19: =SUM(P12:P18) -> 6 | W19: =SUM(W12:W18) -> 2387 | X19: =SUM(X12:X18) -> 426 | Y19: =SUM(Y12:Y18) -> 175 | Z19: =SUM(Z12:Z18) -> 29
A20: 2014 | B20: 0 to 1 | C20: 1412334 | D20: 181999 | E20: 2631 | F20: 551 | G20: 471 | H20: 1 | I20: 470 | J20: 0 | K20: 471 | M20: 147 | N20: 68 | O20: 4 | P20: 0 | W20: 51 | X20: 11 | Y20: 0 | Z20: 0
B21: 2 to 5 | C21: 2761928 | D21: 337143 | E21: 4311 | F21: 1613 | G21: 1320 | H21: 5 | I21: 1315 | J21: 8 | K21: 1312 | M21: 445 | N21: 274 | O21: 1 | P21: 1 | W21: 162 | X21: 42 | Y21: 18 | Z21: 1
B22: 6 to 9 | C22: 2803627 | D22: 315674 | E22: 2558 | F22: 950 | G22: 845 | H22: 6 | I22: 839 | J22: 3 | K22: 842 | M22: 150 | N22: 64 | O22: 0 | P22: 0 | W22: 68 | X22: 13 | Y22: 4 | Z22: 0
B23: 10 to 17 | C23: 6134131 | D23: 745198 | E23: 6047 | F23: 1855 | G23: 1651 | H23: 113 | I23: 1538 | J23: 72 | K23: 1579 | M23: 122 | N23: 52 | O23: 0 | P23: 0 | W23: 87 | X23: 4 | Y23: 3 | Z23: 0
B24: 18 to 34 | C24: 16468726 | D24: 2228836 | E24: 20803 | F24: 6949 | G24: 6639 | H24: 5688 | I24: 951 | J24: 5272 | K24: 1367 | M24: 269 | N24: 79 | O24: 2 | P24: 0 | W24: 162 | X24: 26 | Y24: 5 | Z24: 1
B25: 35 to 59 | C25: 29375103 | D25: 3469196 | E25: 27388 | F25: 9454 | G25: 9184 | H25: 8678 | I25: 506 | J25: 8297 | K25: 887 | M25: 316 | N25: 77 | O25: 6 | P25: 0 | W25: 413 | X25: 35 | Y25: 23 | Z25: 0
B26: 60 plus | C26: 22241688 | D26: 1571690 | E26: 7033 | F26: 2606 | G26: 2491 | H26: 2379 | I26: 112 | J26: 2332 | K26: 159 | M26: 112 | N26: 21 | O26: 2 | P26: 0 | W26: 224 | X26: 26 | Y26: 15 | Z26: 2
B27: Total | C27: 81197537 | D27: =SUM(D20:D26) -> 8849736 | E27: =SUM(E20:E26) -> 70771 | F27: =SUM(F20:F26) -> 23978 | G27: =SUM(G20:G26) -> 22601 | H27: =SUM(H20:H26) -> 16870 | I27: =SUM(I20:I26) -> 5731 | J27: =SUM(J20:J26) -> 15984 | K27: =SUM(K20:K26) -> 6617 | M27: =SUM(M20:M26) -> 1561 | N27: =SUM(N20:N26) -> 635 | O27: =SUM(O20:O26) -> 15 | P27: =SUM(P20:P26) -> 1 | W27: =SUM(W20:W26) -> 1167 | X27: =SUM(X20:X26) -> 157 | Y27: =SUM(Y20:Y26) -> 68 | Z27: =SUM(Z20:Z26) -> 4
A28: Total | C28: =C27+C19+C11 -> 242488746 | D28: =D27+D19+D11 -> 25300543 | E28: =E27+E19+E11 -> 295546 | F28: =F27+F19+F11 -> 100000 | G28: =G27+G19+G11 -> 95089 | H28: =H27+H19+H11 -> 67685 | I28: =I27+I19+I11 -> 27404 | J28: =J27+J19+J11 -> 64298 | K28: =K27+K19+K11 -> 30791 | M28: =M27+M19+M11 -> 6462 | N28: =N27+N19+N11 -> 3332 | O28: =O27+O19+O11 -> 29 | P28: =P27+P19+P11 -> 11 | W28: =W27+W19+W11 -> 4832 | X28: =X27+X19+X11 -> 765 | Y28: =Y27+Y19+Y11 -> 331 | Z28: =Z27+Z19+Z11 -> 42
A29: Absolute numbers (sums) | B29: 0 to 1 | C29: =C4+C12+C20 -> 4120000 | D29: =D4+D12+D20 -> 505975 | E29: =E4+E12+E20 -> 10442 | F29: =F4+F12+F20 -> 1935 | G29: =G4+G12+G20 -> 1693 | H29: =H4+H12+H20 -> 1 | I29: =I4+I12+I20 -> 1692 | J29: =J4+J12+J20 -> 1 | K29: =K4+K12+K20 -> 1692 | M29: =M4+M12+M20 -> 487 | N29: =N4+N12+N20 -> 243 | O29: =O4+O12+O20 -> 4 | P29: =P4+P12+P20 -> 0 | W29: =W4+W12+W20 -> 213 | X29: =X4+X12+X20 -> 43 | Y29: =Y4+Y12+Y20 -> 21 | Z29: =Z4+Z12+Z20 -> 5
B30: 2 to 5 | C30: =C5+C13+C21 -> 8248326 | D30: =D5+D13+D21 -> 944576 | E30: =E5+E13+E21 -> 21832 | F30: =F5+F13+F21 -> 7755 | G30: =G5+G13+G21 -> 6324 | H30: =H5+H13+H21 -> 38 | I30: =I5+I13+I21 -> 6286 | J30: =J5+J13+J21 -> 39 | K30: =K5+K13+K21 -> 6285 | M30: =M5+M13+M21 -> 2122 | N30: =N5+N13+N21 -> 1485 | O30: =O5+O13+O21 -> 4 | P30: =P5+P13+P21 -> 3 | W30: =W5+W13+W21 -> 726 | X30: =X5+X13+X21 -> 233 | Y30: =Y5+Y13+Y21 -> 76 | Z30: =Z5+Z13+Z21 -> 16
B31: 6 to 9 | C31: =C6+C14+C22 -> 8382166 | D31: =D6+D14+D22 -> 926633 | E31: =E6+E14+E22 -> 14930 | F31: =F6+F14+F22 -> 5415 | G31: =G6+G14+G22 -> 4860 | H31: =H6+H14+H22 -> 39 | I31: =I6+I14+I22 -> 4821 | J31: =J6+J14+J22 -> 34 | K31: =K6+K14+K22 -> 4826 | M31: =M6+M14+M22 -> 778 | N31: =N6+N14+N22 -> 497 | O31: =O6+O14+O22 -> 1 | P31: =P6+P14+P22 -> 3 | W31: =W6+W14+W22 -> 324 | X31: =X6+X14+X22 -> 77 | Y31: =Y6+Y14+Y22 -> 21 | Z31: =Z6+Z14+Z22 -> 4
B32: 10 to 17 | C32: =C7+C15+C23 -> 18527944 | D32: =D7+D15+D23 -> 2190030 | E32: =E7+E15+E23 -> 28073 | F32: =F7+F15+F23 -> 9184 | G32: =G7+G15+G23 -> 8405 | H32: =H7+H15+H23 -> 458 | I32: =I7+I15+I23 -> 7947 | J32: =J7+J15+J23 -> 365 | K32: =K7+K15+K23 -> 8040 | M32: =M7+M15+M23 -> 609 | N32: =N7+N15+N23 -> 263 | O32: =O7+O15+O23 -> 1 | P32: =P7+P15+P23 -> 0 | W32: =W7+W15+W23 -> 385 | X32: =X7+X15+X23 -> 47 | Y32: =Y7+Y15+Y23 -> 14 | Z32: =Z7+Z15+Z23 -> 0
B33: 18 to 34 | C33: =C8+C16+C24 -> 49004359 | D33: =D8+D16+D24 -> 6278985 | E33: =E8+E16+E24 -> 77619 | F33: =F8+F16+F24 -> 25917 | G33: =G8+G16+G24 -> 25059 | H33: =H8+H16+H24 -> 21359 | I33: =I8+I16+I24 -> 3700 | J33: =J8+J16+J24 -> 19892 | K33: =K8+K16+K24 -> 5167 | M33: =M8+M16+M24 -> 917 | N33: =N8+N16+N24 -> 334 | O33: =O8+O16+O24 -> 6 | P33: =P8+P16+P24 -> 2 | W33: =W8+W16+W24 -> 658 | X33: =X8+X16+X24 -> 69 | Y33: =Y8+Y16+Y24 -> 30 | Z33: =Z8+Z16+Z24 -> 4
B34: 35 to 59 | C34: =C9+C17+C25 -> 88311744 | D34: =D9+D17+D25 -> 9993370 | E34: =E9+E17+E25 -> 117143 | F34: =F9+F17+F25 -> 40261 | G34: =G9+G17+G25 -> 39531 | H34: =H9+H17+H25 -> 37094 | I34: =I9+I17+I25 -> 2437 | J34: =J9+J17+J25 -> 35411 | K34: =K9+K17+K25 -> 4120 | M34: =M9+M17+M25 -> 1215 | N34: =N9+N17+N25 -> 430 | O34: =O9+O17+O25 -> 11 | P34: =P9+P17+P25 -> 3 | W34: =W9+W17+W25 -> 1712 | X34: =X9+X17+X25 -> 220 | Y34: =Y9+Y17+Y25 -> 87 | Z34: =Z9+Z17+Z25 -> 5
B35: 60 plus | C35: =C10+C18+C26 -> 65894207 | D35: =D10+D18+D26 -> 4460974 | E35: =E10+E18+E26 -> 25507 | F35: =F10+F18+F26 -> 9533 | G35: =G10+G18+G26 -> 9217 | H35: =H10+H18+H26 -> 8696 | I35: =I10+I18+I26 -> 521 | J35: =J10+J18+J26 -> 8556 | K35: =K10+K18+K26 -> 661 | M35: =M10+M18+M26 -> 334 | N35: =N10+N18+N26 -> 80 | O35: =O10+O18+O26 -> 2 | P35: =P10+P18+P26 -> 0 | W35: =W10+W18+W26 -> 814 | X35: =X10+X18+X26 -> 76 | Y35: =Y10+Y18+Y26 -> 82 | Z35: =Z10+Z18+Z26 -> 8
B36: Total | C36: =C11+C19+C27 -> 242488746 | D36: =D11+D19+D27 -> 25300543 | E36: =E11+E19+E27 -> 295546 | F36: =F11+F19+F27 -> 100000 | G36: =G11+G19+G27 -> 95089 | H36: =H11+H19+H27 -> 67685 | I36: =I11+I19+I27 -> 27404 | J36: =J11+J19+J27 -> 64298 | K36: =K11+K19+K27 -> 30791 | M36: =M11+M19+M27 -> 6462 | N36: =N11+N19+N27 -> 3332 | O36: =O11+O19+O27 -> 29 | P36: =P11+P19+P27 -> 11 | W36: =W11+W19+W27 -> 4832 | X36: =X11+X19+X27 -> 765 | Y36: =Y11+Y19+Y27 -> 331 | Z36: =Z11+Z19+Z27 -> 42
D37: =D11/C11 -> 0.099829037
D38: =D19/C19 -> 0.10415331
D39: =D27/C27 -> 0.1089902
H40: Flu | J40: Control | M40: No. AOM | R40: AOM hospital | W40: No. CAP | AB40: CAP hospital
A41: Year | B41: Age group | D41: No insured | E41: No influenza | F41: No in sample | G41: No with Match | H41: MG | I41: FV | J41: MG | K41: FV | M41: flu | N41: control | O41: delta | P41: Z-test | Q41: p-Value | R41: flu | S41: control | T41: delta | U41: Z-test | V41: p-Value | W41: flu | X41: control | Y41: delta | Z41: Z-test | AA41: p-Value | AB41: flu | AC41: control | AD41: delta | AE41: Z-test | AF41: p-Value
A42: 2012 | B42: 0 to 1 | D42: =IncidenceComplications!D4/IncidenceComplications!C4 -> 0.11642377 | E42: =IncidenceComplications!E4/IncidenceComplications!D4 -> 0.018008434 | F42: =IncidenceComplications!F4/IncidenceComplications!E4 -> 0.19928826 | G42: =IncidenceComplications!G4/IncidenceComplications!F4 -> 0.85 | H42: =H4/G4 -> 0 | I42: =I4/G4 -> 1 | J42: =J4/G4 -> 0 | K42: =K4/G4 -> 1 | M42: =IncidenceComplications!M4/IncidenceComplications!$G4 -> 0.27731092 | N42: =IncidenceComplications!N4/IncidenceComplications!$G4 -> 0.12394958 | O42: =M42-N42 -> 0.15336134 | P42: =O42^2/((M42+N42/2)*(1-(M42+N42/2))*(1/G4+1/G4)) -> 24.97063 | Q42: =_xlfn.CHISQ.DIST.RT(P42,1) -> 5.8210314e-07 | R42: =IncidenceComplications!O4/IncidenceComplications!M4 -> 0 | S42: =IncidenceComplications!P4/IncidenceComplications!N4 -> 0 | T42: =R42-S42 -> 0 | U42: =ABS(T42)/SQRT(ABS(T42)*(1-ABS(T42))*(1/IncidenceComplications!M4+1/IncidenceComplications!N4)) -> #DIV/0! | V42: =_xlfn.NORM.S.DIST(U42,FALSE) -> #DIV/0! | W42: =IncidenceComplications!W4/IncidenceComplications!$G4 -> 0.12815126 | X42: =IncidenceComplications!X4/IncidenceComplications!$G4 -> 0.014705882 | Y42: =W42-X42 -> 0.11344538 | Z42: =ABS(Y42)/SQRT(ABS(Y42)*(1-ABS(Y42))*(1/IncidenceComplications!G4+1/IncidenceComplications!G4)) -> 5.5186027 | AA42: =_xlfn.NORM.S.DIST(Z42,FALSE) -> 9.7206653e-08 | AB42: =IncidenceComplications!Y4/IncidenceComplications!$W4 -> 0.081967213 | AC42: =IncidenceComplications!Z4/IncidenceComplications!$X4 -> 0 | AD42: =AB42-AC42 -> 0.081967213 | AE42: =ABS(AD42)/SQRT(ABS(AD42)*(1-ABS(AD42))*(1/IncidenceComplications!W4+1/IncidenceComplications!X4)) -> 0.74877351 | AF42: =_xlfn.NORM.S.DIST(AE42,FALSE) -> 0.30141434
B43: 2 to 5 | D43: =IncidenceComplications!D5/IncidenceComplications!C5 -> 0.10714616 | E43: =IncidenceComplications!E5/IncidenceComplications!D5 -> 0.018147266 | F43: =IncidenceComplications!F5/IncidenceComplications!E5 -> 0.36436868 | G43: =IncidenceComplications!G5/IncidenceComplications!F5 -> 0.78868895 | H43: =H5/G5 -> 0.0071707953 | I43: =I5/G5 -> 0.9928292 | J43: =J5/G5 -> 0.0052151239 | K43: =K5/G5 -> 0.99478488 | M43: =IncidenceComplications!M5/IncidenceComplications!$G5 -> 0.3220339 | N43: =IncidenceComplications!N5/IncidenceComplications!$G5 -> 0.21447197 | O43: =M43-N43 -> 0.10756193 | P43: =O43^2/((M43+N43/2)*(1-(M43+N43/2))*(1/IncidenceComplications!G5+1/IncidenceComplications!G5)) -> 36.22024 | Q43: =_xlfn.CHISQ.DIST.RT(P43,1) -> 1.7623072e-09 | R43: =IncidenceComplications!O5/IncidenceComplications!M5 -> 0.0020242915 | S43: =IncidenceComplications!P5/IncidenceComplications!N5 -> 0.0030395137 | T43: =R43-S43 -> -0.0010152222 | U43: =ABS(T43)/SQRT(ABS(T43)*(1-ABS(T43))*(1/IncidenceComplications!M5+1/IncidenceComplications!N5)) -> 0.44798412 | V43: =_xlfn.NORM.S.DIST(U43,FALSE) -> 0.36085343 | W43: =IncidenceComplications!W5/IncidenceComplications!$G5 -> 0.1029987 | X43: =IncidenceComplications!X5/IncidenceComplications!$G5 -> 0.039765319 | Y43: =W43-X43 -> 0.063233377 | Z43: =ABS(Y43)/SQRT(ABS(Y43)*(1-ABS(Y43))*(1/IncidenceComplications!G5+1/IncidenceComplications!G5)) -> 7.1954037 | AA43: =_xlfn.NORM.S.DIST(Z43,FALSE) -> 2.2822582e-12 | AB43: =IncidenceComplications!Y5/IncidenceComplications!$W5 -> 0.10126582 | AC43: =IncidenceComplications!Z5/IncidenceComplications!$X5 -> 0.098360656 | AD43: =AB43-AC43 -> 0.002905167 | AE43: =ABS(AD43)/SQRT(ABS(AD43)*(1-ABS(AD43))*(1/IncidenceComplications!W5+1/IncidenceComplications!X5)) -> 0.35808714 | AF43: =_xlfn.NORM.S.DIST(AE43,FALSE) -> 0.3741675
B44: 6 to 9 | D44: =IncidenceComplications!D6/IncidenceComplications!C6 -> 0.10870474 | E44: =IncidenceComplications!E6/IncidenceComplications!D6 -> 0.011208011 | F44: =IncidenceComplications!F6/IncidenceComplications!E6 -> 0.36374338 | G44: =IncidenceComplications!G6/IncidenceComplications!F6 -> 0.89158576 | H44: =H6/G6 -> 0.002722323 | I44: =I6/G6 -> 0.99727768 | J44: =J6/G6 -> 0.0045372051 | K44: =K6/G6 -> 0.99546279 | M44: =IncidenceComplications!M6/IncidenceComplications!$G6 -> 0.15245009 | N44: =IncidenceComplications!N6/IncidenceComplications!$G6 -> 0.10435572 | O44: =M44-N44 -> 0.048094374 | P44: =O44^2/((M44+N44/2)*(1-(M44+N44/2))*(1/IncidenceComplications!G6+1/IncidenceComplications!G6)) -> 7.8307773 | Q44: =_xlfn.CHISQ.DIST.RT(P44,1) -> 0.0051364007 | R44: =IncidenceComplications!O6/IncidenceComplications!M6 -> 0 | S44: =IncidenceComplications!P6/IncidenceComplications!N6 -> 0.017391304 | T44: =R44-S44 -> -0.017391304 | U44: =ABS(T44)/SQRT(ABS(T44)*(1-ABS(T44))*(1/IncidenceComplications!M6+1/IncidenceComplications!N6)) -> 1.0992238 | V44: =_xlfn.NORM.S.DIST(U44,KU) -> #NAME? | W44: =IncidenceComplications!W6/IncidenceComplications!$G6 -> 0.082577132 | X44: =IncidenceComplications!X6/IncidenceComplications!$G6 -> 0.019056261 | Y44: =W44-X44 -> 0.063520871 | Z44: =ABS(Y44)/SQRT(ABS(Y44)*(1-ABS(Y44))*(1/IncidenceComplications!G6+1/IncidenceComplications!G6)) -> 6.1134304 | AA44: =_xlfn.NORM.S.DIST(Z44,FALSE) -> 3.0566263e-09 | AB44: =IncidenceComplications!Y6/IncidenceComplications!$W6 -> 0.087912088 | AC44: =IncidenceComplications!Z6/IncidenceComplications!$X6 -> 0.047619048 | AD44: =AB44-AC44 -> 0.04029304 | AE44: =ABS(AD44)/SQRT(ABS(AD44)*(1-ABS(AD44))*(1/IncidenceComplications!W6+1/IncidenceComplications!X6)) -> 0.84638319 | AF44: =_xlfn.NORM.S.DIST(AE44,FALSE) -> 0.27883898
B45: 10 to 17 | D45: =IncidenceComplications!D7/IncidenceComplications!C7 -> 0.115108 | E45: =IncidenceComplications!E7/IncidenceComplications!D7 -> 0.0099364125 | F45: =IncidenceComplications!F7/IncidenceComplications!E7 -> 0.32053446 | G45: =IncidenceComplications!G7/IncidenceComplications!F7 -> 0.89161913 | H45: =H7/G7 -> 0.057086614 | I45: =I7/G7 -> 0.94291339 | J45: =J7/G7 -> 0.042322835 | K45: =K7/G7 -> 0.95767717 | M45: =IncidenceComplications!M7/IncidenceComplications!$G7 -> 0.075787402 | N45: =IncidenceComplications!N7/IncidenceComplications!$G7 -> 0.029035433 | O45: =M45-N45 -> 0.046751969 | P45: =O45^2/((M45+N45/2)*(1-(M45+N45/2))*(1/IncidenceComplications!G7+1/IncidenceComplications!G7)) -> 27.032449 | Q45: =_xlfn.CHISQ.DIST.RT(P45,1) -> 2.0006852e-07 | R45: =IncidenceComplications!O7/IncidenceComplications!M7 -> 0 | S45: =IncidenceComplications!P7/IncidenceComplications!N7 -> 0 | T45: =R45-S45 -> 0 | U45: =ABS(T45)/SQRT(ABS(T45)*(1-ABS(T45))*(1/IncidenceComplications!M7+1/IncidenceComplications!N7)) -> #DIV/0! | V45: =_xlfn.NORM.S.DIST(U45,FALSE) -> #DIV/0! | W45: =IncidenceComplications!W7/IncidenceComplications!$G7 -> 0.059055118 | X45: =IncidenceComplications!X7/IncidenceComplications!$G7 -> 0.0078740157 | Y45: =W45-X45 -> 0.051181102 | Z45: =ABS(Y45)/SQRT(ABS(Y45)*(1-ABS(Y45))*(1/IncidenceComplications!G7+1/IncidenceComplications!G7)) -> 7.4030385 | AA45: =_xlfn.NORM.S.DIST(Z45,FALSE) -> 5.0137195e-13 | AB45: =IncidenceComplications!Y7/IncidenceComplications!$W7 -> 0.05 | AC45: =IncidenceComplications!Z7/IncidenceComplications!$X7 -> 0 | AD45: =AB45-AC45 -> 0.05 | AE45: =ABS(AD45)/SQRT(ABS(AD45)*(1-ABS(AD45))*(1/IncidenceComplications!W7+1/IncidenceComplications!X7)) -> 0.86199423 | AF45: =_xlfn.NORM.S.DIST(AE45,FALSE) -> 0.27514541
B46: 18 to 34 | D46: =IncidenceComplications!D8/IncidenceComplications!C8 -> 0.12120848 | E46: =IncidenceComplications!E8/IncidenceComplications!D8 -> 0.010457354 | F46: =IncidenceComplications!F8/IncidenceComplications!E8 -> 0.33519743 | G46: =IncidenceComplications!G8/IncidenceComplications!F8 -> 0.95763818 | H46: =H8/G8 -> 0.84532647 | I46: =I8/G8 -> 0.15467353 | J46: =J8/G8 -> 0.79003181 | K46: =K8/G8 -> 0.20996819 | M46: =IncidenceComplications!M8/IncidenceComplications!$G8 -> 0.036206635 | N46: =IncidenceComplications!N8/IncidenceComplications!$G8 -> 0.01378579 | O46: =M46-N46 -> 0.022420845 | P46: =O46^2/((M46+N46/2)*(1-(M46+N46/2))*(1/IncidenceComplications!G8+1/IncidenceComplications!G8)) -> 40.229478 | Q46: =_xlfn.CHISQ.DIST.RT(P46,1) -> 2.2581505e-10 | R46: =IncidenceComplications!O8/IncidenceComplications!M8 -> 0.0041841004 | S46: =IncidenceComplications!P8/IncidenceComplications!N8 -> 0.010989011 | T46: =R46-S46 -> -0.0068049106 | U46: =ABS(T46)/SQRT(ABS(T46)*(1-ABS(T46))*(1/IncidenceComplications!M8+1/IncidenceComplications!N8)) -> 0.6719804 | V46: =_xlfn.NORM.S.DIST(U46,FALSE) -> 0.31831387 | W46: =IncidenceComplications!W8/IncidenceComplications!$G8 -> 0.031661869 | X46: =IncidenceComplications!X8/IncidenceComplications!$G8 -> 0.0018179064 | Y46: =W46-X46 -> 0.029843963 | Z46: =ABS(Y46)/SQRT(ABS(Y46)*(1-ABS(Y46))*(1/IncidenceComplications!G8+1/IncidenceComplications!G8)) -> 10.076213 | AA46: =_xlfn.NORM.S.DIST(Z46,FALSE) -> 3.5804516e-23 | AB46: =IncidenceComplications!Y8/IncidenceComplications!$W8 -> 0.062200957 | AC46: =IncidenceComplications!Z8/IncidenceComplications!$X8 -> 0 | AD46: =AB46-AC46 -> 0.062200957 | AE46: =ABS(AD46)/SQRT(ABS(AD46)*(1-ABS(AD46))*(1/IncidenceComplications!W8+1/IncidenceComplications!X8)) -> 0.86758347 | AF46: =_xlfn.NORM.S.DIST(AE46,FALSE) -> 0.2738187
B47: 35 to 59 | D47: =IncidenceComplications!D9/IncidenceComplications!C9 -> 0.10844174 | E47: =IncidenceComplications!E9/IncidenceComplications!D9 -> 0.0088226368 | F47: =IncidenceComplications!F9/IncidenceComplications!E9 -> 0.34451608 | G47: =IncidenceComplications!G9/IncidenceComplications!F9 -> 0.97460154 | H47: =H9/G9 -> 0.93226419 | I47: =I9/G9 -> 0.067735809 | J47: =J9/G9 -> 0.88700148 | K47: =K9/G9 -> 0.11299852 | M47: =IncidenceComplications!M9/IncidenceComplications!$G9 -> 0.03154674 | N47: =IncidenceComplications!N9/IncidenceComplications!$G9 -> 0.011078287 | O47: =M47-N47 -> 0.020468453 | P47: =O47^2/((M47+N47/2)*(1-(M47+N47/2))*(1/IncidenceComplications!G9+1/IncidenceComplications!G9)) -> 55.598181 | Q47: =_xlfn.NORM.S.DIST(P47,FALSE) -> 0 | R47: =IncidenceComplications!O9/IncidenceComplications!M9 -> 0.0033444816 | S47: =IncidenceComplications!P9/IncidenceComplications!N9 -> 0 | T47: =R47-S47 -> 0.0033444816 | U47: =ABS(T47)/SQRT(ABS(T47)*(1-ABS(T47))*(1/IncidenceComplications!M9+1/IncidenceComplications!N9)) -> 0.51065952 | V47: =_xlfn.NORM.S.DIST(U47,FALSE) -> 0.350174 | W47: =IncidenceComplications!W9/IncidenceComplications!$G9 -> 0.043469086 | X47: =IncidenceComplications!X9/IncidenceComplications!$G9 -> 0.0046423296 | Y47: =W47-X47 -> 0.038826757 | Z47: =ABS(Y47)/SQRT(ABS(Y47)*(1-ABS(Y47))*(1/IncidenceComplications!G9+1/IncidenceComplications!G9)) -> 13.835921 | AA47: =_xlfn.NORM.S.DIST(Z47,FALSE) -> 1.0760315e-42 | AB47: =IncidenceComplications!Y9/IncidenceComplications!$W9 -> 0.055825243 | AC47: =IncidenceComplications!Z9/IncidenceComplications!$X9 -> 0.022727273 | AD47: =AB47-AC47 -> 0.03309797 | AE47: =ABS(AD47)/SQRT(ABS(AD47)*(1-ABS(AD47))*(1/IncidenceComplications!W9+1/IncidenceComplications!X9)) -> 1.1665463 | AF47: =_xlfn.NORM.S.DIST(AE47,FALSE) -> 0.20202706
B48: 60 plus | D48: =IncidenceComplications!D10/IncidenceComplications!C10 -> 0.064674065 | E48: =IncidenceComplications!E10/IncidenceComplications!D10 -> 0.0049931077 | F48: =IncidenceComplications!F10/IncidenceComplications!E10 -> 0.36881153 | G48: =IncidenceComplications!G10/IncidenceComplications!F10 -> 0.9589942 | H48: =H10/G10 -> 0.94271884 | I48: =I10/G10 -> 0.057281162 | J48: =J10/G10 -> 0.92174264 | K48: =K10/G10 -> 0.078257362 | M48: =IncidenceComplications!M10/IncidenceComplications!$G10 -> 0.037918516 | N48: =IncidenceComplications!N10/IncidenceComplications!$G10 -> 0.0076643808 | O48: =M48-N48 -> 0.030254135 | P48: =O48^2/((M48+N48/2)*(1-(M48+N48/2))*(1/IncidenceComplications!G10+1/IncidenceComplications!G10)) -> 28.357874 | Q48: =_xlfn.NORM.S.DIST(P48,FALSE) -> 9.5021682e-176 | R48: =IncidenceComplications!O10/IncidenceComplications!M10 -> 0 | S48: =IncidenceComplications!P10/IncidenceComplications!N10 -> 0 | T48: =R48-S48 -> 0 | U48: =ABS(T48)/SQRT(ABS(T48)*(1-ABS(T48))*(1/IncidenceComplications!M10+1/IncidenceComplications!N10)) -> #DIV/0! | V48: =_xlfn.NORM.S.DIST(U48,FALSE) -> #DIV/0! | W48: =IncidenceComplications!W10/IncidenceComplications!$G10 -> 0.091569181 | X48: =IncidenceComplications!X10/IncidenceComplications!$G10 -> 0.0084711577 | Y48: =W48-X48 -> 0.083098023 | Z48: =ABS(Y48)/SQRT(ABS(Y48)*(1-ABS(Y48))*(1/IncidenceComplications!G10+1/IncidenceComplications!G10)) -> 10.598811 | AA48: =_xlfn.NORM.S.DIST(Z48,FALSE) -> 1.6133115e-25 | AB48: =IncidenceComplications!Y10/IncidenceComplications!$W10 -> 0.074889868 | AC48: =IncidenceComplications!Z10/IncidenceComplications!$X10 -> 0.047619048 | AD48: =AB48-AC48 -> 0.02727082 | AE48: =ABS(AD48)/SQRT(ABS(AD48)*(1-ABS(AD48))*(1/IncidenceComplications!W10+1/IncidenceComplications!X10)) -> 0.73409094 | AF48: =_xlfn.NORM.S.DIST(AE48,FALSE) -> 0.3047135
B49: Total | D49: =IncidenceComplications!D11/IncidenceComplications!C11 -> 0.099829037 | E49: =IncidenceComplications!E11/IncidenceComplications!D11 -> 0.0092624245 | F49: =IncidenceComplications!F11/IncidenceComplications!E11 -> 0.33875928 | G49: =IncidenceComplications!G11/IncidenceComplications!F11 -> 0.93969789 | H49: =H11/G11 -> 0.71230276 | I49: =I11/G11 -> 0.28769724 | J49: =J11/G11 -> 0.67530166 | K49: =K11/G11 -> 0.32469834 | M49: =IncidenceComplications!M11/IncidenceComplications!$G11 -> 0.066661041 | N49: =IncidenceComplications!N11/IncidenceComplications!$G11 -> 0.032782044 | O49: =M49-N49 -> 0.033878998 | P49: =O49^2/((M49+N49/2)*(1-(M49+N49/2))*(1/IncidenceComplications!G11+1/IncidenceComplications!G11)) -> 178.61626 | Q49: =_xlfn.NORM.S.DIST(P49,FALSE) -> 0 | R49: =IncidenceComplications!O11/IncidenceComplications!M11 -> 0.0018987342 | S49: =IncidenceComplications!P11/IncidenceComplications!N11 -> 0.0051480051 | T49: =R49-S49 -> -0.003249271 | U49: =ABS(T49)/SQRT(ABS(T49)*(1-ABS(T49))*(1/IncidenceComplications!M11+1/IncidenceComplications!N11)) -> 1.3030436 | V49: =_xlfn.NORM.S.DIST(U49,FALSE) -> 0.17069109 | W49: =IncidenceComplications!W11/IncidenceComplications!$G11 -> 0.0539195 | X49: =IncidenceComplications!X11/IncidenceComplications!$G11 -> 0.0076786769 | Y49: =W49-X49 -> 0.046240824 | Z49: =ABS(Y49)/SQRT(ABS(Y49)*(1-ABS(Y49))*(1/IncidenceComplications!G11+1/IncidenceComplications!G11)) -> 23.970159 | AA49: =_xlfn.NORM.S.DIST(Z49,FALSE) -> 6.8381852e-126 | AB49: =IncidenceComplications!Y11/IncidenceComplications!$W11 -> 0.06885759 | AC49: =IncidenceComplications!Z11/IncidenceComplications!$X11 -> 0.049450549 | AD49: =AB49-AC49 -> 0.019407041 | AE49: =ABS(AD49)/SQRT(ABS(AD49)*(1-ABS(AD49))*(1/IncidenceComplications!W11+1/IncidenceComplications!X11)) -> 1.7756606 | AF49: =_xlfn.NORM.S.DIST(AE49,FALSE) -> 0.082461492
A50: 2013 | B50: 0 to 1 | D50: =IncidenceComplications!D12/IncidenceComplications!C12 -> 0.12281493 | E50: =IncidenceComplications!E12/IncidenceComplications!D12 -> 0.029778847 | F50: =IncidenceComplications!F12/IncidenceComplications!E12 -> 0.16476705 | G50: =IncidenceComplications!G12/IncidenceComplications!F12 -> 0.90533981 | H50: =H12/G12 -> 0 | I50: =I12/G12 -> 1 | J50: =J12/G12 -> 0.0013404826 | K50: =K12/G12 -> 0.99865952 | M50: =IncidenceComplications!M12/IncidenceComplications!$G12 -> 0.27882038 | N50: =IncidenceComplications!N12/IncidenceComplications!$G12 -> 0.15549598 | O50: =M50-N50 -> 0.1233244 | P50: =O50^2/((M50+N50/2)*(1-(M50+N50/2))*(1/IncidenceComplications!G12+1/IncidenceComplications!G12)) -> 24.726441 | Q50: =_xlfn.NORM.S.DIST(P50,FALSE) -> 6.8827558e-134 | R50: =IncidenceComplications!O12/IncidenceComplications!M12 -> 0 | S50: =IncidenceComplications!P12/IncidenceComplications!N12 -> 0 | T50: =R50-S50 -> 0 | U50: =ABS(T50)/SQRT(ABS(T50)*(1-ABS(T50))*(1/IncidenceComplications!M12+1/IncidenceComplications!N12)) -> #DIV/0! | V50: =_xlfn.NORM.S.DIST(U50,FALSE) -> #DIV/0! | W50: =IncidenceComplications!W12/IncidenceComplications!$G12 -> 0.13538874 | X50: =IncidenceComplications!X12/IncidenceComplications!$G12 -> 0.033512064 | Y50: =W50-X50 -> 0.10187668 | Z50: =ABS(Y50)/SQRT(ABS(Y50)*(1-ABS(Y50))*(1/IncidenceComplications!G12+1/IncidenceComplications!G12)) -> 6.5046482 | AA50: =_xlfn.NORM.S.DIST(Z50,FALSE) -> 2.5900794e-10 | AB50: =IncidenceComplications!Y12/IncidenceComplications!$W12 -> 0.15841584 | AC50: =IncidenceComplications!Z12/IncidenceComplications!$X12 -> 0.2 | AD50: =AB50-AC50 -> -0.041584158 | AE50: =ABS(AD50)/SQRT(ABS(AD50)*(1-ABS(AD50))*(1/IncidenceComplications!W12+1/IncidenceComplications!X12)) -> 0.93246467 | AF50: =_xlfn.NORM.S.DIST(AE50,FALSE) -> 0.25828705
B51: 2 to 5 | D51: =IncidenceComplications!D13/IncidenceComplications!C13 -> 0.11429168 | E51: =IncidenceComplications!E13/IncidenceComplications!D13 -> 0.038888038 | F51: =IncidenceComplications!F13/IncidenceComplications!E13 -> 0.34449643 | G51: =IncidenceComplications!G13/IncidenceComplications!F13 -> 0.82678103 | H51: =H13/G13 -> 0.0063400576 | I51: =I13/G13 -> 0.99365994 | J51: =J13/G13 -> 0.0066282421 | K51: =K13/G13 -> 0.99337176 | M51: =IncidenceComplications!M13/IncidenceComplications!$G13 -> 0.34092219 | N51: =IncidenceComplications!N13/IncidenceComplications!$G13 -> 0.25417867 | O51: =M51-N51 -> 0.086743516 | P51: =O51^2/((M51+N51/2)*(1-(M51+N51/2))*(1/IncidenceComplications!G13+1/IncidenceComplications!G13)) -> 52.434212 | Q51: =_xlfn.NORM.S.DIST(P51,FALSE) -> 0 | R51: =IncidenceComplications!O13/IncidenceComplications!M13 -> 0.0016906171 | S51: =IncidenceComplications!P13/IncidenceComplications!N13 -> 0.0011337868 | T51: =R51-S51 -> 0.00055683023 | U51: =ABS(T51)/SQRT(ABS(T51)*(1-ABS(T51))*(1/IncidenceComplications!M13+1/IncidenceComplications!N13)) -> 0.53057769 | V51: =_xlfn.NORM.S.DIST(U51,FALSE) -> 0.34656154 | W51: =IncidenceComplications!W13/IncidenceComplications!$G13 -> 0.11700288 | X51: =IncidenceComplications!X13/IncidenceComplications!$G13 -> 0.037463977 | Y51: =W51-X51 -> 0.079538905 | Z51: =ABS(Y51)/SQRT(ABS(Y51)*(1-ABS(Y51))*(1/IncidenceComplications!G13+1/IncidenceComplications!G13)) -> 12.244381 | AA51: =_xlfn.NORM.S.DIST(Z51,FALSE) -> 1.1095339e-33 | AB51: =IncidenceComplications!Y13/IncidenceComplications!$W13 -> 0.10344828 | AC51: =IncidenceComplications!Z13/IncidenceComplications!$X13 -> 0.069230769 | AD51: =AB51-AC51 -> 0.034217507 | AE51: =ABS(AD51)/SQRT(ABS(AD51)*(1-ABS(AD51))*(1/IncidenceComplications!W13+1/IncidenceComplications!X13)) -> 1.8678277 | AF51: =_xlfn.NORM.S.DIST(AE51,FALSE) -> 0.069715772
B52: 6 to 9 | D52: =IncidenceComplications!D14/IncidenceComplications!C14 -> 0.11033416 | E52: =IncidenceComplications!E14/IncidenceComplications!D14 -> 0.029156906 | F52: =IncidenceComplications!F14/IncidenceComplications!E14 -> 0.35981725 | G52: =IncidenceComplications!G14/IncidenceComplications!F14 -> 0.90213688 | H52: =H14/G14 -> 0.010298661 | I52: =I14/G14 -> 0.98970134 | J52: =J14/G14 -> 0.0089255064 | K52: =K14/G14 -> 0.99107449 | M52: =IncidenceComplications!M14/IncidenceComplications!$G14 -> 0.1579128 | N52: =IncidenceComplications!N14/IncidenceComplications!$G14 -> 0.10916581 | O52: =M52-N52 -> 0.048746996 | P52: =O52^2/((M52+N52/2)*(1-(M52+N52/2))*(1/IncidenceComplications!G14+1/IncidenceComplications!G14)) -> 20.682504 | Q52: =_xlfn.NORM.S.DIST(P52,FALSE) -> 5.1607204e-94 | R52: =IncidenceComplications!O14/IncidenceComplications!M14 -> 0.002173913 | S52: =IncidenceComplications!P14/IncidenceComplications!N14 -> 0.0031446541 | T52: =R52-S52 -> -0.00097074104 | U52: =ABS(T52)/SQRT(ABS(T52)*(1-ABS(T52))*(1/IncidenceComplications!M14+1/IncidenceComplications!N14)) -> 0.42743026 | V52: =_xlfn.NORM.S.DIST(U52,FALSE) -> 0.36411452 | W52: =IncidenceComplications!W14/IncidenceComplications!$G14 -> 0.056642636 | X52: =IncidenceComplications!X14/IncidenceComplications!$G14 -> 0.014761414 | Y52: =W52-X52 -> 0.041881222 | Z52: =ABS(Y52)/SQRT(ABS(Y52)*(1-ABS(Y52))*(1/IncidenceComplications!G14+1/IncidenceComplications!G14)) -> 7.9791245 | AA52: =_xlfn.NORM.S.DIST(Z52,FALSE) -> 5.9692659e-15 | AB52: =IncidenceComplications!Y14/IncidenceComplications!$W14 -> 0.054545455 | AC52: =IncidenceComplications!Z14/IncidenceComplications!$X14 -> 0.069767442 | AD52: =AB52-AC52 -> -0.015221987 | AE52: =ABS(AD52)/SQRT(ABS(AD52)*(1-ABS(AD52))*(1/IncidenceComplications!W14+1/IncidenceComplications!X14)) -> 0.72612441 | AF52: =_xlfn.NORM.S.DIST(AE52,FALSE) -> 0.30649101
B53: 10 to 17 | D53: =IncidenceComplications!D15/IncidenceComplications!C15 -> 0.11805499 | E53: =IncidenceComplications!E15/IncidenceComplications!D15 -> 0.020452993 | F53: =IncidenceComplications!F15/IncidenceComplications!E15 -> 0.33856262 | G53: =IncidenceComplications!G15/IncidenceComplications!F15 -> 0.9350495 | H53: =H15/G15 -> 0.0484964 | I53: =I15/G15 -> 0.9515036 | J53: =J15/G15 -> 0.043837357 | K53: =K15/G15 -> 0.95616264 | M53: =IncidenceComplications!M15/IncidenceComplications!$G15 -> 0.070520966 | N53: =IncidenceComplications!N15/IncidenceComplications!$G15 -> 0.03218975 | O53: =M53-N53 -> 0.038331216 | P53: =O53^2/((M53+N53/2)*(1-(M53+N53/2))*(1/IncidenceComplications!G15+1/IncidenceComplications!G15)) -> 43.848059 | Q53: =_xlfn.NORM.S.DIST(P53,FALSE) -> 0 | R53: =IncidenceComplications!O15/IncidenceComplications!M15 -> 0.003003003 | S53: =IncidenceComplications!P15/IncidenceComplications!N15 -> 0 | T53: =R53-S53 -> 0.003003003 | U53: =ABS(T53)/SQRT(ABS(T53)*(1-ABS(T53))*(1/IncidenceComplications!M15+1/IncidenceComplications!N15)) -> 0.56066571 | V53: =_xlfn.NORM.S.DIST(U53,FALSE) -> 0.34091859 | W53: =IncidenceComplications!W15/IncidenceComplications!$G15 -> 0.037695892 | X53: =IncidenceComplications!X15/IncidenceComplications!$G15 -> 0.0057179161 | Y53: =W53-X53 -> 0.031977975 | Z53: =ABS(Y53)/SQRT(ABS(Y53)*(1-ABS(Y53))*(1/IncidenceComplications!G15+1/IncidenceComplications!G15)) -> 8.8314265 | AA53: =_xlfn.NORM.S.DIST(Z53,FALSE) -> 4.6207015e-18 | AB53: =IncidenceComplications!Y15/IncidenceComplications!$W15 -> 0.028089888 | AC53: =IncidenceComplications!Z15/IncidenceComplications!$X15 -> 0 | AD53: =AB53-AC53 -> 0.028089888 | AE53: =ABS(AD53)/SQRT(ABS(AD53)*(1-ABS(AD53))*(1/IncidenceComplications!W15+1/IncidenceComplications!X15)) -> 0.82314606 | AF53: =_xlfn.NORM.S.DIST(AE53,FALSE) -> 0.28430057
B54: 18 to 34 | D54: =IncidenceComplications!D16/IncidenceComplications!C16 -> 0.12774082 | E54: =IncidenceComplications!E16/IncidenceComplications!D16 -> 0.017398015 | F54: =IncidenceComplications!F16/IncidenceComplications!E16 -> 0.33308507 | G54: =IncidenceComplications!G16/IncidenceComplications!F16 -> 0.97879917 | H54: =H16/G16 -> 0.85379474 | I54: =I16/G16 -> 0.14620526 | J54: =J16/G16 -> 0.7957526 | K54: =K16/G16 -> 0.2042474 | M54: =IncidenceComplications!M16/IncidenceComplications!$G16 -> 0.034605297 | N54: =IncidenceComplications!N16/IncidenceComplications!$G16 -> 0.013875962 | O54: =M54-N54 -> 0.020729334 | P54: =O54^2/((M54+N54/2)*(1-(M54+N54/2))*(1/IncidenceComplications!G16+1/IncidenceComplications!G16)) -> 63.774663 | Q54: =_xlfn.NORM.S.DIST(P54,FALSE) -> 0 | R54: =IncidenceComplications!O16/IncidenceComplications!M16 -> 0.0073349633 | S54: =IncidenceComplications!P16/IncidenceComplications!N16 -> 0.006097561 | T54: =R54-S54 -> 0.0012374023 | U54: =ABS(T54)/SQRT(ABS(T54)*(1-ABS(T54))*(1/IncidenceComplications!M16+1/IncidenceComplications!N16)) -> 0.38082952 | V54: =_xlfn.NORM.S.DIST(U54,FALSE) -> 0.37103678 | W54: =IncidenceComplications!W16/IncidenceComplications!$G16 -> 0.024282934 | X54: =IncidenceComplications!X16/IncidenceComplications!$G16 -> 0.0026228953 | Y54: =W54-X54 -> 0.021660039 | Z54: =ABS(Y54)/SQRT(ABS(Y54)*(1-ABS(Y54))*(1/IncidenceComplications!G16+1/IncidenceComplications!G16)) -> 11.438263 | AA54: =_xlfn.NORM.S.DIST(Z54,FALSE) -> 1.551304e-29 | AB54: =IncidenceComplications!Y16/IncidenceComplications!$W16 -> 0.041811847 | AC54: =IncidenceComplications!Z16/IncidenceComplications!$X16 -> 0.096774194 | AD54: =AB54-AC54 -> -0.054962347 | AE54: =ABS(AD54)/SQRT(ABS(AD54)*(1-ABS(AD54))*(1/IncidenceComplications!W16+1/IncidenceComplications!X16)) -> 1.2756053 | AF54: =_xlfn.NORM.S.DIST(AE54,FALSE) -> 0.17683769
B55: 35 to 59 | D55: =IncidenceComplications!D17/IncidenceComplications!C17 -> 0.11295997 | E55: =IncidenceComplications!E17/IncidenceComplications!D17 -> 0.018506159 | F55: =IncidenceComplications!F17/IncidenceComplications!E17 -> 0.34264632 | G55: =IncidenceComplications!G17/IncidenceComplications!F17 -> 0.98989659 | H55: =H17/G17 -> 0.93823374 | I55: =I17/G17 -> 0.061766256 | J55: =J17/G17 -> 0.89640136 | K55: =K17/G17 -> 0.10359864 | M55: =IncidenceComplications!M17/IncidenceComplications!$G17 -> 0.028750779 | N55: =IncidenceComplications!N17/IncidenceComplications!$G17 -> 0.011883655 | O55: =M55-N55 -> 0.016867123 | P55: =O55^2/((M55+N55/2)*(1-(M55+N55/2))*(1/IncidenceComplications!G17+1/IncidenceComplications!G17)) -> 88.644365 | Q55: =_xlfn.NORM.S.DIST(P55,FALSE) -> 0 | R55: =IncidenceComplications!O17/IncidenceComplications!M17 -> 0.0066666667 | S55: =IncidenceComplications!P17/IncidenceComplications!N17 -> 0.012096774 | T55: =R55-S55 -> -0.0054301075 | U55: =ABS(T55)/SQRT(ABS(T55)*(1-ABS(T55))*(1/IncidenceComplications!M17+1/IncidenceComplications!N17)) -> 0.9787913 | V55: =_xlfn.NORM.S.DIST(U55,FALSE) -> 0.24710184 | W55: =IncidenceComplications!W17/IncidenceComplications!$G17 -> 0.042503234 | X55: =IncidenceComplications!X17/IncidenceComplications!$G17 -> 0.006756433 | Y55: =W55-X55 -> 0.035746801 | Z55: =ABS(Y55)/SQRT(ABS(Y55)*(1-ABS(Y55))*(1/IncidenceComplications!G17+1/IncidenceComplications!G17)) -> 19.66794 | AA55: =_xlfn.NORM.S.DIST(Z55,FALSE) -> 4.0022834e-85 | AB55: =IncidenceComplications!Y17/IncidenceComplications!$W17 -> 0.046223224 | AC55: =IncidenceComplications!Z17/IncidenceComplications!$X17 -> 0.028368794 | AD55: =AB55-AC55 -> 0.01785443 | AE55: =ABS(AD55)/SQRT(ABS(AD55)*(1-ABS(AD55))*(1/IncidenceComplications!W17+1/IncidenceComplications!X17)) -> 1.4871675 | AF55: =_xlfn.NORM.S.DIST(AE55,FALSE) -> 0.13202393
B56: 60 plus | D56: =IncidenceComplications!D18/IncidenceComplications!C18 -> 0.067685677 | E56: =IncidenceComplications!E18/IncidenceComplications!D18 -> 0.0077176855 | F56: =IncidenceComplications!F18/IncidenceComplications!E18 -> 0.37871784 | G56: =IncidenceComplications!G18/IncidenceComplications!F18 -> 0.97812068 | H56: =H18/G18 -> 0.93713209 | I56: =I18/G18 -> 0.062867907 | J56: =J18/G18 -> 0.92747822 | K56: =K18/G18 -> 0.07252178 | M56: =IncidenceComplications!M18/IncidenceComplications!$G18 -> 0.030138922 | N56: =IncidenceComplications!N18/IncidenceComplications!$G18 -> 0.009418413 | O56: =M56-N56 -> 0.020720509 | P56: =O56^2/((M56+N56/2)*(1-(M56+N56/2))*(1/IncidenceComplications!G18+1/IncidenceComplications!G18)) -> 27.106783 | Q56: =_xlfn.NORM.S.DIST(P56,FALSE) -> 1.1116434e-160 | R56: =IncidenceComplications!O18/IncidenceComplications!M18 -> 0 | S56: =IncidenceComplications!P18/IncidenceComplications!N18 -> 0 | T56: =R56-S56 -> 0 | U56: =ABS(T56)/SQRT(ABS(T56)*(1-ABS(T56))*(1/IncidenceComplications!M18+1/IncidenceComplications!N18)) -> #DIV/0! | V56: =_xlfn.NORM.S.DIST(U56,FALSE) -> #DIV/0! | W56: =IncidenceComplications!W18/IncidenceComplications!$G18 -> 0.085472098 | X56: =IncidenceComplications!X18/IncidenceComplications!$G18 -> 0.0068283494 | Y56: =W56-X56 -> 0.078643749 | Z56: =ABS(Y56)/SQRT(ABS(Y56)*(1-ABS(Y56))*(1/IncidenceComplications!G18+1/IncidenceComplications!G18)) -> 13.46308 | AA56: =_xlfn.NORM.S.DIST(Z56,FALSE) -> 1.7457724e-40 | AB56: =IncidenceComplications!Y18/IncidenceComplications!$W18 -> 0.13774105 | AC56: =IncidenceComplications!Z18/IncidenceComplications!$X18 -> 0.17241379 | AD56: =AB56-AC56 -> -0.034672746 | AE56: =ABS(AD56)/SQRT(ABS(AD56)*(1-ABS(AD56))*(1/IncidenceComplications!W18+1/IncidenceComplications!X18)) -> 0.98212353 | AF56: =_xlfn.NORM.S.DIST(AE56,FALSE) -> 0.24629584
B57: Total | D57: =IncidenceComplications!D19/IncidenceComplications!C19 -> 0.10415331 | E57: =IncidenceComplications!E19/IncidenceComplications!D19 -> 0.017869049 | F57: =IncidenceComplications!F19/IncidenceComplications!E19 -> 0.33794356 | G57: =IncidenceComplications!G19/IncidenceComplications!F19 -> 0.96037324 | H57: =H19/G19 -> 0.69552741 | I57: =I19/G19 -> 0.30447259 | J57: =J19/G19 -> 0.66223917 | K57: =K19/G19 -> 0.33776083 | M57: =IncidenceComplications!M19/IncidenceComplications!$G19 -> 0.068072808 | N57: =IncidenceComplications!N19/IncidenceComplications!$G19 -> 0.039355553 | O57: =M57-N57 -> 0.028717255 | P57: =O57^2/((M57+N57/2)*(1-(M57+N57/2))*(1/IncidenceComplications!G19+1/IncidenceComplications!G19)) -> 251.29709 | Q57: =_xlfn.NORM.S.DIST(P57,FALSE) -> 0 | R57: =IncidenceComplications!O19/IncidenceComplications!M19 -> 0.0033122553 | S57: =IncidenceComplications!P19/IncidenceComplications!N19 -> 0.003125 | T57: =R57-S57 -> 0.00018725534 | U57: =ABS(T57)/SQRT(ABS(T57)*(1-ABS(T57))*(1/IncidenceComplications!M19+1/IncidenceComplications!N19)) -> 0.47734871 | V57: =_xlfn.NORM.S.DIST(U57,FALSE) -> 0.35598402 | W57: =IncidenceComplications!W19/IncidenceComplications!$G19 -> 0.048927971 | X57: =IncidenceComplications!X19/IncidenceComplications!$G19 -> 0.0087320133 | Y57: =W57-X57 -> 0.040195958 | Z57: =ABS(Y57)/SQRT(ABS(Y57)*(1-ABS(Y57))*(1/IncidenceComplications!G19+1/IncidenceComplications!G19)) -> 31.961894 | AA57: =_xlfn.NORM.S.DIST(Z57,FALSE) -> 5.9073171e-223 | AB57: =IncidenceComplications!Y19/IncidenceComplications!$W19 -> 0.073313783 | AC57: =IncidenceComplications!Z19/IncidenceComplications!$X19 -> 0.068075117 | AD57: =AB57-AC57 -> 0.0052386656 | AE57: =ABS(AD57)/SQRT(ABS(AD57)*(1-ABS(AD57))*(1/IncidenceComplications!W19+1/IncidenceComplications!X19)) -> 1.3797393 | AF57: =_xlfn.NORM.S.DIST(AE57,FALSE) -> 0.15400368
A58: 2014 | B58: 0 to 1 | D58: =IncidenceComplications!D20/IncidenceComplications!C20 -> 0.12886399 | E58: =IncidenceComplications!E20/IncidenceComplications!D20 -> 0.014456123 | F58: =IncidenceComplications!F20/IncidenceComplications!E20 -> 0.20942607 | G58: =IncidenceComplications!G20/IncidenceComplications!F20 -> 0.85480944 | H58: =H20/G20 -> 0.0021231423 | I58: =I20/G20 -> 0.99787686 | J58: =J20/G20 -> 0 | K58: =K20/G20 -> 1 | M58: =IncidenceComplications!M20/IncidenceComplications!$G20 -> 0.31210191 | N58: =IncidenceComplications!N20/IncidenceComplications!$G20 -> 0.14437367 | O58: =M58-N58 -> 0.16772824 | P58: =O58^2/((M58+N58/2)*(1-(M58+N58/2))*(1/IncidenceComplications!G20+1/IncidenceComplications!G20)) -> 28.000676 | Q58: =_xlfn.NORM.S.DIST(P58,FALSE) -> 2.2348524e-171 | R58: =IncidenceComplications!O20/IncidenceComplications!M20 -> 0.027210884 | S58: =IncidenceComplications!P20/IncidenceComplications!N20 -> 0 | T58: =R58-S58 -> 0.027210884 | U58: =ABS(T58)/SQRT(ABS(T58)*(1-ABS(T58))*(1/IncidenceComplications!M20+1/IncidenceComplications!N20)) -> 1.1403965 | V58: =_xlfn.NORM.S.DIST(U58,FALSE) -> 0.20821364 | W58: =IncidenceComplications!W20/IncidenceComplications!$G20 -> 0.10828025 | X58: =IncidenceComplications!X20/IncidenceComplications!$G20 -> 0.023354565 | Y58: =W58-X58 -> 0.08492569 | Z58: =ABS(Y58)/SQRT(ABS(Y58)*(1-ABS(Y58))*(1/IncidenceComplications!G20+1/IncidenceComplications!G20)) -> 4.675056 | AA58: =_xlfn.NORM.S.DIST(Z58,FALSE) -> 7.1599126e-06 | AB58: =IncidenceComplications!Y20/IncidenceComplications!$W20 -> 0 | AC58: =IncidenceComplications!Z20/IncidenceComplications!$X20 -> 0 | AD58: =AB58-AC58 -> 0 | AE58: =ABS(AD58)/SQRT(ABS(AD58)*(1-ABS(AD58))*(1/IncidenceComplications!W20+1/IncidenceComplications!X20)) -> #DIV/0! | AF58: =_xlfn.NORM.S.DIST(AE58,FALSE) -> #DIV/0!
B59: 2 to 5 | D59: =IncidenceComplications!D21/IncidenceComplications!C21 -> 0.12206799 | E59: =IncidenceComplications!E21/IncidenceComplications!D21 -> 0.012786859 | F59: =IncidenceComplications!F21/IncidenceComplications!E21 -> 0.37415913 | G59: =IncidenceComplications!G21/IncidenceComplications!F21 -> 0.8183509 | H59: =H21/G21 -> 0.0037878788 | I59: =I21/G21 -> 0.99621212 | J59: =J21/G21 -> 0.0060606061 | K59: =K21/G21 -> 0.99393939 | M59: =IncidenceComplications!M21/IncidenceComplications!$G21 -> 0.33712121 | N59: =IncidenceComplications!N21/IncidenceComplications!$G21 -> 0.20757576 | O59: =M59-N59 -> 0.12954545 | P59: =O59^2/((M59+N59/2)*(1-(M59+N59/2))*(1/IncidenceComplications!G21+1/IncidenceComplications!G21)) -> 44.93211 | Q59: =_xlfn.NORM.S.DIST(P59,FALSE) -> 0 | R59: =IncidenceComplications!O21/IncidenceComplications!M21 -> 0.002247191 | S59: =IncidenceComplications!P21/IncidenceComplications!N21 -> 0.003649635 | T59: =R59-S59 -> -0.001402444 | U59: =ABS(T59)/SQRT(ABS(T59)*(1-ABS(T59))*(1/IncidenceComplications!M21+1/IncidenceComplications!N21)) -> 0.48802083 | V59: =_xlfn.NORM.S.DIST(U59,FALSE) -> 0.35415497 | W59: =IncidenceComplications!W21/IncidenceComplications!$G21 -> 0.12272727 | X59: =IncidenceComplications!X21/IncidenceComplications!$G21 -> 0.031818182 | Y59: =W59-X59 -> 0.090909091 | Z59: =ABS(Y59)/SQRT(ABS(Y59)*(1-ABS(Y59))*(1/IncidenceComplications!G21+1/IncidenceComplications!G21)) -> 8.1240384 | AA59: =_xlfn.NORM.S.DIST(Z59,FALSE) -> 1.8586267e-15 | AB59: =IncidenceComplications!Y21/IncidenceComplications!$W21 -> 0.11111111 | AC59: =IncidenceComplications!Z21/IncidenceComplications!$X21 -> 0.023809524 | AD59: =AB59-AC59 -> 0.087301587 | AE59: =ABS(AD59)/SQRT(ABS(AD59)*(1-ABS(AD59))*(1/IncidenceComplications!W21+1/IncidenceComplications!X21)) -> 1.7861359 | AF59: =_xlfn.NORM.S.DIST(AE59,FALSE) -> 0.080937405
B60: 6 to 9 | D60: =IncidenceComplications!D22/IncidenceComplications!C22 -> 0.11259486 | E60: =IncidenceComplications!E22/IncidenceComplications!D22 -> 0.0081032964 | F60: =IncidenceComplications!F22/IncidenceComplications!E22 -> 0.37138389 | G60: =IncidenceComplications!G22/IncidenceComplications!F22 -> 0.88947368 | H60: =H22/G22 -> 0.0071005917 | I60: =I22/G22 -> 0.99289941 | J60: =J22/G22 -> 0.0035502959 | K60: =K22/G22 -> 0.9964497 | M60: =IncidenceComplications!M22/IncidenceComplications!$G22 -> 0.17751479 | N60: =IncidenceComplications!N22/IncidenceComplications!$G22 -> 0.075739645 | O60: =M60-N60 -> 0.10177515 | P60: =O60^2/((M60+N60/2)*(1-(M60+N60/2))*(1/IncidenceComplications!G22+1/IncidenceComplications!G22)) -> 25.896359 | Q60: =_xlfn.NORM.S.DIST(P60,FALSE) -> 9.4913156e-147 | R60: =IncidenceComplications!O22/IncidenceComplications!M22 -> 0 | S60: =IncidenceComplications!P22/IncidenceComplications!N22 -> 0 | T60: =R60-S60 -> 0 | U60: =ABS(T60)/SQRT(ABS(T60)*(1-ABS(T60))*(1/IncidenceComplications!M22+1/IncidenceComplications!N22)) -> #DIV/0! | V60: =_xlfn.NORM.S.DIST(U60,FALSE) -> #DIV/0! | W60: =IncidenceComplications!W22/IncidenceComplications!$G22 -> 0.080473373 | X60: =IncidenceComplications!X22/IncidenceComplications!$G22 -> 0.015384615 | Y60: =W60-X60 -> 0.065088757 | Z60: =ABS(Y60)/SQRT(ABS(Y60)*(1-ABS(Y60))*(1/IncidenceComplications!G22+1/IncidenceComplications!G22)) -> 5.4235189 | AA60: =_xlfn.NORM.S.DIST(Z60,FALSE) -> 1.6353856e-07 | AB60: =IncidenceComplications!Y22/IncidenceComplications!$W22 -> 0.058823529 | AC60: =IncidenceComplications!Z22/IncidenceComplications!$X22 -> 0 | AD60: =AB60-AC60 -> 0.058823529 | AE60: =ABS(AD60)/SQRT(ABS(AD60)*(1-ABS(AD60))*(1/IncidenceComplications!W22+1/IncidenceComplications!X22)) -> 0.82589271 | AF60: =_xlfn.NORM.S.DIST(AE60,FALSE) -> 0.28365745
B61: 10 to 17 | D61: =IncidenceComplications!D23/IncidenceComplications!C23 -> 0.12148387 | E61: =IncidenceComplications!E23/IncidenceComplications!D23 -> 0.0081146219 | F61: =IncidenceComplications!F23/IncidenceComplications!E23 -> 0.30676368 | G61: =IncidenceComplications!G23/IncidenceComplications!F23 -> 0.89002695 | H61: =H23/G23 -> 0.068443368 | I61: =I23/G23 -> 0.93155663 | J61: =J23/G23 -> 0.043609933 | K61: =K23/G23 -> 0.95639007 | M61: =IncidenceComplications!M23/IncidenceComplications!$G23 -> 0.073894609 | N61: =IncidenceComplications!N23/IncidenceComplications!$G23 -> 0.031496063 | O61: =M61-N61 -> 0.042398546 | P61: =O61^2/((M61+N61/2)*(1-(M61+N61/2))*(1/IncidenceComplications!G23+1/IncidenceComplications!G23)) -> 18.184127 | Q61: =_xlfn.NORM.S.DIST(P61,FALSE) -> 6.2872986e-73 | R61: =IncidenceComplications!O23/IncidenceComplications!M23 -> 0 | S61: =IncidenceComplications!P23/IncidenceComplications!N23 -> 0 | T61: =R61-S61 -> 0 | U61: =ABS(T61)/SQRT(ABS(T61)*(1-ABS(T61))*(1/IncidenceComplications!M23+1/IncidenceComplications!N23)) -> #DIV/0! | V61: =_xlfn.NORM.S.DIST(U61,FALSE) -> #DIV/0! | W61: =IncidenceComplications!W23/IncidenceComplications!$G23 -> 0.052695336 | X61: =IncidenceComplications!X23/IncidenceComplications!$G23 -> 0.0024227741 | Y61: =W61-X61 -> 0.050272562 | Z61: =ABS(Y61)/SQRT(ABS(Y61)*(1-ABS(Y61))*(1/IncidenceComplications!G23+1/IncidenceComplications!G23)) -> 6.6103515 | AA61: =_xlfn.NORM.S.DIST(Z61,FALSE) -> 1.2950362e-10 | AB61: =IncidenceComplications!Y23/IncidenceComplications!$W23 -> 0.034482759 | AC61: =IncidenceComplications!Z23/IncidenceComplications!$X23 -> 0 | AD61: =AB61-AC61 -> 0.034482759 | AE61: =ABS(AD61)/SQRT(ABS(AD61)*(1-ABS(AD61))*(1/IncidenceComplications!W23+1/IncidenceComplications!X23)) -> 0.36956421 | AF61: =_xlfn.NORM.S.DIST(AE61,FALSE) -> 0.37260836
B62: 18 to 34 | D62: =IncidenceComplications!D24/IncidenceComplications!C24 -> 0.13533749 | E62: =IncidenceComplications!E24/IncidenceComplications!D24 -> 0.0093335714 | F62: =IncidenceComplications!F24/IncidenceComplications!E24 -> 0.33403836 | G62: =IncidenceComplications!G24/IncidenceComplications!F24 -> 0.95538926 | H62: =H24/G24 -> 0.85675554 | I62: =I24/G24 -> 0.14324446 | J62: =J24/G24 -> 0.7940955 | K62: =K24/G24 -> 0.2059045 | M62: =IncidenceComplications!M24/IncidenceComplications!$G24 -> 0.04051815 | N62: =IncidenceComplications!N24/IncidenceComplications!$G24 -> 0.011899382 | O62: =M62-N62 -> 0.028618768 | P62: =O62^2/((M62+N62/2)*(1-(M62+N62/2))*(1/IncidenceComplications!G24+1/IncidenceComplications!G24)) -> 61.36019 | Q62: =_xlfn.NORM.S.DIST(P62,FALSE) -> 0 | R62: =IncidenceComplications!O24/IncidenceComplications!M24 -> 0.0074349442 | S62: =IncidenceComplications!P24/IncidenceComplications!N24 -> 0 | T62: =R62-S62 -> 0.0074349442 | U62: =ABS(T62)/SQRT(ABS(T62)*(1-ABS(T62))*(1/IncidenceComplications!M24+1/IncidenceComplications!N24)) -> 0.67633121 | V62: =_xlfn.NORM.S.DIST(U62,FALSE) -> 0.31738159 | W62: =IncidenceComplications!W24/IncidenceComplications!$G24 -> 0.024401265 | X62: =IncidenceComplications!X24/IncidenceComplications!$G24 -> 0.0039162524 | Y62: =W62-X62 -> 0.020485013 | Z62: =ABS(Y62)/SQRT(ABS(Y62)*(1-ABS(Y62))*(1/IncidenceComplications!G24+1/IncidenceComplications!G24)) -> 8.3319933 | AA62: =_xlfn.NORM.S.DIST(Z62,FALSE) -> 3.3580704e-16 | AB62: =IncidenceComplications!Y24/IncidenceComplications!$W24 -> 0.030864198 | AC62: =IncidenceComplications!Z24/IncidenceComplications!$X24 -> 0.038461538 | AD62: =AB62-AC62 -> -0.0075973409 | AE62: =ABS(AD62)/SQRT(ABS(AD62)*(1-ABS(AD62))*(1/IncidenceComplications!W24+1/IncidenceComplications!X24)) -> 0.4141447 | AF62: =_xlfn.NORM.S.DIST(AE62,FALSE) -> 0.36615577
B63: 35 to 59 | D63: =IncidenceComplications!D25/IncidenceComplications!C25 -> 0.11809988 | E63: =IncidenceComplications!E25/IncidenceComplications!D25 -> 0.0078946246 | F63: =IncidenceComplications!F25/IncidenceComplications!E25 -> 0.34518767 | G63: =IncidenceComplications!G25/IncidenceComplications!F25 -> 0.97144066 | H63: =H25/G25 -> 0.94490418 | I63: =I25/G25 -> 0.055095819 | J63: =J25/G25 -> 0.90341899 | K63: =K25/G25 -> 0.09658101 | M63: =IncidenceComplications!M25/IncidenceComplications!$G25 -> 0.034407666 | N63: =IncidenceComplications!N25/IncidenceComplications!$G25 -> 0.0083841463 | O63: =M63-N63 -> 0.026023519 | P63: =O63^2/((M63+N63/2)*(1-(M63+N63/2))*(1/IncidenceComplications!G25+1/IncidenceComplications!G25)) -> 83.800253 | Q63: =_xlfn.NORM.S.DIST(P63,FALSE) -> 0 | R63: =IncidenceComplications!O25/IncidenceComplications!M25 -> 0.018987342 | S63: =IncidenceComplications!P25/IncidenceComplications!N25 -> 0 | T63: =R63-S63 -> 0.018987342 | U63: =ABS(T63)/SQRT(ABS(T63)*(1-ABS(T63))*(1/IncidenceComplications!M25+1/IncidenceComplications!N25)) -> 1.0946806 | V63: =_xlfn.NORM.S.DIST(U63,FALSE) -> 0.21912755 | W63: =IncidenceComplications!W25/IncidenceComplications!$G25 -> 0.044969512 | X63: =IncidenceComplications!X25/IncidenceComplications!$G25 -> 0.0038109756 | Y63: =W63-X63 -> 0.041158537 | Z63: =ABS(Y63)/SQRT(ABS(Y63)*(1-ABS(Y63))*(1/IncidenceComplications!G25+1/IncidenceComplications!G25)) -> 14.039689 | AA63: =_xlfn.NORM.S.DIST(Z63,FALSE) -> 6.2862629e-44 | AB63: =IncidenceComplications!Y25/IncidenceComplications!$W25 -> 0.055690073 | AC63: =IncidenceComplications!Z25/IncidenceComplications!$X25 -> 0 | AD63: =AB63-AC63 -> 0.055690073 | AE63: =ABS(AD63)/SQRT(ABS(AD63)*(1-ABS(AD63))*(1/IncidenceComplications!W25+1/IncidenceComplications!X25)) -> 1.3794363 | AF63: =_xlfn.NORM.S.DIST(AE63,FALSE) -> 0.15406806
B64: 60 plus | D64: =IncidenceComplications!D26/IncidenceComplications!C26 -> 0.070664151 | E64: =IncidenceComplications!E26/IncidenceComplications!D26 -> 0.004474801 | F64: =IncidenceComplications!F26/IncidenceComplications!E26 -> 0.37053889 | G64: =IncidenceComplications!G26/IncidenceComplications!F26 -> 0.95587107 | H64: =H26/G26 -> 0.95503814 | I64: =I26/G26 -> 0.044961863 | J64: =J26/G26 -> 0.93617021 | K64: =K26/G26 -> 0.063829787 | M64: =IncidenceComplications!M26/IncidenceComplications!$G26 -> 0.044961863 | N64: =IncidenceComplications!N26/IncidenceComplications!$G26 -> 0.0084303493 | O64: =M64-N64 -> 0.036531513 | P64: =O64^2/((M64+N64/2)*(1-(M64+N64/2))*(1/IncidenceComplications!G26+1/IncidenceComplications!G26)) -> 35.548153 | Q64: =_xlfn.NORM.S.DIST(P64,FALSE) -> 1.5783451e-275 | R64: =IncidenceComplications!O26/IncidenceComplications!M26 -> 0.017857143 | S64: =IncidenceComplications!P26/IncidenceComplications!N26 -> 0 | T64: =R64-S64 -> 0.017857143 | U64: =ABS(T64)/SQRT(ABS(T64)*(1-ABS(T64))*(1/IncidenceComplications!M26+1/IncidenceComplications!N26)) -> 0.56703712 | V64: =_xlfn.NORM.S.DIST(U64,FALSE) -> 0.33969603 | W64: =IncidenceComplications!W26/IncidenceComplications!$G26 -> 0.089923725 | X64: =IncidenceComplications!X26/IncidenceComplications!$G26 -> 0.010437575 | Y64: =W64-X64 -> 0.07948615 | Z64: =ABS(Y64)/SQRT(ABS(Y64)*(1-ABS(Y64))*(1/IncidenceComplications!G26+1/IncidenceComplications!G26)) -> 10.370565 | AA64: =_xlfn.NORM.S.DIST(Z64,FALSE) -> 1.7661298e-24 | AB64: =IncidenceComplications!Y26/IncidenceComplications!$W26 -> 0.066964286 | AC64: =IncidenceComplications!Z26/IncidenceComplications!$X26 -> 0.076923077 | AD64: =AB64-AC64 -> -0.0099587912 | AE64: =ABS(AD64)/SQRT(ABS(AD64)*(1-ABS(AD64))*(1/IncidenceComplications!W26+1/IncidenceComplications!X26)) -> 0.48408024 | AF64: =_xlfn.NORM.S.DIST(AE64,FALSE) -> 0.35483394
B65: Total | D65: =IncidenceComplications!D27/IncidenceComplications!C27 -> 0.1089902 | E65: =IncidenceComplications!E27/IncidenceComplications!D27 -> 0.0079969617 | F65: =IncidenceComplications!F27/IncidenceComplications!E27 -> 0.33881109 | G65: =IncidenceComplications!G27/IncidenceComplications!F27 -> 0.94257236 | H65: =H27/G27 -> 0.74642715 | I65: =I27/G27 -> 0.25357285 | J65: =J27/G27 -> 0.70722534 | K65: =K27/G27 -> 0.29277466 | M65: =IncidenceComplications!M27/IncidenceComplications!$G27 -> 0.06906774 | N65: =IncidenceComplications!N27/IncidenceComplications!$G27 -> 0.028096102 | O65: =M65-N65 -> 0.040971638 | P65: =O65^2/((M65+N65/2)*(1-(M65+N65/2))*(1/IncidenceComplications!G27+1/IncidenceComplications!G27)) -> 248.92372 | Q65: =_xlfn.NORM.S.DIST(P65,FALSE) -> 0 | R65: =IncidenceComplications!O27/IncidenceComplications!M27 -> 0.0096092249 | S65: =IncidenceComplications!P27/IncidenceComplications!N27 -> 0.0015748031 | T65: =R65-S65 -> 0.0080344217 | U65: =ABS(T65)/SQRT(ABS(T65)*(1-ABS(T65))*(1/IncidenceComplications!M27+1/IncidenceComplications!N27)) -> 1.9120584 | V65: =_xlfn.NORM.S.DIST(U65,FALSE) -> 0.06412492 | W65: =IncidenceComplications!W27/IncidenceComplications!$G27 -> 0.051634883 | X65: =IncidenceComplications!X27/IncidenceComplications!$G27 -> 0.0069465953 | Y65: =W65-X65 -> 0.044688288 | Z65: =ABS(Y65)/SQRT(ABS(Y65)*(1-ABS(Y65))*(1/IncidenceComplications!G27+1/IncidenceComplications!G27)) -> 22.991809 | AA65: =_xlfn.NORM.S.DIST(Z65,FALSE) -> 6.4837418e-116 | AB65: =IncidenceComplications!Y27/IncidenceComplications!$W27 -> 0.058269066 | AC65: =IncidenceComplications!Z27/IncidenceComplications!$X27 -> 0.025477707 | AD65: =AB65-AC65 -> 0.032791359 | AE65: =ABS(AD65)/SQRT(ABS(AD65)*(1-ABS(AD65))*(1/IncidenceComplications!W27+1/IncidenceComplications!X27)) -> 2.1660121 | AF65: =_xlfn.NORM.S.DIST(AE65,FALSE) -> 0.03820676
A66: Total | D66: =IncidenceComplications!D28/IncidenceComplications!C28 -> 0.10433698 | E66: =IncidenceComplications!E28/IncidenceComplications!D28 -> 0.011681409 | F66: =IncidenceComplications!F28/IncidenceComplications!E28 -> 0.3383568 | G66: =IncidenceComplications!G28/IncidenceComplications!F28 -> 0.95089 | H66: =H28/G28 -> 0.71180683 | I66: =I28/G28 -> 0.28819317 | J66: =J28/G28 -> 0.67618757 | K66: =K28/G28 -> 0.32381243 | M66: =IncidenceComplications!M28/IncidenceComplications!$G28 -> 0.067957387 | N66: =IncidenceComplications!N28/IncidenceComplications!$G28 -> 0.035040856 | O66: =M66-N66 -> 0.032916531 | P66: =O66^2/((M66+N66/2)*(1-(M66+N66/2))*(1/IncidenceComplications!G28+1/IncidenceComplications!G28)) -> 658.99291 | Q66: =_xlfn.NORM.S.DIST(P66,FALSE) -> 0 | R66: =IncidenceComplications!O28/IncidenceComplications!M28 -> 0.0044877747 | S66: =IncidenceComplications!P28/IncidenceComplications!N28 -> 0.0033013205 | T66: =R66-S66 -> 0.0011864542 | U66: =ABS(T66)/SQRT(ABS(T66)*(1-ABS(T66))*(1/IncidenceComplications!M28+1/IncidenceComplications!N28)) -> 1.6159919 | V66: =_xlfn.NORM.S.DIST(U66,FALSE) -> 0.10810487 | W66: =IncidenceComplications!W28/IncidenceComplications!$G28 -> 0.050815552 | X66: =IncidenceComplications!X28/IncidenceComplications!$G28 -> 0.0080450946 | Y66: =W66-X66 -> 0.042770457 | Z66: =ABS(Y66)/SQRT(ABS(Y66)*(1-ABS(Y66))*(1/IncidenceComplications!G28+1/IncidenceComplications!G28)) -> 46.090778 | AA66: =_xlfn.NORM.S.DIST(Z66,FALSE) -> 0 | AB66: =IncidenceComplications!Y28/IncidenceComplications!$W28 -> 0.068501656 | AC66: =IncidenceComplications!Z28/IncidenceComplications!$X28 -> 0.054901961 | AD66: =AB66-AC66 -> 0.013599695 | AE66: =ABS(AD66)/SQRT(ABS(AD66)*(1-ABS(AD66))*(1/IncidenceComplications!W28+1/IncidenceComplications!X28)) -> 3.0175502 | AF66: =_xlfn.NORM.S.DIST(AE66,FALSE) -> 0.0042038973
A67: Absolute numbers (sums) | B67: 0 to 1 | D67: =IncidenceComplications!D29/IncidenceComplications!C29 -> 0.12280947 | E67: =IncidenceComplications!E29/IncidenceComplications!D29 -> 0.020637383 | F67: =IncidenceComplications!F29/IncidenceComplications!E29 -> 0.18530933 | G67: =IncidenceComplications!G29/IncidenceComplications!F29 -> 0.8749354 | H67: =H29/G29 -> 0.00059066745 | I67: =I29/G29 -> 0.99940933 | J67: =J29/G29 -> 0.00059066745 | K67: =K29/G29 -> 0.99940933 | M67: =IncidenceComplications!M29/IncidenceComplications!$G29 -> 0.28765505 | N67: =IncidenceComplications!N29/IncidenceComplications!$G29 -> 0.14353219 | O67: =M67-N67 -> 0.14412286 | P67: =O67^2/((M67+N67/2)*(1-(M67+N67/2))*(1/IncidenceComplications!G29+1/IncidenceComplications!G29)) -> 76.36889 | Q67: =_xlfn.NORM.S.DIST(P67,FALSE) -> 0 | R67: =IncidenceComplications!O29/IncidenceComplications!M29 -> 0.0082135524 | S67: =IncidenceComplications!P29/IncidenceComplications!N29 -> 0 | T67: =R67-S67 -> 0.0082135524 | U67: =ABS(T67)/SQRT(ABS(T67)*(1-ABS(T67))*(1/IncidenceComplications!M29+1/IncidenceComplications!N29)) -> 1.1586776 | V67: =_xlfn.NORM.S.DIST(U67,FALSE) -> 0.20388372 | W67: =IncidenceComplications!W29/IncidenceComplications!$G29 -> 0.12581217 | X67: =IncidenceComplications!X29/IncidenceComplications!$G29 -> 0.025398701 | Y67: =W67-X67 -> 0.10041347 | Z67: =ABS(Y67)/SQRT(ABS(Y67)*(1-ABS(Y67))*(1/IncidenceComplications!G29+1/IncidenceComplications!G29)) -> 9.7204862 | AA67: =_xlfn.NORM.S.DIST(Z67,FALSE) -> 1.2109703e-21 | AB67: =IncidenceComplications!Y29/IncidenceComplications!$W29 -> 0.098591549 | AC67: =IncidenceComplications!Z29/IncidenceComplications!$X29 -> 0.11627907 | AD67: =AB67-AC67 -> -0.01768752 | AE67: =ABS(AD67)/SQRT(ABS(AD67)*(1-ABS(AD67))*(1/IncidenceComplications!W29+1/IncidenceComplications!X29)) -> 0.80262502 | AF67: =_xlfn.NORM.S.DIST(AE67,FALSE) -> 0.28908284
B68: 2 to 5 | D68: =IncidenceComplications!D30/IncidenceComplications!C30 -> 0.1145173 | E68: =IncidenceComplications!E30/IncidenceComplications!D30 -> 0.023113016 | F68: =IncidenceComplications!F30/IncidenceComplications!E30 -> 0.35521253 | G68: =IncidenceComplications!G30/IncidenceComplications!F30 -> 0.81547389 | H68: =H30/G30 -> 0.0060088552 | I68: =I30/G30 -> 0.99399114 | J68: =J30/G30 -> 0.0061669829 | K68: =K30/G30 -> 0.99383302 | M68: =IncidenceComplications!M30/IncidenceComplications!$G30 -> 0.33554712 | N68: =IncidenceComplications!N30/IncidenceComplications!$G30 -> 0.23481973 | O68: =M68-N68 -> 0.10072739 | P68: =O68^2/((M68+N68/2)*(1-(M68+N68/2))*(1/IncidenceComplications!G30+1/IncidenceComplications!G30)) -> 129.47281 | Q68: =_xlfn.NORM.S.DIST(P68,FALSE) -> 0 | R68: =IncidenceComplications!O30/IncidenceComplications!M30 -> 0.0018850141 | S68: =IncidenceComplications!P30/IncidenceComplications!N30 -> 0.002020202 | T68: =R68-S68 -> -0.00013518788 | U68: =ABS(T68)/SQRT(ABS(T68)*(1-ABS(T68))*(1/IncidenceComplications!M30+1/IncidenceComplications!N30)) -> 0.3436854 | V68: =_xlfn.NORM.S.DIST(U68,FALSE) -> 0.37606309 | W68: =IncidenceComplications!W30/IncidenceComplications!$G30 -> 0.11480076 | X68: =IncidenceComplications!X30/IncidenceComplications!$G30 -> 0.03684377 | Y68: =W68-X68 -> 0.077956989 | Z68: =ABS(Y68)/SQRT(ABS(Y68)*(1-ABS(Y68))*(1/IncidenceComplications!G30+1/IncidenceComplications!G30)) -> 16.350569 | AA68: =_xlfn.NORM.S.DIST(Z68,FALSE) -> 3.5361127e-59 | AB68: =IncidenceComplications!Y30/IncidenceComplications!$W30 -> 0.1046832 | AC68: =IncidenceComplications!Z30/IncidenceComplications!$X30 -> 0.068669528 | AD68: =AB68-AC68 -> 0.036013668 | AE68: =ABS(AD68)/SQRT(ABS(AD68)*(1-ABS(AD68))*(1/IncidenceComplications!W30+1/IncidenceComplications!X30)) -> 2.5670552 | AF68: =_xlfn.NORM.S.DIST(AE68,FALSE) -> 0.014789694
B69: 6 to 9 | D69: =IncidenceComplications!D31/IncidenceComplications!C31 -> 0.11054816 | E69: =IncidenceComplications!E31/IncidenceComplications!D31 -> 0.016112096 | F69: =IncidenceComplications!F31/IncidenceComplications!E31 -> 0.36269257 | G69: =IncidenceComplications!G31/IncidenceComplications!F31 -> 0.89750693 | H69: =H31/G31 -> 0.0080246914 | I69: =I31/G31 -> 0.99197531 | J69: =J31/G31 -> 0.0069958848 | K69: =K31/G31 -> 0.99300412 | M69: =IncidenceComplications!M31/IncidenceComplications!$G31 -> 0.1600823 | N69: =IncidenceComplications!N31/IncidenceComplications!$G31 -> 0.10226337 | O69: =M69-N69 -> 0.05781893 | P69: =O69^2/((M69+N69/2)*(1-(M69+N69/2))*(1/IncidenceComplications!G31+1/IncidenceComplications!G31)) -> 48.760089 | Q69: =_xlfn.NORM.S.DIST(P69,FALSE) -> 0 | R69: =IncidenceComplications!O31/IncidenceComplications!M31 -> 0.001285347 | S69: =IncidenceComplications!P31/IncidenceComplications!N31 -> 0.0060362173 | T69: =R69-S69 -> -0.0047508703 | U69: =ABS(T69)/SQRT(ABS(T69)*(1-ABS(T69))*(1/IncidenceComplications!M31+1/IncidenceComplications!N31)) -> 1.2031883 | V69: =_xlfn.NORM.S.DIST(U69,FALSE) -> 0.19344355 | W69: =IncidenceComplications!W31/IncidenceComplications!$G31 -> 0.066666667 | X69: =IncidenceComplications!X31/IncidenceComplications!$G31 -> 0.015843621 | Y69: =W69-X69 -> 0.050823045 | Z69: =ABS(Y69)/SQRT(ABS(Y69)*(1-ABS(Y69))*(1/IncidenceComplications!G31+1/IncidenceComplications!G31)) -> 11.406696 | AA69: =_xlfn.NORM.S.DIST(Z69,FALSE) -> 2.2247993e-29 | AB69: =IncidenceComplications!Y31/IncidenceComplications!$W31 -> 0.064814815 | AC69: =IncidenceComplications!Z31/IncidenceComplications!$X31 -> 0.051948052 | AD69: =AB69-AC69 -> 0.012866763 | AE69: =ABS(AD69)/SQRT(ABS(AD69)*(1-ABS(AD69))*(1/IncidenceComplications!W31+1/IncidenceComplications!X31)) -> 0.90051809 | AF69: =_xlfn.NORM.S.DIST(AE69,FALSE) -> 0.26596117
B70: 10 to 17 | D70: =IncidenceComplications!D32/IncidenceComplications!C32 -> 0.11820146 | E70: =IncidenceComplications!E32/IncidenceComplications!D32 -> 0.012818546 | F70: =IncidenceComplications!F32/IncidenceComplications!E32 -> 0.32714708 | G70: =IncidenceComplications!G32/IncidenceComplications!F32 -> 0.91517857 | H70: =H32/G32 -> 0.054491374 | I70: =I32/G32 -> 0.94550863 | J70: =J32/G32 -> 0.043426532 | K70: =K32/G32 -> 0.95657347 | M70: =IncidenceComplications!M32/IncidenceComplications!$G32 -> 0.072456871 | N70: =IncidenceComplications!N32/IncidenceComplications!$G32 -> 0.031290898 | O70: =M70-N70 -> 0.041165973 | P70: =O70^2/((M70+N70/2)*(1-(M70+N70/2))*(1/IncidenceComplications!G32+1/IncidenceComplications!G32)) -> 88.644344 | Q70: =_xlfn.NORM.S.DIST(P70,FALSE) -> 0 | R70: =IncidenceComplications!O32/IncidenceComplications!M32 -> 0.0016420361 | S70: =IncidenceComplications!P32/IncidenceComplications!N32 -> 0 | T70: =R70-S70 -> 0.0016420361 | U70: =ABS(T70)/SQRT(ABS(T70)*(1-ABS(T70))*(1/IncidenceComplications!M32+1/IncidenceComplications!N32)) -> 0.54963767 | V70: =_xlfn.NORM.S.DIST(U70,FALSE) -> 0.34301218 | W70: =IncidenceComplications!W32/IncidenceComplications!$G32 -> 0.045806068 | X70: =IncidenceComplications!X32/IncidenceComplications!$G32 -> 0.0055919096 | Y70: =W70-X70 -> 0.040214158 | Z70: =ABS(Y70)/SQRT(ABS(Y70)*(1-ABS(Y70))*(1/IncidenceComplications!G32+1/IncidenceComplications!G32)) -> 13.26955 | AA70: =_xlfn.NORM.S.DIST(Z70,FALSE) -> 2.3196274e-39 | AB70: =IncidenceComplications!Y32/IncidenceComplications!$W32 -> 0.036363636 | AC70: =IncidenceComplications!Z32/IncidenceComplications!$X32 -> 0 | AD70: =AB70-AC70 -> 0.036363636 | AE70: =ABS(AD70)/SQRT(ABS(AD70)*(1-ABS(AD70))*(1/IncidenceComplications!W32+1/IncidenceComplications!X32)) -> 1.2572293 | AF70: =_xlfn.NORM.S.DIST(AE70,FALSE) -> 0.18100127
B71: 18 to 34 | D71: =IncidenceComplications!D33/IncidenceComplications!C33 -> 0.12813115 | E71: =IncidenceComplications!E33/IncidenceComplications!D33 -> 0.012361711 | F71: =IncidenceComplications!F33/IncidenceComplications!E33 -> 0.3339002 | G71: =IncidenceComplications!G33/IncidenceComplications!F33 -> 0.96689432 | H71: =H33/G33 -> 0.85234846 | I71: =I33/G33 -> 0.14765154 | J71: =J33/G33 -> 0.79380662 | K71: =K33/G33 -> 0.20619338 | M71: =IncidenceComplications!M33/IncidenceComplications!$G33 -> 0.036593639 | N71: =IncidenceComplications!N33/IncidenceComplications!$G33 -> 0.013328545 | O71: =M71-N71 -> 0.023265094 | P71: =O71^2/((M71+N71/2)*(1-(M71+N71/2))*(1/IncidenceComplications!G33+1/IncidenceComplications!G33)) -> 163.86377 | Q71: =_xlfn.NORM.S.DIST(P71,FALSE) -> 0 | R71: =IncidenceComplications!O33/IncidenceComplications!M33 -> 0.0065430752 | S71: =IncidenceComplications!P33/IncidenceComplications!N33 -> 0.005988024 | T71: =R71-S71 -> 0.00055505129 | U71: =ABS(T71)/SQRT(ABS(T71)*(1-ABS(T71))*(1/IncidenceComplications!M33+1/IncidenceComplications!N33)) -> 0.3687367 | V71: =_xlfn.NORM.S.DIST(U71,FALSE) -> 0.3727222 | W71: =IncidenceComplications!W33/IncidenceComplications!$G33 -> 0.026258031 | X71: =IncidenceComplications!X33/IncidenceComplications!$G33 -> 0.0027535017 | Y71: =W71-X71 -> 0.023504529 | Z71: =ABS(Y71)/SQRT(ABS(Y71)*(1-ABS(Y71))*(1/IncidenceComplications!G33+1/IncidenceComplications!G33)) -> 17.366309 | AA71: =_xlfn.NORM.S.DIST(Z71,FALSE) -> 1.2934685e-66 | AB71: =IncidenceComplications!Y33/IncidenceComplications!$W33 -> 0.045592705 | AC71: =IncidenceComplications!Z33/IncidenceComplications!$X33 -> 0.057971014 | AD71: =AB71-AC71 -> -0.012378309 | AE71: =ABS(AD71)/SQRT(ABS(AD71)*(1-ABS(AD71))*(1/IncidenceComplications!W33+1/IncidenceComplications!X33)) -> 0.88471959 | AF71: =_xlfn.NORM.S.DIST(AE71,FALSE) -> 0.26973834
B72: 35 to 59 | D72: =IncidenceComplications!D34/IncidenceComplications!C34 -> 0.11316015 | E72: =IncidenceComplications!E34/IncidenceComplications!D34 -> 0.011722072 | F72: =IncidenceComplications!F34/IncidenceComplications!E34 -> 0.34369104 | G72: =IncidenceComplications!G34/IncidenceComplications!F34 -> 0.98186831 | H72: =H34/G34 -> 0.93835218 | I72: =I34/G34 -> 0.061647821 | J72: =J34/G34 -> 0.895778 | K72: =K34/G34 -> 0.104222 | M72: =IncidenceComplications!M34/IncidenceComplications!$G34 -> 0.030735372 | N72: =IncidenceComplications!N34/IncidenceComplications!$G34 -> 0.010877539 | O72: =M72-N72 -> 0.019857833 | P72: =O72^2/((M72+N72/2)*(1-(M72+N72/2))*(1/IncidenceComplications!G34+1/IncidenceComplications!G34)) -> 223.55002 | Q72: =_xlfn.NORM.S.DIST(P72,FALSE) -> 0 | R72: =IncidenceComplications!O34/IncidenceComplications!M34 -> 0.0090534979 | S72: =IncidenceComplications!P34/IncidenceComplications!N34 -> 0.0069767442 | T72: =R72-S72 -> 0.0020767538 | U72: =ABS(T72)/SQRT(ABS(T72)*(1-ABS(T72))*(1/IncidenceComplications!M34+1/IncidenceComplications!N34)) -> 0.81298653 | V72: =_xlfn.NORM.S.DIST(U72,FALSE) -> 0.28667329 | W72: =IncidenceComplications!W34/IncidenceComplications!$G34 -> 0.043307784 | X72: =IncidenceComplications!X34/IncidenceComplications!$G34 -> 0.0055652526 | Y72: =W72-X72 -> 0.037742531 | Z72: =ABS(Y72)/SQRT(ABS(Y72)*(1-ABS(Y72))*(1/IncidenceComplications!G34+1/IncidenceComplications!G34)) -> 27.843496 | AA72: =_xlfn.NORM.S.DIST(Z72,FALSE) -> 1.800023e-169 | AB72: =IncidenceComplications!Y34/IncidenceComplications!$W34 -> 0.050817757 | AC72: =IncidenceComplications!Z34/IncidenceComplications!$X34 -> 0.022727273 | AD72: =AB72-AC72 -> 0.028090484 | AE72: =ABS(AD72)/SQRT(ABS(AD72)*(1-ABS(AD72))*(1/IncidenceComplications!W34+1/IncidenceComplications!X34)) -> 2.3737029 | AF72: =_xlfn.NORM.S.DIST(AE72,FALSE) -> 0.023845227
B73: 60 plus | D73: =IncidenceComplications!D35/IncidenceComplications!C35 -> 0.067699032 | E73: =IncidenceComplications!E35/IncidenceComplications!D35 -> 0.0057178096 | F73: =IncidenceComplications!F35/IncidenceComplications!E35 -> 0.37374054 | G73: =IncidenceComplications!G35/IncidenceComplications!F35 -> 0.96685199 | H73: =H35/G35 -> 0.94347402 | I73: =I35/G35 -> 0.056525985 | J73: =J35/G35 -> 0.92828469 | K73: =K35/G35 -> 0.071715309 | M73: =IncidenceComplications!M35/IncidenceComplications!$G35 -> 0.036237387 | N73: =IncidenceComplications!N35/IncidenceComplications!$G35 -> 0.0086796138 | O73: =M73-N73 -> 0.027557774 | P73: =O73^2/((M73+N73/2)*(1-(M73+N73/2))*(1/IncidenceComplications!G35+1/IncidenceComplications!G35)) -> 89.899194 | Q73: =_xlfn.NORM.S.DIST(P73,FALSE) -> 0 | R73: =IncidenceComplications!O35/IncidenceComplications!M35 -> 0.005988024 | S73: =IncidenceComplications!P35/IncidenceComplications!N35 -> 0 | T73: =R73-S73 -> 0.005988024 | U73: =ABS(T73)/SQRT(ABS(T73)*(1-ABS(T73))*(1/IncidenceComplications!M35+1/IncidenceComplications!N35)) -> 0.62353956 | V73: =_xlfn.NORM.S.DIST(U73,FALSE) -> 0.32846029 | W73: =IncidenceComplications!W35/IncidenceComplications!$G35 -> 0.08831507 | X73: =IncidenceComplications!X35/IncidenceComplications!$G35 -> 0.0082456331 | Y73: =W73-X73 -> 0.080069437 | Z73: =ABS(Y73)/SQRT(ABS(Y73)*(1-ABS(Y73))*(1/IncidenceComplications!G35+1/IncidenceComplications!G35)) -> 20.027911 | AA73: =_xlfn.NORM.S.DIST(Z73,FALSE) -> 3.1579853e-88 | AB73: =IncidenceComplications!Y35/IncidenceComplications!$W35 -> 0.1007371 | AC73: =IncidenceComplications!Z35/IncidenceComplications!$X35 -> 0.10526316 | AD73: =AB73-AC73 -> -0.0045260572 | AE73: =ABS(AD73)/SQRT(ABS(AD73)*(1-ABS(AD73))*(1/IncidenceComplications!W35+1/IncidenceComplications!X35)) -> 0.56217181 | AF73: =_xlfn.NORM.S.DIST(AE73,FALSE) -> 0.34063045
B74: Total | D74: =IncidenceComplications!D36/IncidenceComplications!C36 -> 0.10433698 | E74: =IncidenceComplications!E36/IncidenceComplications!D36 -> 0.011681409 | F74: =IncidenceComplications!F36/IncidenceComplications!E36 -> 0.3383568 | G74: =IncidenceComplications!G36/IncidenceComplications!F36 -> 0.95089 | H74: =H36/G36 -> 0.71180683 | I74: =I36/G36 -> 0.28819317 | J74: =J36/G36 -> 0.67618757 | K74: =K36/G36 -> 0.32381243 | M74: =IncidenceComplications!M36/IncidenceComplications!$G36 -> 0.067957387 | N74: =IncidenceComplications!N36/IncidenceComplications!$G36 -> 0.035040856 | O74: =M74-N74 -> 0.032916531 | P74: =O74^2/((M74+N74/2)*(1-(M74+N74/2))*(1/IncidenceComplications!G36+1/IncidenceComplications!G36)) -> 658.99291 | Q74: =_xlfn.NORM.S.DIST(P74,FALSE) -> 0 | R74: =IncidenceComplications!O36/IncidenceComplications!M36 -> 0.0044877747 | S74: =IncidenceComplications!P36/IncidenceComplications!N36 -> 0.0033013205 | T74: =R74-S74 -> 0.0011864542 | U74: =ABS(T74)/SQRT(ABS(T74)*(1-ABS(T74))*(1/IncidenceComplications!M36+1/IncidenceComplications!N36)) -> 1.6159919 | V74: =_xlfn.NORM.S.DIST(U74,FALSE) -> 0.10810487 | W74: =IncidenceComplications!W36/IncidenceComplications!$G36 -> 0.050815552 | X74: =IncidenceComplications!X36/IncidenceComplications!$G36 -> 0.0080450946 | Y74: =W74-X74 -> 0.042770457 | Z74: =ABS(Y74)/SQRT(ABS(Y74)*(1-ABS(Y74))*(1/IncidenceComplications!G36+1/IncidenceComplications!G36)) -> 46.090778 | AA74: =_xlfn.NORM.S.DIST(Z74,FALSE) -> 0 | AB74: =IncidenceComplications!Y36/IncidenceComplications!$W36 -> 0.068501656 | AC74: =IncidenceComplications!Z36/IncidenceComplications!$X36 -> 0.054901961 | AD74: =AB74-AC74 -> 0.013599695 | AE74: =ABS(AD74)/SQRT(ABS(AD74)*(1-ABS(AD74))*(1/IncidenceComplications!W36+1/IncidenceComplications!X36)) -> 3.0175502 | AF74: =_xlfn.NORM.S.DIST(AE74,FALSE) -> 0.0042038973
A79: Year | B79: Age group | O79: Difference | P79: Z-test | Q79: p-value | Y79: Difference | Z79: Z-test | AA79: p-value
A80: 2012 vs. 2013 | B80: 0 to 1 | O80: =O42-O50 -> 0.030036948 | P80: =SQRT((O42*(1-O42))/G4+(O50*(1-O50))/G12) -> 0.020437796 | Q80: =_xlfn.CHISQ.DIST.RT(P80,1) -> 0.88632113 | Y80: =Y42-Y50 -> 0.011568703 | Z80: =SQRT((Y42*(1-Y42))/G4+(Y50*(1-Y50))/G12) -> 0.018274144 | AA80: =_xlfn.CHISQ.DIST.RT(Z80,1) -> 0.89246806
B81: 2 to 5 | O81: =O43-O51 -> 0.020818414 | P81: =SQRT((O43*(1-O43))/G5+(O51*(1-O51))/G13) -> 0.0092415481 | Q81: =_xlfn.CHISQ.DIST.RT(P81,1) -> 0.92341497 | Y81: =Y43-Y51 -> -0.016305528 | Z81: =SQRT((Y43*(1-Y43))/G5+(Y51*(1-Y51))/G13) -> 0.0077274428 | AA81: =_xlfn.CHISQ.DIST.RT(Z81,1) -> 0.92995149
B82: 6 to 9 | O82: =O44-O52 -> -0.00065262236 | P82: =SQRT((O44*(1-O44))/G6+(O52*(1-O52))/G14) -> 0.0075803945 | Q82: =_xlfn.CHISQ.DIST.RT(P82,1) -> 0.93061948 | Y82: =Y44-Y52 -> 0.021639649 | Z82: =SQRT((Y44*(1-Y44))/G6+(Y52*(1-Y52))/G14) -> 0.0082313558 | AA82: =_xlfn.CHISQ.DIST.RT(Z82,1) -> 0.92770966
B83: 10 to 17 | O83: =O45-O53 -> 0.0084207529 | P83: =SQRT((O45*(1-O45))/G7+(O53*(1-O53))/G15) -> 0.0054533127 | Q83: =_xlfn.CHISQ.DIST.RT(P83,1) -> 0.94113249 | Y83: =Y45-Y53 -> 0.019203127 | Z83: =SQRT((Y45*(1-Y45))/G7+(Y53*(1-Y53))/G15) -> 0.0055185134 | AA83: =_xlfn.CHISQ.DIST.RT(Z83,1) -> 0.94078226
B84: 18 to 34 | O84: =O46-O54 -> 0.0016915112 | P84: =SQRT((O46*(1-O46))/G8+(O54*(1-O54))/G16) -> 0.0022445425 | Q84: =_xlfn.CHISQ.DIST.RT(P84,1) -> 0.96221308 | Y84: =Y46-Y54 -> 0.0081839241 | Z84: =SQRT((Y46*(1-Y46))/G8+(Y54*(1-Y54))/G16) -> 0.0024857895 | AA84: =_xlfn.CHISQ.DIST.RT(Z84,1) -> 0.96023579
B85: 35 to 59 | O85: =O47-O55 -> 0.0036013298 | P85: =SQRT((O47*(1-O47))/G9+(O55*(1-O55))/G17) -> 0.0017058656 | Q85: =_xlfn.CHISQ.DIST.RT(P85,1) -> 0.96705504 | Y85: =Y47-Y55 -> 0.0030799552 | Z85: =SQRT((Y47*(1-Y47))/G9+(Y55*(1-Y55))/G17) -> 0.0023641367 | AA85: =_xlfn.CHISQ.DIST.RT(Z85,1) -> 0.96122023
B86: 60 plus | O86: =O48-O56 -> 0.0095336261 | P86: =SQRT((O48*(1-O48))/G10+(O56*(1-O56))/G18) -> 0.0040758689 | Q86: =_xlfn.CHISQ.DIST.RT(P86,1) -> 0.94909561 | Y86: =Y48-Y56 -> 0.0044542749 | Z86: =SQRT((Y48*(1-Y48))/G10+(Y56*(1-Y56))/G18) -> 0.0069134992 | AA86: =_xlfn.CHISQ.DIST.RT(Z86,1) -> 0.93373429
B87: Total | O87: =O49-O57 -> 0.0051617426 | P87: =SQRT((O49*(1-O49))/G11+(O57*(1-O57))/G19) -> 0.0013973834 | Q87: =_xlfn.CHISQ.DIST.RT(P87,1) -> 0.97018075 | Y87: =Y49-Y57 -> 0.0060448657 | Z87: =SQRT((Y49*(1-Y49))/G11+(Y57*(1-Y57))/G19) -> 0.0016283483 | AA87: =_xlfn.CHISQ.DIST.RT(Z87,1) -> 0.96781186
A88: 2013 vs.2014 | B88: 0 to 1 | O88: =O50-O58 -> -0.044403841 | P88: =SQRT((O50*(1-O50))/G12+(O58*(1-O58))/G20) -> 0.021007332 | Q88: =_xlfn.CHISQ.DIST.RT(P88,1) -> 0.88475899 | Y88: =Y50-Y58 -> 0.016950986 | Z88: =SQRT((Y50*(1-Y50))/G12+(Y58*(1-Y58))/G20) -> 0.016960179 | AA88: =_xlfn.CHISQ.DIST.RT(Z88,1) -> 0.89638347
B89: 2 to 5 | O89: =O51-O59 -> -0.042801939 | P89: =SQRT((O51*(1-O51))/G13+(O59*(1-O59))/G21) -> 0.010404641 | Q89: =_xlfn.CHISQ.DIST.RT(P89,1) -> 0.91875418 | Y89: =Y51-Y59 -> -0.011370186 | Z89: =SQRT((Y51*(1-Y51))/G13+(Y59*(1-Y59))/G21) -> 0.0091492219 | AA89: =_xlfn.CHISQ.DIST.RT(Z89,1) -> 0.92379731
B90: 6 to 9 | O90: =O52-O60 -> -0.053028152 | P90: =SQRT((O52*(1-O52))/G14+(O60*(1-O60))/G22) -> 0.011140211 | Q90: =_xlfn.CHISQ.DIST.RT(P90,1) -> 0.91594162 | Y90: =Y52-Y60 -> -0.023207535 | Z90: =SQRT((Y52*(1-Y52))/G14+(Y60*(1-Y60))/G22) -> 0.0092622708 | AA90: =_xlfn.CHISQ.DIST.RT(Z90,1) -> 0.92332941
B91: 10 to 17 | O91: =O53-O61 -> -0.0040673307 | P91: =SQRT((O53*(1-O53))/G15+(O61*(1-O61))/G23) -> 0.0056919357 | Q91: =_xlfn.CHISQ.DIST.RT(P91,1) -> 0.93986072 | Y91: =Y53-Y61 -> -0.018294587 | Z91: =SQRT((Y53*(1-Y53))/G15+(Y61*(1-Y61))/G23) -> 0.005956051 | AA91: =_xlfn.CHISQ.DIST.RT(Z91,1) -> 0.93848397
B92: 18 to 34 | O92: =O54-O62 -> -0.0078894338 | P92: =SQRT((O54*(1-O54))/G16+(O62*(1-O62))/G24) -> 0.0024299958 | Q92: =_xlfn.CHISQ.DIST.RT(P92,1) -> 0.96068421 | Y92: =Y54-Y62 -> 0.0011750261 | Z92: =SQRT((Y54*(1-Y54))/G16+(Y62*(1-Y62))/G24) -> 0.0021943791 | AA92: =_xlfn.CHISQ.DIST.RT(Z92,1) -> 0.9626374
B93: 35 to 59 | O93: =O55-O63 -> -0.0091563957 | P93: =SQRT((O55*(1-O55))/G17+(O63*(1-O63))/G25) -> 0.0018853216 | Q93: =_xlfn.CHISQ.DIST.RT(P93,1) -> 0.9653665 | Y93: =Y55-Y63 -> -0.0054117351 | Z93: =SQRT((Y55*(1-Y55))/G17+(Y63*(1-Y63))/G25) -> 0.0024390114 | AA93: =_xlfn.CHISQ.DIST.RT(Z93,1) -> 0.96061141
B94: 60 plus | O94: =O56-O64 -> -0.015811005 | P94: =SQRT((O56*(1-O56))/G18+(O64*(1-O64))/G26) -> 0.004348266 | Q94: =_xlfn.CHISQ.DIST.RT(P94,1) -> 0.94742449 | Y94: =Y56-Y64 -> -0.00084240161 | Z94: =SQRT((Y56*(1-Y56))/G18+(Y64*(1-Y64))/G26) -> 0.0068142631 | AA94: =_xlfn.CHISQ.DIST.RT(Z94,1) -> 0.93421051
B95: Total | O95: =O57-O65 -> -0.012254383 | P95: =SQRT((O57*(1-O57))/G19+(O65*(1-O65))/G27) -> 0.0015199615 | Q95: =_xlfn.CHISQ.DIST.RT(P95,1) -> 0.96890101 | Y95: =Y57-Y65 -> -0.0044923303 | Z95: =SQRT((Y57*(1-Y57))/G19+(Y65*(1-Y65))/G27) -> 0.0016369836 | AA95: =_xlfn.CHISQ.DIST.RT(Z95,1) -> 0.96772667
A96: 2012 vs. 2014 | B96: 0 to 1 | O96: =O42-O58 -> -0.014366893 | P96: =SQRT((O42*(1-O42))/G4+(O58*(1-O58))/G20) -> 0.023857024 | Q96: =_xlfn.CHISQ.DIST.RT(P96,1) -> 0.87724926 | Y96: =Y42-Y58 -> 0.028519688 | Z96: =SQRT((Y42*(1-Y42))/G4+(Y58*(1-Y58))/G20) -> 0.019398184 | AA96: =_xlfn.CHISQ.DIST.RT(Z96,1) -> 0.88923098
B97: 2 to 5 | O97: =O43-O59 -> -0.021983525 | P97: =SQRT((O43*(1-O43))/G5+(O59*(1-O59))/G21) -> 0.012165663 | Q97: =_xlfn.CHISQ.DIST.RT(P97,1) -> 0.91217299 | Y97: =Y43-Y59 -> -0.027675714 | Z97: =SQRT((Y43*(1-Y43))/G5+(Y59*(1-Y59))/G21) -> 0.010061026 | AA97: =_xlfn.CHISQ.DIST.RT(Z97,1) -> 0.92010245
B98: 6 to 9 | O98: =O44-O60 -> -0.053680774 | P98: =SQRT((O44*(1-O44))/G6+(O60*(1-O60))/G22) -> 0.012236404 | Q98: =_xlfn.CHISQ.DIST.RT(P98,1) -> 0.91191905 | Y98: =Y44-Y60 -> -0.0015678863 | Z98: =SQRT((Y44*(1-Y44))/G6+(Y60*(1-Y60))/G22) -> 0.011224725 | AA98: =_xlfn.CHISQ.DIST.RT(Z98,1) -> 0.91562456
B99: 10 to 17 | O99: =O45-O61 -> 0.0043534222 | P99: =SQRT((O45*(1-O45))/G7+(O61*(1-O61))/G23) -> 0.0068208433 | Q99: =_xlfn.CHISQ.DIST.RT(P99,1) -> 0.93417883 | Y99: =Y45-Y61 -> 0.00090854028 | Z99: =SQRT((Y45*(1-Y45))/G7+(Y61*(1-Y61))/G23) -> 0.0072675581 | AA99: =_xlfn.CHISQ.DIST.RT(Z99,1) -> 0.93206266
B100: 18 to 34 | O100: =O46-O62 -> -0.0061979226 | P100: =SQRT((O46*(1-O46))/G8+(O62*(1-O62))/G24) -> 0.0027400304 | Q100: =_xlfn.CHISQ.DIST.RT(P100,1) -> 0.95825356 | Y100: =Y46-Y62 -> 0.0093589502 | Z100: =SQRT((Y46*(1-Y46))/G8+(Y62*(1-Y62))/G24) -> 0.0027218649 | AA100: =_xlfn.CHISQ.DIST.RT(Z100,1) -> 0.95839205
B101: 35 to 59 | O101: =O47-O63 -> -0.0055550659 | P101: =SQRT((O47*(1-O47))/G9+(O63*(1-O63))/G25) -> 0.0022079864 | Q101: =_xlfn.CHISQ.DIST.RT(P101,1) -> 0.96252182 | Y101: =Y47-Y63 -> -0.0023317799 | Z101: =SQRT((Y47*(1-Y47))/G9+(Y63*(1-Y63))/G25) -> 0.0028695911 | AA101: =_xlfn.CHISQ.DIST.RT(Z101,1) -> 0.9572789
B102: 60 plus | O102: =O48-O64 -> -0.0062773787 | P102: =SQRT((O48*(1-O48))/G10+(O64*(1-O64))/G26) -> 0.0050955465 | Q102: =_xlfn.CHISQ.DIST.RT(P102,1) -> 0.94309286 | Y102: =Y48-Y64 -> 0.0036118733 | Z102: =SQRT((Y48*(1-Y48))/G10+(Y64*(1-Y64))/G26) -> 0.0077529515 | AA102: =_xlfn.CHISQ.DIST.RT(Z102,1) -> 0.92983626
B103: Total | O103: =O49-O65 -> -0.0070926409 | P103: =SQRT((O49*(1-O49))/G11+(O65*(1-O65))/G27) -> 0.0017662098 | Q103: =_xlfn.CHISQ.DIST.RT(P103,1) -> 0.96647773 | Y103: =Y49-Y65 -> 0.0015525354 | Z103: =SQRT((Y49*(1-Y49))/G11+(Y65*(1-Y65))/G27) -> 0.0019363941 | AA103: =_xlfn.CHISQ.DIST.RT(Z103,1) -> 0.96490083

Sheet TotalCosts
E6: Per Case | M6: Population
A7: Year | B7: Age group | C7: Influenza cases | E7: Inpatient Flu | F7: Inpatient AOM | G7: Inpatient CAP | H7: Outpatient | I7: Pharmaceutical | J7: Total Direct | K7: Indirect | L7: Total | M7: Inpatient | N7: Inpatient AOM | O7: Inpatient CAP | P7: Outpatient | Q7: Pharmaceutical | R7: Total Direct | S7: Indirect | T7: Total
A8: 2012 | B8: 0 to 1 | C8: =IncidenceComplications!C4*IncidenceComplications!E42 -> 24135.966 | E8: =Inpatient!C47*Inpatient!M7 -> 43.455289 | F8: =Inpatient!Y47/IncidenceComplications!G4 -> 0 | G8: =Inpatient!AO47/IncidenceComplications!G4 -> 38.643996 | H8: =Outpatient!N47 -> 61.986963 | I8: =Pharmaceutical!N47 -> 7.1851766 | J8: =SUM(E8:I8) -> 151.27142 | K8: =Sick_Leave!K7/IncidenceComplications!G4 -> 0 | L8: =J8+K8 -> 151.27142 | M8: =$C8*E8 -> 1048835.3 | N8: =$C8*F8 -> 0 | O8: =$C8*G8 -> 932710.16 | P8: =$C8*H8 -> 1496115.2 | Q8: =$C8*I8 -> 173421.17 | R8: =$C8*J8 -> 3651081.9 | S8: =$C8*K8 -> 0 | T8: =$C8*L8 -> 3651081.9
B9: 2 to 5 | C9: =IncidenceComplications!C5*IncidenceComplications!E43 -> 49819.797 | E9: =Inpatient!C48*Inpatient!M8 -> 13.665836 | F9: =Inpatient!Y48/IncidenceComplications!G5 -> -0.13747005 | G9: =Inpatient!AO48/IncidenceComplications!G5 -> 19.483308 | H9: =Outpatient!N48 -> 37.237687 | I9: =Pharmaceutical!N48 -> 6.8509634 | J9: =SUM(E9:I9) -> 77.100324 | K9: =Sick_Leave!K8/IncidenceComplications!G5 -> 0 | L9: =J9+K9 -> 77.100324 | M9: =$C9*E9 -> 680829.15 | N9: =$C9*F9 -> -6848.7298 | O9: =$C9*G9 -> 970654.45 | P9: =$C9*H9 -> 1855174 | Q9: =$C9*I9 -> 341313.61 | R9: =$C9*J9 -> 3841122.5 | S9: =$C9*K9 -> 0 | T9: =$C9*L9 -> 3841122.5
B10: 6 to 9 | C10: =IncidenceComplications!C6*IncidenceComplications!E44 -> 31258.986 | E10: =Inpatient!C49*Inpatient!M9 -> 5.680379 | F10: =Inpatient!Y49/IncidenceComplications!G6 -> -4.3013986 | G10: =Inpatient!AO49/IncidenceComplications!G6 -> 16.98467 | H10: =Outpatient!N49 -> 28.273647 | I10: =Pharmaceutical!N49 -> 8.2528184 | J10: =SUM(E10:I10) -> 54.890116 | K10: =Sick_Leave!K9/IncidenceComplications!G6 -> 0 | L10: =J10+K10 -> 54.890116 | M10: =$C10*E10 -> 177562.89 | N10: =$C10*F10 -> -134457.36 | O10: =$C10*G10 -> 530923.58 | P10: =$C10*H10 -> 883805.55 | Q10: =$C10*I10 -> 257974.74 | R10: =$C10*J10 -> 1715809.4 | S10: =$C10*K10 -> 0 | T10: =$C10*L10 -> 1715809.4
B11: 10 to 17 | C11: =IncidenceComplications!C7*IncidenceComplications!E45 -> 61768.079 | E11: =Inpatient!C50*Inpatient!M10 -> 10.90825 | F11: =Inpatient!Y50/IncidenceComplications!G7 -> 0 | G11: =Inpatient!AO50/IncidenceComplications!G7 -> 6.8186696 | H11: =Outpatient!N50 -> 66.837741 | I11: =Pharmaceutical!N50 -> 7.9282283 | J11: =SUM(E11:I11) -> 92.492889 | K11: =Sick_Leave!K10/IncidenceComplications!G7 -> 3.3121585 | L11: =J11+K11 -> 95.805048 | M11: =$C11*E11 -> 673781.65 | N11: =$C11*F11 -> 0 | O11: =$C11*G11 -> 421176.13 | P11: =$C11*H11 -> 4128438.9 | Q11: =$C11*I11 -> 489711.43 | R11: =$C11*J11 -> 5713108.1 | S11: =$C11*K11 -> 204585.67 | T11: =$C11*L11 -> 5917693.7
B12: 18 to 34 | C12: =IncidenceComplications!C8*IncidenceComplications!E46 -> 169658.1 | E12: =Inpatient!C51*Inpatient!M11 -> 5.3469653 | F12: =Inpatient!Y51/IncidenceComplications!G8 -> 0.16578018 | G12: =Inpatient!AO51/IncidenceComplications!G8 -> 4.3069794 | H12: =Outpatient!N51 -> 53.760705 | I12: =Pharmaceutical!N51 -> 4.4213549 | J12: =SUM(E12:I12) -> 68.001785 | K12: =Sick_Leave!K11/IncidenceComplications!G8 -> 139.37659 | L12: =J12+K12 -> 207.37837 | M12: =$C12*E12 -> 907155.94 | N12: =$C12*F12 -> 28125.95 | O12: =$C12*G12 -> 730713.93 | P12: =$C12*H12 -> 9120938.9 | Q12: =$C12*I12 -> 750118.65 | R12: =$C12*J12 -> 11537053 | S12: =$C12*K12 -> 23646366 | T12: =$C12*L12 -> 35183420
B13: 35 to 59 | C13: =IncidenceComplications!C9*IncidenceComplications!E47 -> 260305.66 | E13: =Inpatient!C52*Inpatient!M12 -> 3.0296929 | F13: =Inpatient!Y52/IncidenceComplications!G9 -> 0.18748272 | G13: =Inpatient!AO52/IncidenceComplications!G9 -> 5.475467 | H13: =Outpatient!N52 -> 67.653051 | I13: =Pharmaceutical!N52 -> 6.1275699 | J13: =SUM(E13:I13) -> 82.473263 | K13: =Sick_Leave!K12/IncidenceComplications!G9 -> 328.49255 | L13: =J13+K13 -> 410.96582 | M13: =$C13*E13 -> 788646.21 | N13: =$C13*F13 -> 48802.813 | O13: =$C13*G13 -> 1425295.1 | P13: =$C13*H13 -> 17610472 | Q13: =$C13*I13 -> 1595041.1 | R13: =$C13*J13 -> 21468257 | S13: =$C13*K13 -> 85508471 | T13: =$C13*L13 -> 1.0697673e+08
B14: 60 plus | C14: =IncidenceComplications!C10*IncidenceComplications!E48 -> 108374.2 | E14: =Inpatient!C53*Inpatient!M13 -> 19.005997 | F14: =Inpatient!Y53/IncidenceComplications!G10 -> 0 | G14: =Inpatient!AO53/IncidenceComplications!G10 -> 30.584517 | H14: =Outpatient!N53 -> 63.783311 | I14: =Pharmaceutical!N53 -> 7.202694 | J14: =SUM(E14:I14) -> 120.57652 | K14: =Sick_Leave!K13/IncidenceComplications!G10 -> 70.943381 | L14: =J14+K14 -> 191.5199 | M14: =$C14*E14 -> 2059759.7 | N14: =$C14*F14 -> 0 | O14: =$C14*G14 -> 3314572.5 | P14: =$C14*H14 -> 6912465.3 | Q14: =$C14*I14 -> 780586.19 | R14: =$C14*J14 -> 13067384 | S14: =$C14*K14 -> 7688432.1 | T14: =$C14*L14 -> 20755816
B15: Total | C15: =IncidenceComplications!C11*IncidenceComplications!E49 -> 745845.12 | E15: {=SUM(E8:E14*IncidenceComplications!$G4:$G10)/SUM(IncidenceComplications!$G4:$G10)} -> 7.6449272 | F15: =Inpatient!Y54/IncidenceComplications!G11 -> -0.087745512 | G15: =Inpatient!AO54/IncidenceComplications!G11 -> 9.999175 | H15: {=SUM(H8:H14*IncidenceComplications!$G4:$G10)/SUM(IncidenceComplications!$G4:$G10)} -> 59.396216 | I15: {=SUM(I8:I14*IncidenceComplications!$G4:$G10)/SUM(IncidenceComplications!$G4:$G10)} -> 6.0860787 | J15: =SUM(E15:I15) -> 83.038651 | K15: =Sick_Leave!K14/IncidenceComplications!G11 -> 177.8785 | L15: =J15+K15 -> 260.91715 | M15: =$C15*E15 -> 5701931.6 | N15: =$C15*F15 -> -65444.562 | O15: =$C15*G15 -> 7457835.9 | P15: =$C15*H15 -> 44300378 | Q15: =$C15*I15 -> 4539272.1 | R15: =$C15*J15 -> 61933973 | S15: =$C15*K15 -> 1.3266981e+08 | T15: =$C15*L15 -> 1.9460378e+08
A16: 2013 | B16: 0 to 1 | C16: =IncidenceComplications!C12*IncidenceComplications!E50 -> 40719.804 | E16: =Inpatient!C55*Inpatient!M15 -> 116.54592 | F16: =Inpatient!Y55/IncidenceComplications!G12 -> 0 | G16: =Inpatient!AO55/IncidenceComplications!G12 -> 256.45629 | H16: =Outpatient!N55 -> 36.219493 | I16: =Pharmaceutical!N55 -> 7.8588391 | J16: =SUM(E16:I16) -> 417.08054 | K16: =Sick_Leave!K15/IncidenceComplications!G12 -> 0 | L16: =J16+K16 -> 417.08054 | M16: =$C16*E16 -> 4745726.9 | N16: =$C16*F16 -> 0 | O16: =$C16*G16 -> 10442850 | P16: =$C16*H16 -> 1474850.6 | Q16: =$C16*I16 -> 320010.39 | R16: =$C16*J16 -> 16983438 | S16: =$C16*K16 -> 0 | T16: =$C16*L16 -> 16983438
B17: 2 to 5 | C17: =IncidenceComplications!C13*IncidenceComplications!E51 -> 106595.69 | E17: =Inpatient!C56*Inpatient!M16 -> 27.228466 | F17: =Inpatient!Y56/IncidenceComplications!G13 -> 0.26945743 | G17: =Inpatient!AO56/IncidenceComplications!G13 -> 28.61437 | H17: =Outpatient!N56 -> 51.447115 | I17: =Pharmaceutical!N56 -> 7.9786506 | J17: =SUM(E17:I17) -> 115.53806 | K17: =Sick_Leave!K16/IncidenceComplications!G13 -> 0 | L17: =J17+K17 -> 115.53806 | M17: =$C17*E17 -> 2902437 | N17: =$C17*F17 -> 28723 | O17: =$C17*G17 -> 3050168.5 | P17: =$C17*H17 -> 5484040.6 | Q17: =$C17*I17 -> 850489.76 | R17: =$C17*J17 -> 12315859 | S17: =$C17*K17 -> 0 | T17: =$C17*L17 -> 12315859
B18: 6 to 9 | C18: =IncidenceComplications!C14*IncidenceComplications!E52 -> 81334.735 | E18: =Inpatient!C57*Inpatient!M17 -> 16.400897 | F18: =Inpatient!Y57/IncidenceComplications!G14 -> -0.5423904 | G18: =Inpatient!AO57/IncidenceComplications!G14 -> 4.2723429 | H18: =Outpatient!N57 -> 35.770091 | I18: =Pharmaceutical!N57 -> 6.3895896 | J18: =SUM(E18:I18) -> 62.290531 | K18: =Sick_Leave!K17/IncidenceComplications!G14 -> 0 | L18: =J18+K18 -> 62.290531 | M18: =$C18*E18 -> 1333962.6 | N18: =$C18*F18 -> -44115.179 | O18: =$C18*G18 -> 347489.88 | P18: =$C18*H18 -> 2909350.9 | Q18: =$C18*I18 -> 519695.57 | R18: =$C18*J18 -> 5066383.8 | S18: =$C18*K18 -> 0 | T18: =$C18*L18 -> 5066383.8
B19: 10 to 17 | C19: =IncidenceComplications!C15*IncidenceComplications!E53 -> 126347.9 | E19: =Inpatient!C58*Inpatient!M18 -> 6.7022029 | F19: =Inpatient!Y58/IncidenceComplications!G15 -> 0.27365244 | G19: =Inpatient!AO58/IncidenceComplications!G15 -> 2.7283544 | H19: =Outpatient!N58 -> 48.978572 | I19: =Pharmaceutical!N58 -> 9.2573969 | J19: =SUM(E19:I19) -> 67.940179 | K19: =Sick_Leave!K18/IncidenceComplications!G15 -> 4.9983098 | L19: =J19+K19 -> 72.938488 | M19: =$C19*E19 -> 846809.24 | N19: =$C19*F19 -> 34575.41 | O19: =$C19*G19 -> 344721.84 | P19: =$C19*H19 -> 6188339.6 | Q19: =$C19*I19 -> 1169652.6 | R19: =$C19*J19 -> 8584098.7 | S19: =$C19*K19 -> 631525.93 | T19: =$C19*L19 -> 9215624.6
B20: 18 to 34 | C20: =IncidenceComplications!C16*IncidenceComplications!E54 -> 283793.39 | E20: =Inpatient!C59*Inpatient!M19 -> 6.4216457 | F20: =Inpatient!Y59/IncidenceComplications!G16 -> 0.19483739 | G20: =Inpatient!AO59/IncidenceComplications!G16 -> 2.3688941 | H20: =Outpatient!N59 -> 56.792918 | I20: =Pharmaceutical!N59 -> 5.2757656 | J20: =SUM(E20:I20) -> 71.054061 | K20: =Sick_Leave!K19/IncidenceComplications!G16 -> 144.04099 | L20: =J20+K20 -> 215.09505 | M20: =$C20*E20 -> 1822420.6 | N20: =$C20*F20 -> 55293.564 | O20: =$C20*G20 -> 672276.49 | P20: =$C20*H20 -> 16117455 | Q20: =$C20*I20 -> 1497227.4 | R20: =$C20*J20 -> 20164673 | S20: =$C20*K20 -> 40877882 | T20: =$C20*L20 -> 61042555
B21: 35 to 59 | C21: =IncidenceComplications!C17*IncidenceComplications!E55 -> 544679.7 | E21: =Inpatient!C60*Inpatient!M20 -> 5.8540258 | F21: =Inpatient!Y60/IncidenceComplications!G17 -> -0.051827451 | G21: =Inpatient!AO60/IncidenceComplications!G17 -> 5.6643363 | H21: =Outpatient!N60 -> 48.639013 | I21: =Pharmaceutical!N60 -> 6.1710535 | J21: =SUM(E21:I21) -> 66.276602 | K21: =Sick_Leave!K20/IncidenceComplications!G17 -> 360.09249 | L21: =J21+K21 -> 426.36909 | M21: =$C21*E21 -> 3188569 | N21: =$C21*F21 -> -28229.361 | O21: =$C21*G21 -> 3085249 | P21: =$C21*H21 -> 26492683 | Q21: =$C21*I21 -> 3361247.6 | R21: =$C21*J21 -> 36099520 | S21: =$C21*K21 -> 1.9613507e+08 | T21: =$C21*L21 -> 2.3223459e+08
B22: 60 plus | C22: =IncidenceComplications!C18*IncidenceComplications!E56 -> 169385.91 | E22: =Inpatient!C61*Inpatient!M21 -> 29.500192 | F22: =Inpatient!Y61/IncidenceComplications!G18 -> 0 | G22: =Inpatient!AO61/IncidenceComplications!G18 -> 42.674757 | H22: =Outpatient!N61 -> 69.269889 | I22: =Pharmaceutical!N61 -> 8.6169219 | J22: =SUM(E22:I22) -> 150.06176 | K22: =Sick_Leave!K21/IncidenceComplications!G18 -> 101.51223 | L22: =J22+K22 -> 251.57399 | M22: =$C22*E22 -> 4996916.9 | N22: =$C22*F22 -> 0 | O22: =$C22*G22 -> 7228502.6 | P22: =$C22*H22 -> 11733343 | Q22: =$C22*I22 -> 1459585.2 | R22: =$C22*J22 -> 25418348 | S22: =$C22*K22 -> 17194742 | T22: =$C22*L22 -> 42613089
B23: Total | C23: =IncidenceComplications!C19*IncidenceComplications!E57 -> 1443237.8 | E23: {=SUM(E16:E22*IncidenceComplications!$G12:$G18)/SUM(IncidenceComplications!$G12:$G18)} -> 11.974789 | F23: =Inpatient!Y62/IncidenceComplications!G19 -> 0.038298219 | G23: =Inpatient!AO62/IncidenceComplications!G19 -> 13.187873 | H23: {=SUM(H16:H22*IncidenceComplications!$G12:$G18)/SUM(IncidenceComplications!$G12:$G18)} -> 51.684676 | I23: {=SUM(I16:I22*IncidenceComplications!$G12:$G18)/SUM(IncidenceComplications!$G12:$G18)} -> 6.6332343 | J23: =SUM(E23:I23) -> 83.518871 | K23: =Sick_Leave!K22/IncidenceComplications!G19 -> 198.25186 | L23: =J23+K23 -> 281.77073 | M23: =$C23*E23 -> 17282468 | N23: =$C23*F23 -> 55273.437 | O23: =$C23*G23 -> 19033237 | P23: =$C23*H23 -> 74593278 | Q23: =$C23*I23 -> 9573334.5 | R23: =$C23*J23 -> 1.2053759e+08 | S23: =$C23*K23 -> 2.8612457e+08 | T23: =$C23*L23 -> 4.0666216e+08
A24: 2014 | B24: 0 to 1 | C24: =IncidenceComplications!C20*IncidenceComplications!E58 -> 20416.875 | E24: =Inpatient!C63*Inpatient!M23 -> 18.719533 | F24: =Inpatient!Y63/IncidenceComplications!G20 -> 13.211338 | G24: =Inpatient!AO63/IncidenceComplications!G20 -> 0 | H24: =Outpatient!N63 -> 52.469407 | I24: =Pharmaceutical!N63 -> 7.6010403 | J24: =SUM(E24:I24) -> 92.001318 | K24: =Sick_Leave!K23/IncidenceComplications!G20 -> 0 | L24: =J24+K24 -> 92.001318 | M24: =$C24*E24 -> 382194.36 | N24: =$C24*F24 -> 269734.22 | O24: =$C24*G24 -> 0 | P24: =$C24*H24 -> 1071261.3 | Q24: =$C24*I24 -> 155189.49 | R24: =$C24*J24 -> 1878379.4 | S24: =$C24*K24 -> 0 | T24: =$C24*L24 -> 1878379.4
B25: 2 to 5 | C25: =IncidenceComplications!C21*IncidenceComplications!E59 -> 35316.384 | E25: =Inpatient!C64*Inpatient!M24 -> 14.539106 | F25: =Inpatient!Y64/IncidenceComplications!G21 -> 1.726 | G25: =Inpatient!AO64/IncidenceComplications!G21 -> 33.975508 | H25: =Outpatient!N64 -> 42.990276 | I25: =Pharmaceutical!N64 -> 8.1868258 | J25: =SUM(E25:I25) -> 101.41772 | K25: =Sick_Leave!K24/IncidenceComplications!G21 -> 0 | L25: =J25+K25 -> 101.41772 | M25: =$C25*E25 -> 513468.65 | N25: =$C25*F25 -> 60956.079 | O25: =$C25*G25 -> 1199892.1 | P25: =$C25*H25 -> 1518261.1 | Q25: =$C25*I25 -> 289129.08 | R25: =$C25*J25 -> 3581707 | S25: =$C25*K25 -> 0 | T25: =$C25*L25 -> 3581707
B26: 6 to 9 | C26: =IncidenceComplications!C22*IncidenceComplications!E60 -> 22718.621 | E26: =Inpatient!C65*Inpatient!M25 -> 14.219562 | F26: =Inpatient!Y65/IncidenceComplications!G22 -> 0 | G26: =Inpatient!AO65/IncidenceComplications!G22 -> 11.957822 | H26: =Outpatient!N65 -> 52.333842 | I26: =Pharmaceutical!N65 -> 8.3833254 | J26: =SUM(E26:I26) -> 86.894552 | K26: =Sick_Leave!K25/IncidenceComplications!G22 -> 0 | L26: =J26+K26 -> 86.894552 | M26: =$C26*E26 -> 323048.84 | N26: =$C26*F26 -> 0 | O26: =$C26*G26 -> 271665.23 | P26: =$C26*H26 -> 1188952.7 | Q26: =$C26*I26 -> 190457.59 | R26: =$C26*J26 -> 1974124.4 | S26: =$C26*K26 -> 0 | T26: =$C26*L26 -> 1974124.4
B27: 10 to 17 | C27: =IncidenceComplications!C23*IncidenceComplications!E61 -> 49776.154 | E27: =Inpatient!C66*Inpatient!M26 -> 7.0589037 | F27: =Inpatient!Y66/IncidenceComplications!G23 -> 0 | G27: =Inpatient!AO66/IncidenceComplications!G23 -> 4.6863719 | H27: =Outpatient!N66 -> 60.805269 | I27: =Pharmaceutical!N66 -> 7.1283949 | J27: =SUM(E27:I27) -> 79.678939 | K27: =Sick_Leave!K26/IncidenceComplications!G23 -> 5.0737735 | L27: =J27+K27 -> 84.752713 | M27: =$C27*E27 -> 351365.07 | N27: =$C27*F27 -> 0 | O27: =$C27*G27 -> 233269.57 | P27: =$C27*H27 -> 3026652.4 | Q27: =$C27*I27 -> 354824.08 | R27: =$C27*J27 -> 3966111.1 | S27: =$C27*K27 -> 252552.93 | T27: =$C27*L27 -> 4218664
B28: 18 to 34 | C28: =IncidenceComplications!C24*IncidenceComplications!E62 -> 153712.03 | E28: =Inpatient!C67*Inpatient!M27 -> 3.4412743 | F28: =Inpatient!Y67/IncidenceComplications!G24 -> 0.44793192 | G28: =Inpatient!AO67/IncidenceComplications!G24 -> 1.4766155 | H28: =Outpatient!N67 -> 52.500011 | I28: =Pharmaceutical!N67 -> 4.1133198 | J28: =SUM(E28:I28) -> 61.979152 | K28: =Sick_Leave!K27/IncidenceComplications!G24 -> 126.48987 | L28: =J28+K28 -> 188.46903 | M28: =$C28*E28 -> 528965.26 | N28: =$C28*F28 -> 68852.525 | O28: =$C28*G28 -> 226973.56 | P28: =$C28*H28 -> 8069883.2 | Q28: =$C28*I28 -> 632266.73 | R28: =$C28*J28 -> 9526941.3 | S28: =$C28*K28 -> 19443016 | T28: =$C28*L28 -> 28969957
B29: 35 to 59 | C29: =IncidenceComplications!C25*IncidenceComplications!E63 -> 231905.41 | E29: =Inpatient!C68*Inpatient!M28 -> 5.7480161 | F29: =Inpatient!Y68/IncidenceComplications!G25 -> 1.1344251 | G29: =Inpatient!AO68/IncidenceComplications!G25 -> 20.046973 | H29: =Outpatient!N68 -> 51.466354 | I29: =Pharmaceutical!N68 -> 5.473922 | J29: =SUM(E29:I29) -> 83.86969 | K29: =Sick_Leave!K28/IncidenceComplications!G25 -> 300.86287 | L29: =J29+K29 -> 384.73256 | M29: =$C29*E29 -> 1332996 | N29: =$C29*F29 -> 263079.32 | O29: =$C29*G29 -> 4649001.5 | P29: =$C29*H29 -> 11935326 | Q29: =$C29*I29 -> 1269432.1 | R29: =$C29*J29 -> 19449835 | S29: =$C29*K29 -> 69771728 | T29: =$C29*L29 -> 89221563
B30: 60 plus | C30: =IncidenceComplications!C26*IncidenceComplications!E64 -> 99527.128 | E30: =Inpatient!C69*Inpatient!M29 -> 15.470474 | F30: =Inpatient!Y69/IncidenceComplications!G26 -> 1.0925291 | G30: =Inpatient!AO69/IncidenceComplications!G26 -> 27.398731 | H30: =Outpatient!N69 -> 61.56094 | I30: =Pharmaceutical!N69 -> 5.5270735 | J30: =SUM(E30:I30) -> 111.04975 | K30: =Sick_Leave!K29/IncidenceComplications!G26 -> 66.787054 | L30: =J30+K30 -> 177.8368 | M30: =$C30*E30 -> 1539731.8 | N30: =$C30*F30 -> 108736.28 | O30: =$C30*G30 -> 2726917 | P30: =$C30*H30 -> 6126983.5 | Q30: =$C30*I30 -> 550093.75 | R30: =$C30*J30 -> 11052462 | S30: =$C30*K30 -> 6647123.7 | T30: =$C30*L30 -> 17699586
B31: Total | C31: =IncidenceComplications!C27*IncidenceComplications!E65 -> 649333.59 | E31: {=SUM(E24:E30*IncidenceComplications!$G20:$G26)/SUM(IncidenceComplications!$G20:$G26)} -> 7.3382439 | F31: =Inpatient!Y70/IncidenceComplications!G27 -> 1.0890992 | G31: =Inpatient!AO70/IncidenceComplications!G27 -> 14.37344 | H31: {=SUM(H24:H30*IncidenceComplications!$G20:$G26)/SUM(IncidenceComplications!$G20:$G26)} -> 53.123079 | I31: {=SUM(I24:I30*IncidenceComplications!$G20:$G26)/SUM(IncidenceComplications!$G20:$G26)} -> 5.5125154 | J31: =SUM(E31:I31) -> 81.436378 | K31: =Sick_Leave!K30/IncidenceComplications!G27 -> 167.14456 | L31: =J31+K31 -> 248.58094 | M31: =$C31*E31 -> 4764968.3 | N31: =$C31*F31 -> 707188.67 | O31: =$C31*G31 -> 9333157.5 | P31: =$C31*H31 -> 34494600 | Q31: =$C31*I31 -> 3579461.4 | R31: =$C31*J31 -> 52879376 | S31: =$C31*K31 -> 1.0853258e+08 | T31: =$C31*L31 -> 1.6141196e+08
A32: Total | C32: =IncidenceComplications!C28*IncidenceComplications!E66 -> 2832610.3 | E32: =(E15*IncidenceComplications!$G11+E23*IncidenceComplications!$G19+E31*IncidenceComplications!$G27)/(IncidenceComplications!$G11+IncidenceComplications!$G19+IncidenceComplications!$G27) -> 9.7934963 | F32: =Inpatient!Y71/IncidenceComplications!G28 -> 0.2566375 | G32: =Inpatient!AO71/IncidenceComplications!G28 -> 12.674843 | H32: =(H15*IncidenceComplications!$G11+H23*IncidenceComplications!$G19+H31*IncidenceComplications!$G27)/(IncidenceComplications!$G11+IncidenceComplications!$G19+IncidenceComplications!$G27) -> 53.948747 | I32: =(I15*IncidenceComplications!$G11+I23*IncidenceComplications!$G19+I31*IncidenceComplications!$G27)/(IncidenceComplications!$G11+IncidenceComplications!$G19+IncidenceComplications!$G27) -> 6.2304743 | J32: =SUM(E32:I32) -> 82.904198 | K32: =Sick_Leave!K31/IncidenceComplications!G28 -> 185.77991 | L32: =J32+K32 -> 268.68411 | M32: =$C32*E32 -> 27741159 | N32: =$C32*F32 -> 726954.01 | O32: =$C32*G32 -> 35902891 | P32: =$C32*H32 -> 1.5281578e+08 | Q32: =$C32*I32 -> 17648506 | R32: =$C32*J32 -> 2.3483529e+08 | S32: =$C32*K32 -> 5.2624208e+08 | T32: =$C32*L32 -> 7.6107737e+08
A33: Absolute numbers (sums) | B33: 0 to 1 | C33: =IncidenceComplications!C29*IncidenceComplications!E67 -> 85026.019 | E33: =(E8*IncidenceComplications!$G4+E16*IncidenceComplications!$G12+E24*IncidenceComplications!$G20)/(IncidenceComplications!$G4+IncidenceComplications!$G12+IncidenceComplications!$G20) -> 68.780196 | F33: =Inpatient!Y72/IncidenceComplications!G29 -> 3.6754519 | G33: =Inpatient!AO72/IncidenceComplications!G29 -> 123.86942 | H33: =(H8*IncidenceComplications!$G4+H16*IncidenceComplications!$G12+H24*IncidenceComplications!$G20)/(IncidenceComplications!$G4+IncidenceComplications!$G12+IncidenceComplications!$G20) -> 47.985013 | I33: =(I8*IncidenceComplications!$G4+I16*IncidenceComplications!$G12+I24*IncidenceComplications!$G20)/(IncidenceComplications!$G4+IncidenceComplications!$G12+IncidenceComplications!$G20) -> 7.597713 | J33: =SUM(E33:I33) -> 251.9078 | K33: =Sick_Leave!K32/IncidenceComplications!G29 -> 0 | L33: =J33+K33 -> 251.9078 | M33: =$C33*E33 -> 5848106.3 | N33: =$C33*F33 -> 312509.04 | O33: =$C33*G33 -> 10532124 | P33: =$C33*H33 -> 4079974.6 | Q33: =$C33*I33 -> 646003.29 | R33: =$C33*J33 -> 21418717 | S33: =$C33*K33 -> 0 | T33: =$C33*L33 -> 21418717
B34: 2 to 5 | C34: =IncidenceComplications!C30*IncidenceComplications!E68 -> 190643.69 | E34: =(E9*IncidenceComplications!$G5+E17*IncidenceComplications!$G13+E25*IncidenceComplications!$G21)/(IncidenceComplications!$G5+IncidenceComplications!$G13+IncidenceComplications!$G21) -> 21.289973 | F34: =Inpatient!Y73/IncidenceComplications!G30 -> 0.47477202 | G34: =Inpatient!AO73/IncidenceComplications!G30 -> 27.518489 | H34: =(H9*IncidenceComplications!$G5+H17*IncidenceComplications!$G13+H25*IncidenceComplications!$G21)/(IncidenceComplications!$G5+IncidenceComplications!$G13+IncidenceComplications!$G21) -> 46.235178 | I34: =(I9*IncidenceComplications!$G5+I17*IncidenceComplications!$G13+I25*IncidenceComplications!$G21)/(IncidenceComplications!$G5+IncidenceComplications!$G13+IncidenceComplications!$G21) -> 7.7485619 | J34: =SUM(E34:I34) -> 103.26697 | K34: =Sick_Leave!K33/IncidenceComplications!G30 -> 0 | L34: =J34+K34 -> 103.26697 | M34: =$C34*E34 -> 4058798.9 | N34: =$C34*F34 -> 90512.289 | O34: =$C34*G34 -> 5246226.4 | P34: =$C34*H34 -> 8814444.8 | Q34: =$C34*I34 -> 1477214.4 | R34: =$C34*J34 -> 19687197 | S34: =$C34*K34 -> 0 | T34: =$C34*L34 -> 19687197
B35: 6 to 9 | C35: =IncidenceComplications!C31*IncidenceComplications!E69 -> 135054.26 | E35: =(E10*IncidenceComplications!$G6+E18*IncidenceComplications!$G14+E26*IncidenceComplications!$G22)/(IncidenceComplications!$G6+IncidenceComplications!$G14+IncidenceComplications!$G22) -> 13.590766 | F35: =Inpatient!Y74/IncidenceComplications!G31 -> -1.3004371 | G35: =Inpatient!AO74/IncidenceComplications!G31 -> 8.4911114 | H35: =(H10*IncidenceComplications!$G6+H18*IncidenceComplications!$G14+H26*IncidenceComplications!$G22)/(IncidenceComplications!$G6+IncidenceComplications!$G14+IncidenceComplications!$G22) -> 36.950192 | I35: =(I10*IncidenceComplications!$G6+I18*IncidenceComplications!$G14+I26*IncidenceComplications!$G22)/(IncidenceComplications!$G6+IncidenceComplications!$G14+IncidenceComplications!$G22) -> 7.1587223 | J35: =SUM(E35:I35) -> 64.890354 | K35: =Sick_Leave!K34/IncidenceComplications!G31 -> 0 | L35: =J35+K35 -> 64.890354 | M35: =$C35*E35 -> 1835490.9 | N35: =$C35*F35 -> -175629.58 | O35: =$C35*G35 -> 1146760.8 | P35: =$C35*H35 -> 4990281 | Q35: =$C35*I35 -> 966815.97 | R35: =$C35*J35 -> 8763719 | S35: =$C35*K35 -> 0 | T35: =$C35*L35 -> 8763719
B36: 10 to 17 | C36: =IncidenceComplications!C32*IncidenceComplications!E70 -> 237501.3 | E36: =(E11*IncidenceComplications!$G7+E19*IncidenceComplications!$G15+E27*IncidenceComplications!$G23)/(IncidenceComplications!$G7+IncidenceComplications!$G15+IncidenceComplications!$G23) -> 7.7891275 | F36: =Inpatient!Y75/IncidenceComplications!G32 -> 0.15374025 | G36: =Inpatient!AO75/IncidenceComplications!G32 -> 4.1018472 | H36: =(H11*IncidenceComplications!$G7+H19*IncidenceComplications!$G15+H27*IncidenceComplications!$G23)/(IncidenceComplications!$G7+IncidenceComplications!$G15+IncidenceComplications!$G23) -> 55.619346 | I36: =(I11*IncidenceComplications!$G7+I19*IncidenceComplications!$G15+I27*IncidenceComplications!$G23)/(IncidenceComplications!$G7+IncidenceComplications!$G15+IncidenceComplications!$G23) -> 8.5178546 | J36: =SUM(E36:I36) -> 76.181916 | K36: =Sick_Leave!K35/IncidenceComplications!G32 -> 4.6054878 | L36: =J36+K36 -> 80.787404 | M36: =$C36*E36 -> 1849927.9 | N36: =$C36*F36 -> 36513.509 | O36: =$C36*G36 -> 974194.05 | P36: =$C36*H36 -> 13209667 | Q36: =$C36*I36 -> 2023001.5 | R36: =$C36*J36 -> 18093304 | S36: =$C36*K36 -> 1093809.3 | T36: =$C36*L36 -> 19187113
B37: 18 to 34 | C37: =IncidenceComplications!C33*IncidenceComplications!E71 -> 605777.74 | E37: =(E12*IncidenceComplications!$G8+E20*IncidenceComplications!$G16+E28*IncidenceComplications!$G24)/(IncidenceComplications!$G8+IncidenceComplications!$G16+IncidenceComplications!$G24) -> 5.3489512 | F37: =Inpatient!Y76/IncidenceComplications!G33 -> 0.25423673 | G37: =Inpatient!AO76/IncidenceComplications!G33 -> 2.6430257 | H37: =(H12*IncidenceComplications!$G8+H20*IncidenceComplications!$G16+H28*IncidenceComplications!$G24)/(IncidenceComplications!$G8+IncidenceComplications!$G16+IncidenceComplications!$G24) -> 54.856837 | I37: =(I12*IncidenceComplications!$G8+I20*IncidenceComplications!$G16+I28*IncidenceComplications!$G24)/(IncidenceComplications!$G8+IncidenceComplications!$G16+IncidenceComplications!$G24) -> 4.7427258 | J37: =SUM(E37:I37) -> 67.845777 | K37: =Sick_Leave!K36/IncidenceComplications!G33 -> 138.1624 | L37: =J37+K37 -> 206.00818 | M37: =$C37*E37 -> 3240275.6 | N37: =$C37*F37 -> 154010.95 | O37: =$C37*G37 -> 1601086.1 | P37: =$C37*H37 -> 33231051 | Q37: =$C37*I37 -> 2873037.7 | R37: =$C37*J37 -> 41099461 | S37: =$C37*K37 -> 83695708 | T37: =$C37*L37 -> 1.2479517e+08
B38: 35 to 59 | C38: =IncidenceComplications!C34*IncidenceComplications!E72 -> 1035196.6 | E38: =(E13*IncidenceComplications!$G9+E21*IncidenceComplications!$G17+E29*IncidenceComplications!$G25)/(IncidenceComplications!$G9+IncidenceComplications!$G17+IncidenceComplications!$G25) -> 5.1522317 | F38: =Inpatient!Y77/IncidenceComplications!G34 -> 0.28114478 | G38: =Inpatient!AO77/IncidenceComplications!G34 -> 8.9604844 | H38: =(H13*IncidenceComplications!$G9+H21*IncidenceComplications!$G17+H29*IncidenceComplications!$G25)/(IncidenceComplications!$G9+IncidenceComplications!$G17+IncidenceComplications!$G25) -> 53.854701 | I38: =(I13*IncidenceComplications!$G9+I21*IncidenceComplications!$G17+I29*IncidenceComplications!$G25)/(IncidenceComplications!$G9+IncidenceComplications!$G17+IncidenceComplications!$G25) -> 5.9986675 | J38: =SUM(E38:I38) -> 74.247229 | K38: =Sick_Leave!K37/IncidenceComplications!G34 -> 338.75559 | L38: =J38+K38 -> 413.00282 | M38: =$C38*E38 -> 5333572.8 | N38: =$C38*F38 -> 291040.11 | O38: =$C38*G38 -> 9275863 | P38: =$C38*H38 -> 55750203 | Q38: =$C38*I38 -> 6209800.1 | R38: =$C38*J38 -> 76860479 | S38: =$C38*K38 -> 3.5067863e+08 | T38: =$C38*L38 -> 4.2753911e+08
B39: 60 plus | C39: =IncidenceComplications!C35*IncidenceComplications!E73 -> 376770.53 | E39: =(E14*IncidenceComplications!$G10+E22*IncidenceComplications!$G18+E30*IncidenceComplications!$G26)/(IncidenceComplications!$G10+IncidenceComplications!$G18+IncidenceComplications!$G26) -> 22.885986 | F39: =Inpatient!Y78/IncidenceComplications!G35 -> 0.29526853 | G39: =Inpatient!AO78/IncidenceComplications!G35 -> 35.294451 | H39: =(H14*IncidenceComplications!$G10+H22*IncidenceComplications!$G18+H30*IncidenceComplications!$G26)/(IncidenceComplications!$G10+IncidenceComplications!$G18+IncidenceComplications!$G26) -> 65.71079 | I39: =(I14*IncidenceComplications!$G10+I22*IncidenceComplications!$G18+I30*IncidenceComplications!$G26)/(IncidenceComplications!$G10+IncidenceComplications!$G18+IncidenceComplications!$G26) -> 7.4014848 | J39: =SUM(E39:I39) -> 131.58798 | K39: =Sick_Leave!K38/IncidenceComplications!G35 -> 83.90557 | L39: =J39+K39 -> 215.49355 | M39: =$C39*E39 -> 8622765 | N39: =$C39*F39 -> 111248.48 | O39: =$C39*G39 -> 13297909 | P39: =$C39*H39 -> 24757889 | Q39: =$C39*I39 -> 2788661.4 | R39: =$C39*J39 -> 49578473 | S39: =$C39*K39 -> 31613146 | T39: =$C39*L39 -> 81191619
B40: Total | C40: =IncidenceComplications!C36*IncidenceComplications!E74 -> 2832610.3 | E40: {=SUM(E33:E39*IncidenceComplications!$G29:$G35)/SUM(IncidenceComplications!$G29:$G35)} -> 9.7934963 | F40: =Inpatient!Y79/IncidenceComplications!G36 -> 0.2566375 | G40: =Inpatient!AO79/IncidenceComplications!G36 -> 12.674843 | H40: {=SUM(H33:H39*IncidenceComplications!$G29:$G35)/SUM(IncidenceComplications!$G29:$G35)} -> 53.948747 | I40: {=SUM(I33:I39*IncidenceComplications!$G29:$G35)/SUM(IncidenceComplications!$G29:$G35)} -> 6.2304743 | J40: =SUM(E40:I40) -> 82.904198 | K40: =Sick_Leave!K39/IncidenceComplications!G36 -> 185.77991 | L40: =J40+K40 -> 268.68411 | M40: =$C40*E40 -> 27741159 | N40: =$C40*F40 -> 726954.01 | O40: =$C40*G40 -> 35902891 | P40: =$C40*H40 -> 1.5281578e+08 | Q40: =$C40*I40 -> 17648506 | R40: =$C40*J40 -> 2.3483529e+08 | S40: =$C40*K40 -> 5.2624208e+08 | T40: =$C40*L40 -> 7.6107737e+08
D43: Covariance | E43: Inpatient Flu | F43: Inpatient AOM | G43: Inpatient CAP | H43: Outpatient | I43: Pharmaceutical
D44: Inpatient Flu | E44: 63750.411 | F44: 148.44298 | G44: 15290.764 | H44: 1224.77 | I44: 54.6042
D45: Inpatient AOM | E45: 148.44298 | F45: 1527.6514 | G45: -3.2528741 | H45: 311.70816 | I45: 19.005144
D46: Inpatient CAP | E46: 15290.764 | F46: -3.2528741 | G46: 510551.24 | H46: 1637.6144 | I46: 283.2182
D47: Outpatient | E47: 1224.77 | F47: 311.70816 | G47: 1637.6144 | H47: 310933.45 | I47: 1212.0573
D48: Pharmaceutical | E48: 54.6042 | F48: 19.005144 | G48: 283.2182 | H48: 1212.0573 | I48: 1460.4331
D50: Correlation | E50: Inpatient Flu | F50: Inpatient AOM | G50: Inpatient CAP | H50: Outpatient | I50: Pharmaceutical
D51: Inpatient Flu | E51: 1 | F51: 0.015042015 | G51: 0.084755528 | H51: 0.0086991997 | I51: 0.0056590525
D52: Inpatient AOM | E52: 0.015042015 | F52: 1 | G52: -0.00011647573 | H52: 0.014302182 | I52: 0.01272384
D53: Inpatient CAP | E53: 0.084755528 | F53: -0.00011647573 | G53: 1 | H53: 0.0041101554 | I53: 0.010371956
D54: Outpatient | E54: 0.0086991997 | F54: 0.014302182 | G54: 0.0041101554 | H54: 1 | I54: 0.056878558
D55: Pharmaceutical | E55: 0.0056590525 | F55: 0.01272384 | G55: 0.010371956 | H55: 0.056878558 | I55: 1

Sheet Inpatient
A3: INPATIENT COSTS | C3: Overall | Q3: AOM | AE3: CAP
C4: NO INSURED WITH SERVICE USE | E4: LOS | K4: Costs | Q4: NO INSURED WITH SERVICE USE | S4: LOS | Y4: Costs | AE4: NO INSURED WITH SERVICE USE | AG4: LOS | AM4: Costs
E5: Sum | G5: Mean | I5: SD | K5: Sum | M5: Mean | O5: SD | S5: Sum | U5: Mean | W5: SD | Y5: Sum | AA5: Mean | AC5: SD | AG5: Sum | AI5: Mean | AK5: SD | AM5: Sum | AO5: Mean | AQ5: SD
A6: Year | B6: Age group | C6: Flu | D6: Control | E6: Flu | F6: Control | G6: Flu | H6: Control | I6: Flu | J6: Control | K6: Flu | L6: Control | M6: Flu | N6: Control | O6: Flu | P6: Control | Q6: Flu | R6: Control | S6: Flu | T6: Control | U6: Flu | V6: Control | W6: Flu | X6: Control | Y6: Flu | Z6: Control | AA6: Flu | AB6: Control | AC6: Flu | AD6: Control | AG6: Flu | AH6: Control | AI6: Flu | AJ6: Control | AK6: Flu | AL6: Control | AM6: Flu | AN6: Control | AO6: Flu | AP6: Control | AQ6: Flu | AR6: Control
A7: 2012 | B7: 0 to 1 | C7: 11 | E7: 32 | G7: =E7/C7 -> 2.9090909 | I7: 1.9211739 | K7: 20684.717 | M7: =K7/C7 -> 1880.4288 | O7: 1828.668 | Q7: 0 | R7: 0 | S7: 0 | T7: 0 | Y7: 0 | Z7: 0 | AA7: =IF(IncidenceComplications!O4>0,Y7/IncidenceComplications!O4,"") | AB7: =IF(IncidenceComplications!P4>0,Z7/IncidenceComplications!P4,"") | AE7: 5 | AF7: 0 | AG7: 25 | AH7: 0 | AI7: =AG7/AE7 -> 5 | AK7: 1.2247449 | AM7: 18394.542 | AN7: 0 | AO7: =IF(AE7>0,AM7/AE7,"") -> 3678.9084 | AQ7: 1894.538
B8: 2 to 5 | C8: 13 | E8: 45 | G8: =E8/C8 -> 3.4615385 | I8: 1.6641006 | K8: 20963.392 | M8: =K8/C8 -> 1612.5686 | O8: 523.69956 | Q8: 1 | R8: 1 | S8: 3 | T8: 6 | U8: =IF(Q8>0,S8/Q8,"") -> 3 | V8: =IF(R8>0,T8/R8,"") -> 6 | Y8: 1613.7089 | Z8: 1824.5879 | AA8: =IF(IncidenceComplications!O5>0,Y8/IncidenceComplications!O5,"") -> 1613.7089 | AB8: =IF(IncidenceComplications!P5>0,Z8/IncidenceComplications!P5,"") -> 1824.5879 | AE8: 16 | AF8: 6 | AG8: 72 | AH8: 27 | AI8: =AG8/AE8 -> 4.5 | AJ8: =AH8/AF8 -> 4.5 | AK8: 1.4605935 | AL8: 1.8708287 | AM8: 45055.333 | AN8: 15167.939 | AO8: =IF(AE8>0,AM8/AE8,"") -> 2815.9583 | AP8: =IF(AF8>0,AN8/AF8,"") -> 2527.9898 | AQ8: 700.45292 | AR8: 200.65008
B9: 6 to 9 | C9: 6 | E9: 17 | G9: =E9/C9 -> 2.8333333 | I9: 1.3291601 | K9: 6259.7777 | M9: =K9/C9 -> 1043.2963 | O9: 493.40981 | Q9: 0 | R9: 2 | S9: 0 | T9: 6 | V9: =IF(R9>0,T9/R9,"") -> 3 | X9: 0 | Y9: 0 | Z9: 4740.1412 | AA9: =IF(IncidenceComplications!O6>0,Y9/IncidenceComplications!O6,"") | AB9: =IF(IncidenceComplications!P6>0,Z9/IncidenceComplications!P6,"") -> 2370.0706 | AD9: 1161.4162 | AE9: 8 | AF9: 1 | AG9: 56 | AH9: 4 | AI9: =AG9/AE9 -> 7 | AJ9: =AH9/AF9 -> 4 | AK9: 3.8172541 | AM9: 21224.86 | AN9: 2507.7534 | AO9: =IF(AE9>0,AM9/AE9,"") -> 2653.1075 | AP9: =IF(AF9>0,AN9/AF9,"") -> 2507.7534 | AQ9: 579.55899
B10: 10 to 17 | C10: 13 | E10: 57 | G10: =E10/C10 -> 4.3846154 | I10: 3.9059455 | K10: 22165.564 | M10: =K10/C10 -> 1705.0434 | O10: 410.89214 | Q10: 0 | R10: 0 | S10: 0 | T10: 0 | Y10: 0 | Z10: 0 | AA10: =IF(IncidenceComplications!O7>0,Y10/IncidenceComplications!O7,"") | AB10: =IF(IncidenceComplications!P7>0,Z10/IncidenceComplications!P7,"") | AE10: 6 | AF10: 0 | AG10: 46 | AH10: 0 | AI10: =AG10/AE10 -> 7.6666667 | AK10: 4.3204938 | AM10: 13855.537 | AN10: 0 | AO10: =IF(AE10>0,AM10/AE10,"") -> 2309.2561 | AQ10: 134.64717
B11: 18 to 34 | C11: 18 | E11: 61 | G11: =E11/C11 -> 3.3888889 | I11: 3.4151718 | K11: 35295.318 | M11: =K11/C11 -> 1960.851 | O11: 1259.4011 | Q11: 1 | R11: 1 | S11: 12 | T11: 2 | U11: =IF(Q11>0,S11/Q11,"") -> 12 | V11: =IF(R11>0,T11/R11,"") -> 2 | Y11: 2426.0712 | Z11: 1331.7562 | AA11: =IF(IncidenceComplications!O8>0,Y11/IncidenceComplications!O8,"") -> 2426.0712 | AB11: =IF(IncidenceComplications!P8>0,Z11/IncidenceComplications!P8,"") -> 1331.7562 | AE11: 13 | AF11: 0 | AG11: 87 | AH11: 0 | AI11: =AG11/AE11 -> 6.6923077 | AK11: 3.3760089 | AM11: 28430.371 | AN11: 0 | AO11: =IF(AE11>0,AM11/AE11,"") -> 2186.9516 | AQ11: 180.37817
B12: 35 to 59 | C12: 18 | E12: 67 | G12: =E12/C12 -> 3.7222222 | I12: 1.8725747 | K12: 28715.429 | M12: =K12/C12 -> 1595.3016 | O12: 936.23665 | Q12: 1 | R12: 0 | S12: 4 | T12: 0 | U12: =IF(Q12>0,S12/Q12,"") -> 4 | Y12: 1776.9612 | Z12: 0 | AA12: =IF(IncidenceComplications!O9>0,Y12/IncidenceComplications!O9,"") -> 1776.9612 | AB12: =IF(IncidenceComplications!P9>0,Z12/IncidenceComplications!P9,"") | AE12: 23 | AF12: 1 | AG12: 150 | AH12: 3 | AI12: =AG12/AE12 -> 6.5217391 | AJ12: =AH12/AF12 -> 3 | AK12: 3.1315051 | AM12: 54077.858 | AN12: 2181.3811 | AO12: =IF(AE12>0,AM12/AE12,"") -> 2351.2112 | AP12: =IF(AF12>0,AN12/AF12,"") -> 2181.3811 | AQ12: 594.01466
B13: 60 plus | C13: 14 | E13: 97 | G13: =E13/C13 -> 6.9285714 | I13: 8.7483122 | K13: 47115.866 | M13: =K13/C13 -> 3365.419 | O13: 5989.9969 | Q13: 0 | R13: 0 | S13: 0 | T13: 0 | Y13: 0 | Z13: 0 | AA13: =IF(IncidenceComplications!O10>0,Y13/IncidenceComplications!O10,"") | AB13: =IF(IncidenceComplications!P10>0,Z13/IncidenceComplications!P10,"") | AE13: 17 | AF13: 1 | AG13: 216 | AH13: 7 | AI13: =AG13/AE13 -> 12.705882 | AJ13: =AH13/AF13 -> 7 | AK13: 10.402912 | AM13: 80337.345 | AN13: 4518.3278 | AO13: =IF(AE13>0,AM13/AE13,"") -> 4725.7261 | AP13: =IF(AF13>0,AN13/AF13,"") -> 4518.3278 | AQ13: 5500.724
B14: Total | C14: =SUM(C7:C13) -> 93 | E14: =SUM(E7:E13) -> 376 | G14: =E14/C14 -> 4.0430108 | I14: {=SQRT(SUM(I7:I13^2*(C7:C13-1))/(SUM(C7:C13)-7))} -> 4.1969917 | K14: =SUM(K7:K13) -> 181200.06 | M14: =K14/C14 -> 1948.3878 | O14: {=SQRT(AVERAGE(O7:O13^2))} -> 2460.3503 | Q14: =SUM(Q7:Q13) -> 3 | R14: =SUM(R7:R13) -> 4 | S14: =SUM(S7:S13) -> 19 | T14: =SUM(T7:T13) -> 14 | U14: =IF(Q14>0,S14/Q14,"") -> 6.3333333 | V14: =IF(R14>0,T14/R14,"") -> 3.5 | X14: =SQRT(AVERAGE(X9^2)) -> 0 | Y14: =SUM(Y7:Y13) -> 5816.7413 | Z14: =SUM(Z7:Z13) -> 7896.4854 | AA14: =IF(IncidenceComplications!O11>0,Y14/IncidenceComplications!O11,"") -> 1938.9138 | AB14: =IF(IncidenceComplications!P11>0,Z14/IncidenceComplications!P11,"") -> 1974.1214 | AD14: =AD9 -> 1161.4162 | AE14: =SUM(AE7:AE13) -> 88 | AF14: =SUM(AF7:AF13) -> 9 | AG14: =SUM(AG7:AG13) -> 652 | AH14: =SUM(AH7:AH13) -> 41 | AI14: =AG14/AE14 -> 7.4090909 | AJ14: =AH14/AF14 -> 4.5555556 | AK14: {=SQRT(AVERAGE(AK7:AK13^2))} -> 4.8740681 | AL14: =SQRT(AVERAGE(AL8^2)) -> 1.8708287 | AM14: =SUM(AM7:AM13) -> 261375.85 | AN14: =SUM(AN7:AN13) -> 24375.401 | AO14: =IF(AE14>0,AM14/AE14,"") -> 2970.1801 | AP14: =IF(AF14>0,AN14/AF14,"") -> 2708.3779 | AQ14: {=SQRT(AVERAGE(AQ7:AQ13^2))} -> 2238.5353 | AR14: =SQRT(AVERAGE(AR8^2)) -> 200.65008
A15: 2013 | B15: 0 to 1 | C15: 21 | E15: 130 | G15: =E15/C15 -> 6.1904762 | I15: 11.876948 | K15: 86943.254 | M15: =K15/C15 -> 4140.155 | O15: 9700.2326 | Q15: 0 | R15: 0 | S15: 0 | T15: 0 | Y15: 0 | Z15: 0 | AA15: =IF(IncidenceComplications!O12>0,Y15/IncidenceComplications!O12,"") | AB15: =IF(IncidenceComplications!P12>0,Z15/IncidenceComplications!P12,"") | AE15: 16 | AF15: 5 | AG15: 198 | AH15: 25 | AI15: =AG15/AE15 -> 12.375 | AJ15: =AH15/AF15 -> 5 | AK15: 23.921747 | AL15: 1.8708287 | AM15: 205085.63 | AN15: 13769.238 | AO15: =IF(AE15>0,AM15/AE15,"") -> 12817.852 | AP15: =IF(AF15>0,AN15/AF15,"") -> 2753.8475 | AQ15: 37762.904 | AR15: 580.8953
B16: 2 to 5 | C16: 51 | E16: 193 | G16: =E16/C16 -> 3.7843137 | I16: 3.4018449 | K16: 94482.775 | M16: =K16/C16 -> 1852.6034 | O16: 791.44291 | Q16: 2 | R16: 1 | S16: 7 | T16: 5 | U16: =IF(Q16>0,S16/Q16,"") -> 3.5 | V16: =IF(R16>0,T16/R16,"") -> 5 | W16: 2.1213203 | Y16: 2899.2683 | Z16: 1964.251 | AA16: =IF(IncidenceComplications!O13>0,Y16/IncidenceComplications!O13,"") -> 1449.6341 | AB16: =IF(IncidenceComplications!P13>0,Z16/IncidenceComplications!P13,"") -> 1964.251 | AC16: 147.51613 | AE16: 42 | AF16: 9 | AG16: 221 | AH16: 41 | AI16: =AG16/AE16 -> 5.2619048 | AJ16: =AH16/AF16 -> 4.5555556 | AK16: 3.8322096 | AL16: 2.0069324 | AM16: 121464.95 | AN16: 22173.089 | AO16: =IF(AE16>0,AM16/AE16,"") -> 2892.0227 | AP16: =IF(AF16>0,AN16/AF16,"") -> 2463.6766 | AQ16: 1411.8163 | AR16: 119.21778
B17: 6 to 9 | C17: 29 | E17: 102 | G17: =E17/C17 -> 3.5172414 | I17: 1.5725477 | K17: 47775.814 | M17: =K17/C17 -> 1647.4418 | O17: 478.89356 | Q17: 1 | R17: 1 | S17: 7 | T17: 3 | U17: =IF(Q17>0,S17/Q17,"") -> 7 | V17: =IF(R17>0,T17/R17,"") -> 3 | Y17: 1498.4139 | Z17: 3078.3972 | AA17: =IF(IncidenceComplications!O14>0,Y17/IncidenceComplications!O14,"") -> 1498.4139 | AB17: =IF(IncidenceComplications!P14>0,Z17/IncidenceComplications!P14,"") -> 3078.3972 | AE17: 9 | AF17: 3 | AG17: 46 | AH17: 11 | AI17: =AG17/AE17 -> 5.1111111 | AJ17: =AH17/AF17 -> 3.6666667 | AK17: 2.8480012 | AL17: 1.1547005 | AM17: 19389.322 | AN17: 6943.9869 | AO17: =IF(AE17>0,AM17/AE17,"") -> 2154.3691 | AP17: =IF(AF17>0,AN17/AF17,"") -> 2314.6623 | AQ17: 906.79463 | AR17: 58.86564
B18: 10 to 17 | C18: 22 | E18: 59 | G18: =E18/C18 -> 2.6818182 | I18: 1.3933982 | K18: 31647.802 | M18: =K18/C18 -> 1438.5365 | O18: 546.43784 | Q18: 1 | R18: 0 | S18: 3 | T18: 0 | U18: =IF(Q18>0,S18/Q18,"") -> 3 | Y18: 1292.1868 | Z18: 0 | AA18: =IF(IncidenceComplications!O15>0,Y18/IncidenceComplications!O15,"") -> 1292.1868 | AB18: =IF(IncidenceComplications!P15>0,Z18/IncidenceComplications!P15,"") | AE18: 5 | AF18: 0 | AG18: 23 | AH18: 0 | AI18: =AG18/AE18 -> 4.6 | AK18: 1.5165751 | AM18: 12883.289 | AN18: 0 | AO18: =IF(AE18>0,AM18/AE18,"") -> 2576.6579 | AP18: =IF(AF18>0,AN18/AF18,"") | AQ18: 746.65948
B19: 18 to 34 | C19: 38 | E19: 160 | G19: =E19/C19 -> 4.2105263 | I19: 5.1525795 | K19: 75897.431 | M19: =K19/C19 -> 1997.3008 | O19: 3986.2372 | Q19: 3 | R19: 1 | S19: 8 | T19: 2 | U19: =IF(Q19>0,S19/Q19,"") -> 2.6666667 | V19: =IF(R19>0,T19/R19,"") -> 2 | W19: 1.1547005 | Y19: 4290.4559 | Z19: 1987.6728 | AA19: =IF(IncidenceComplications!O16>0,Y19/IncidenceComplications!O16,"") -> 1430.152 | AB19: =IF(IncidenceComplications!P16>0,Z19/IncidenceComplications!P16,"") -> 1987.6728 | AC19: 308.8884 | AE19: 12 | AF19: 3 | AG19: 83 | AH19: 9 | AI19: =AG19/AE19 -> 6.9166667 | AJ19: =AH19/AF19 -> 3 | AK19: 4.9259671 | AL19: 3 | AM19: 33129.177 | AN19: 5131.2175 | AO19: =IF(AE19>0,AM19/AE19,"") -> 2760.7647 | AP19: =IF(AF19>0,AN19/AF19,"") -> 1710.4058 | AQ19: 1977.5903 | AR19: 859.09135
B20: 35 to 59 | C20: 71 | E20: 331 | G20: =E20/C20 -> 4.6619718 | I20: 3.7945211 | K20: 122167.66 | M20: =K20/C20 -> 1720.6713 | O20: 1026.8951 | Q20: 4 | R20: 3 | S20: 14 | T20: 15 | U20: =IF(Q20>0,S20/Q20,"") -> 3.5 | V20: =IF(R20>0,T20/R20,"") -> 5 | W20: 2.6457513 | X20: 1.7320508 | Y20: 5280.8756 | Z20: 6362.4627 | AA20: =IF(IncidenceComplications!O17>0,Y20/IncidenceComplications!O17,"") -> 1320.2189 | AB20: =IF(IncidenceComplications!P17>0,Z20/IncidenceComplications!P17,"") -> 2120.8209 | AC20: 855.99412 | AD20: 792.99109 | AE20: 41 | AF20: 4 | AG20: 380 | AH20: 29 | AI20: =AG20/AE20 -> 9.2682927 | AJ20: =AH20/AF20 -> 7.25 | AK20: 9.0664888 | AL20: 1.7078251 | AM20: 129869.63 | AN20: 11660.593 | AO20: =IF(AE20>0,AM20/AE20,"") -> 3167.5519 | AP20: =IF(AF20>0,AN20/AF20,"") -> 2915.1483 | AQ20: 3332.0434 | AR20: 802.68298
B21: 60 plus | C21: 49 | E21: 333 | G21: =E21/C21 -> 6.7959184 | I21: 5.1071012 | K21: 125287.32 | M21: =K21/C21 -> 2556.884 | O21: 3734.5001 | Q21: 0 | R21: 0 | S21: 0 | T21: 0 | Y21: 0 | Z21: 0 | AA21: =IF(IncidenceComplications!O18>0,Y21/IncidenceComplications!O18,"") | AB21: =IF(IncidenceComplications!P18>0,Z21/IncidenceComplications!P18,"") | AE21: 50 | AF21: 5 | AG21: 549 | AH21: 37 | AI21: =AG21/AE21 -> 10.98 | AJ21: =AH21/AF21 -> 7.4 | AK21: 6.8556248 | AL21: 3.7815341 | AM21: 193488.05 | AN21: 12248.353 | AO21: =IF(AE21>0,AM21/AE21,"") -> 3869.761 | AP21: =IF(AF21>0,AN21/AF21,"") -> 2449.6706 | AQ21: 5368.9481 | AR21: 565.39104
B22: Total | C22: =SUM(C15:C21) -> 281 | E22: =SUM(E15:E21) -> 1308 | G22: =E22/C22 -> 4.6548043 | I22: {=SQRT(SUM(I15:I21^2*(C15:C21-1))/(SUM(C15:C21)-7))} -> 4.9641202 | K22: =SUM(K15:K21) -> 584202.06 | M22: =K22/C22 -> 2079.0109 | O22: {=SQRT(AVERAGE(O15:O21^2))} -> 4244.9957 | Q22: =SUM(Q15:Q21) -> 11 | R22: =SUM(R15:R21) -> 6 | S22: =SUM(S15:S21) -> 39 | T22: =SUM(T15:T21) -> 25 | U22: =IF(Q22>0,S22/Q22,"") -> 3.5454545 | V22: =IF(R22>0,T22/R22,"") -> 4.1666667 | W22: =SQRT(AVERAGE(W16^2,W19^2,W20^2)) -> 2.0682789 | X22: =SQRT(AVERAGE(X20^2)) -> 1.7320508 | Y22: =SUM(Y15:Y21) -> 15261.201 | Z22: =SUM(Z15:Z21) -> 13392.784 | AA22: =IF(IncidenceComplications!O19>0,Y22/IncidenceComplications!O19,"") -> 1387.3819 | AB22: =IF(IncidenceComplications!P19>0,Z22/IncidenceComplications!P19,"") -> 2232.1306 | AC22: =SQRT(AVERAGE(AC16^2,AC19^2,AC20^2)) -> 532.25902 | AD22: =AD20 -> 792.99109 | AE22: =SUM(AE15:AE21) -> 175 | AF22: =SUM(AF15:AF21) -> 29 | AG22: =SUM(AG15:AG21) -> 1500 | AH22: =SUM(AH15:AH21) -> 152 | AI22: =AG22/AE22 -> 8.5714286 | AJ22: =AH22/AF22 -> 5.2413793 | AK22: {=SQRT(AVERAGE(AK15:AK21^2))} -> 10.356591 | AL22: =SQRT(AVERAGE(AL15^2,AL16^2,AL17^2,AL19^2,AL20^2,AL21^2)) -> 2.4179116 | AM22: =SUM(AM15:AM21) -> 715310.05 | AN22: =SUM(AN15:AN21) -> 71926.477 | AO22: =IF(AE22>0,AM22/AE22,"") -> 4087.486 | AP22: =IF(AF22>0,AN22/AF22,"") -> 2480.2234 | AQ22: {=SQRT(AVERAGE(AQ15:AQ21^2))} -> 14507.382 | AR22: =SQRT(AVERAGE(AR15^2,AR16^2,AR17^2,AR19^2,AR20^2,AR21^2)) -> 585.53712
A23: 2014 | B23: 0 to 1 | C23: 6 | E23: 12 | G23: =E23/C23 -> 2 | I23: 1.5491933 | K23: 8816.9 | M23: =K23/C23 -> 1469.4833 | O23: 781.33761 | Q23: 4 | R23: 0 | S23: 14 | T23: 0 | U23: =IF(Q23>0,S23/Q23,"") -> 3.5 | W23: 2.3804761 | Y23: 6222.54 | Z23: 0 | AA23: =IF(IncidenceComplications!O20>0,Y23/IncidenceComplications!O20,"") -> 1555.635 | AB23: =IF(IncidenceComplications!P20>0,Z23/IncidenceComplications!P20,"") | AC23: 495.50486 | AE23: 0 | AF23: 0 | AG23: 0 | AH23: 0 | AM23: 0 | AN23: 0 | AO23: =IF(AE23>0,AM23/AE23,"") | AP23: =IF(AF23>0,AN23/AF23,"")
B24: 2 to 5 | C24: 9 | E24: 39 | G24: =E24/C24 -> 4.3333333 | I24: 2.5 | K24: 19191.62 | M24: =K24/C24 -> 2132.4022 | O24: 497.54379 | Q24: 1 | R24: 1 | S24: 9 | T24: 3 | U24: =IF(Q24>0,S24/Q24,"") -> 9 | V24: =IF(R24>0,T24/R24,"") -> 3 | Y24: 3906.03 | Z24: 1627.71 | AA24: =IF(IncidenceComplications!O21>0,Y24/IncidenceComplications!O21,"") -> 3906.03 | AB24: =IF(IncidenceComplications!P21>0,Z24/IncidenceComplications!P21,"") -> 1627.71 | AE24: 18 | AF24: 1 | AG24: 89 | AH24: 3 | AI24: =AG24/AE24 -> 4.9444444 | AJ24: =AH24/AF24 -> 3 | AK24: 2.4608038 | AM24: 47402.75 | AN24: 2555.08 | AO24: =IF(AE24>0,AM24/AE24,"") -> 2633.4861 | AP24: =IF(AF24>0,AN24/AF24,"") -> 2555.08 | AQ24: 499.03762
B25: 6 to 9 | C25: 6 | E25: 30 | G25: =E25/C25 -> 5 | I25: 2.5298221 | K25: 12015.53 | M25: =K25/C25 -> 2002.5883 | O25: 581.6948 | Q25: 0 | R25: 0 | S25: 0 | T25: 0 | Y25: 0 | Z25: 0 | AA25: =IF(IncidenceComplications!O22>0,Y25/IncidenceComplications!O22,"") | AB25: =IF(IncidenceComplications!P22>0,Z25/IncidenceComplications!P22,"") | AE25: 4 | AF25: 0 | AG25: 22 | AH25: 0 | AI25: =AG25/AE25 -> 5.5 | AK25: 5.0662281 | AM25: 10104.36 | AN25: 0 | AO25: =IF(AE25>0,AM25/AE25,"") -> 2526.09 | AP25: =IF(AF25>0,AN25/AF25,"") | AQ25: 53.713926
B26: 10 to 17 | C26: 7 | E26: 25 | G26: =E26/C26 -> 3.5714286 | I26: 2.4397502 | K26: 11654.25 | M26: =K26/C26 -> 1664.8929 | O26: 692.07267 | Q26: 0 | R26: 0 | S26: 0 | T26: 0 | Y26: 0 | Z26: 0 | AA26: =IF(IncidenceComplications!O23>0,Y26/IncidenceComplications!O23,"") | AB26: =IF(IncidenceComplications!P23>0,Z26/IncidenceComplications!P23,"") | AE26: 3 | AF26: 0 | AG26: 20 | AH26: 0 | AI26: =AG26/AE26 -> 6.6666667 | AK26: 1.1547005 | AM26: 7737.2 | AN26: 0 | AO26: =IF(AE26>0,AM26/AE26,"") -> 2579.0667 | AP26: =IF(AF26>0,AN26/AF26,"") | AQ26: 134.37257
B27: 18 to 34 | C27: 13 | E27: 42 | G27: =E27/C27 -> 3.2307692 | I27: 1.8327505 | K27: 22846.62 | M27: =K27/C27 -> 1757.4323 | O27: 1120.4252 | Q27: 2 | R27: 0 | S27: 5 | T27: 0 | U27: =IF(Q27>0,S27/Q27,"") -> 2.5 | W27: 0.70710678 | Y27: 2973.82 | Z27: 0 | AA27: =IF(IncidenceComplications!O24>0,Y27/IncidenceComplications!O24,"") -> 1486.91 | AB27: =IF(IncidenceComplications!P24>0,Z27/IncidenceComplications!P24,"") | AC27: 24.183052 | AE27: 5 | AF27: 1 | AG27: 23 | AH27: 3 | AI27: =AG27/AE27 -> 4.6 | AJ27: =AH27/AF27 -> 3 | AK27: 1.5165751 | AM27: 12456.64 | AN27: 2653.39 | AO27: =IF(AE27>0,AM27/AE27,"") -> 2491.328 | AP27: =IF(AF27>0,AN27/AF27,"") -> 2653.39 | AQ27: 109.65277
B28: 35 to 59 | C28: 29 | E28: 102 | G28: =E28/C28 -> 3.5172414 | I28: 1.9202063 | K28: 52789.78 | M28: =K28/C28 -> 1820.3372 | O28: 1135.9199 | Q28: 6 | R28: 0 | S28: 25 | T28: 0 | U28: =IF(Q28>0,S28/Q28,"") -> 4.1666667 | W28: 3.3714487 | Y28: 10418.56 | Z28: 0 | AA28: =IF(IncidenceComplications!O25>0,Y28/IncidenceComplications!O25,"") -> 1736.4267 | AB28: =IF(IncidenceComplications!P25>0,Z28/IncidenceComplications!P25,"") | AC28: 1069.6393 | AE28: 23 | AF28: 0 | AG28: 215 | AH28: 0 | AI28: =AG28/AE28 -> 9.3478261 | AK28: 14.27206 | AM28: 184111.4 | AN28: 0 | AO28: =IF(AE28>0,AM28/AE28,"") -> 8004.8435 | AP28: =IF(AF28>0,AN28/AF28,"") | AQ28: 26673.08
B29: 60 plus | C29: 14 | E29: 113 | G29: =E29/C29 -> 8.0714286 | I29: 8.5166289 | K29: 38536.95 | M29: =K29/C29 -> 2752.6393 | O29: 3201.0689 | Q29: 2 | R29: 0 | S29: 8 | T29: 0 | U29: =IF(Q29>0,S29/Q29,"") -> 4 | W29: 0 | Y29: 2721.49 | Z29: 0 | AA29: =IF(IncidenceComplications!O26>0,Y29/IncidenceComplications!O26,"") -> 1360.745 | AB29: =IF(IncidenceComplications!P26>0,Z29/IncidenceComplications!P26,"") | AC29: 10.472251 | AE29: 15 | AF29: 2 | AG29: 123 | AH29: 14 | AI29: =AG29/AE29 -> 8.2 | AJ29: =AH29/AF29 -> 7 | AK29: 5.1851436 | AL29: 4.2426407 | AM29: 83891.79 | AN29: 15641.55 | AO29: =IF(AE29>0,AM29/AE29,"") -> 5592.786 | AP29: =IF(AF29>0,AN29/AF29,"") -> 7820.775 | AQ29: 9487.3564 | AR29: 7518.829
B30: Total | C30: =SUM(C23:C29) -> 84 | E30: =SUM(E23:E29) -> 363 | G30: =E30/C30 -> 4.3214286 | I30: {=SQRT(SUM(I23:I29^2*(C23:C29-1))/(SUM(C23:C29)-7))} -> 3.9742547 | K30: =SUM(K23:K29) -> 165851.65 | M30: =K30/C30 -> 1974.4244 | O30: {=SQRT(AVERAGE(O23:O29^2))} -> 1437.6509 | Q30: =SUM(Q23:Q29) -> 15 | R30: =SUM(R23:R29) -> 1 | S30: =SUM(S23:S29) -> 61 | T30: =SUM(T23:T29) -> 3 | U30: =IF(Q30>0,S30/Q30,"") -> 4.0666667 | V30: =IF(R30>0,T30/R30,"") -> 3 | W30: =SQRT(AVERAGE(W23^2,W27^2,W28^2,W29^2)) -> 2.0936412 | Y30: =SUM(Y23:Y29) -> 26242.44 | Z30: =SUM(Z23:Z29) -> 1627.71 | AA30: =IF(IncidenceComplications!O27>0,Y30/IncidenceComplications!O27,"") -> 1749.496 | AB30: =IF(IncidenceComplications!P27>0,Z30/IncidenceComplications!P27,"") -> 1627.71 | AC30: =SQRT(AVERAGE(AC23^2,AC28^2,AC29^2)) -> 680.6279 | AD30: {=SQRT(AVERAGE(AD23:AD29^2))} -> 0 | AE30: =SUM(AE23:AE29) -> 68 | AF30: =SUM(AF23:AF29) -> 4 | AG30: =SUM(AG23:AG29) -> 492 | AH30: =SUM(AH23:AH29) -> 20 | AI30: =AG30/AE30 -> 7.2352941 | AJ30: =AH30/AF30 -> 5 | AK30: {=SQRT(AVERAGE(AK24:AK29^2))} -> 6.6574891 | AL30: =SQRT(AVERAGE(AL29^2)) -> 4.2426407 | AM30: =SUM(AM23:AM29) -> 345704.14 | AN30: =SUM(AN23:AN29) -> 20850.02 | AO30: =IF(AE30>0,AM30/AE30,"") -> 5083.8844 | AP30: =IF(AF30>0,AN30/AF30,"") -> 5212.505 | AQ30: {=SQRT(AVERAGE(AQ24:AQ29^2))} -> 11559.593 | AR30: =SQRT(AVERAGE(AR29^2)) -> 7518.829
A31: Total | C31: =C30+C22+C14 -> 458 | E31: =E30+E22+E14 -> 2047 | G31: =E31/C31 -> 4.4694323 | I31: {=SQRT((I14^2*(C14-1)+I22^2*(C22-1)+I30^2*(C30-1))/(C14+C22+C30-3))} -> 4.6483869 | K31: =SUM(K30,K22,K14) -> 931253.77 | M31: =K31/C31 -> 2033.3052 | O31: =SQRT(AVERAGE(O14^2,O22^2,O30^2)) -> 2951.8442 | Q31: =Q30+Q22+Q14 -> 29 | R31: =R30+R22+R14 -> 11 | S31: =S30+S22+S14 -> 119 | T31: =T30+T22+T14 -> 42 | U31: =IF(Q31>0,S31/Q31,"") -> 4.1034483 | V31: =IF(R31>0,T31/R31,"") -> 3.8181818 | W31: =SQRT(AVERAGE(W14^2,W22^2,W30^2)) -> 1.6991283 | X31: =SQRT(AVERAGE(X14^2,X22^2,X30^2)) -> 1 | Y31: =SUM(Y30,Y22,Y14) -> 47320.382 | Z31: =SUM(Z30,Z22,Z14) -> 22916.979 | AA31: =IF(IncidenceComplications!O28>0,Y31/IncidenceComplications!O28,"") -> 1631.7373 | AB31: =IF(IncidenceComplications!P28>0,Z31/IncidenceComplications!P28,"") -> 2083.3617 | AC31: =SQRT(AVERAGE(AC14^2,AC22^2,AC30^2)) -> 498.85001 | AD31: =SQRT(AVERAGE(AD14^2,AD22^2,AD30^2)) -> 811.93647 | AE31: =AE30+AE22+AE14 -> 331 | AF31: =AF30+AF22+AF14 -> 42 | AG31: =AG30+AG22+AG14 -> 2644 | AH31: =AH30+AH22+AH14 -> 213 | AI31: =AG31/AE31 -> 7.9879154 | AJ31: =AH31/AF31 -> 5.0714286 | AK31: =SQRT(AVERAGE(AK14^2,AK22^2,AK30^2)) -> 7.6449916 | AL31: =SQRT(AVERAGE(AL14^2,AL22^2,AL30^2)) -> 3.0191774 | AM31: =SUM(AM30,AM22,AM14) -> 1322390 | AN31: =SUM(AN30,AN22,AN14) -> 117151.9 | AO31: =IF(AE31>0,AM31/AE31,"") -> 3995.136 | AP31: =IF(AF31>0,AN31/AF31,"") -> 2789.3309 | AQ31: =SQRT(AVERAGE(AQ14^2,AQ22^2,AQ30^2)) -> 10787.328 | AR31: =SQRT(AVERAGE(AR14^2,AR22^2,AR30^2)) -> 4355.6823
A32: All years | B32: 0 to 1 | C32: =C7+C15+C23 -> 38 | E32: =E7+E15+E23 -> 174 | G32: =E32/C32 -> 4.5789474 | I32: =SQRT((I7^2*(C7-1)+I15^2*(C15-1)+I23^2*(C23-1))/(C7+C15+C23-3)) -> 9.0556173 | K32: =SUM(K7,K15,K23) -> 116444.87 | M32: =K32/C32 -> 3064.3387 | O32: =SQRT(AVERAGE(O7^2,O15^2,O23^2)) -> 5716.9056 | Q32: =Q7+Q15+Q23 -> 4 | R32: =R7+R15+R23 -> 0 | S32: =S7+S15+S23 -> 14 | T32: =T7+T15+T23 -> 0 | U32: =IF(Q32>0,S32/Q32,"") -> 3.5 | W32: =SQRT(AVERAGE(W23^2)) -> 2.3804761 | Y32: =SUM(Y7,Y15,Y23) -> 6222.54 | Z32: =SUM(Z7,Z15,Z23) -> 0 | AA32: =Y32/IncidenceComplications!O29 -> 1555.635 | AC32: =SQRT(AVERAGE(AC23^2)) -> 495.50486 | AE32: =AE7+AE15+AE23 -> 21 | AF32: =AF7+AF15+AF23 -> 5 | AG32: =AG7+AG15+AG23 -> 223 | AH32: =AH7+AH15+AH23 -> 25 | AI32: =AG32/AE32 -> 10.619048 | AJ32: =AH32/AF32 -> 5 | AK32: =SQRT(AVERAGE(AK7^2,AK15^2)) -> 16.937385 | AL32: =SQRT(AVERAGE(AL15^2)) -> 1.8708287 | AM32: =SUM(AM7,AM15,AM23) -> 223480.17 | AN32: =SUM(AN7,AN15,AN23) -> 13769.238 | AO32: =IF(AE32>0,AM32/AE32,"") -> 10641.913 | AP32: =IF(AF32>0,AN32/AF32,"") -> 2753.8475 | AQ32: =SQRT(AVERAGE(AQ7^2,AQ15^2)) -> 26735.988 | AR32: =SQRT(AVERAGE(AR7^2,AR15^2,AR23^2)) -> 335.38006
B33: 2 to 5 | C33: =C8+C16+C24 -> 73 | E33: =E8+E16+E24 -> 277 | G33: =E33/C33 -> 3.7945205 | I33: =SQRT((I8^2*(C8-1)+I16^2*(C16-1)+I24^2*(C24-1))/(C8+C16+C24-3)) -> 3.0749175 | K33: =SUM(K8,K16,K24) -> 134637.79 | M33: =K33/C33 -> 1844.3532 | O33: =SQRT(AVERAGE(O8^2,O16^2,O24^2)) -> 618.65255 | Q33: =Q8+Q16+Q24 -> 4 | R33: =R8+R16+R24 -> 3 | S33: =S8+S16+S24 -> 19 | T33: =T8+T16+T24 -> 14 | U33: =IF(Q33>0,S33/Q33,"") -> 4.75 | V33: =IF(R33>0,T33/R33,"") -> 4.6666667 | W33: =SQRT(AVERAGE(W16^2)) -> 2.1213203 | Y33: =SUM(Y8,Y16,Y24) -> 8419.0072 | Z33: =SUM(Z8,Z16,Z24) -> 5416.5489 | AA33: =Y33/IncidenceComplications!O30 -> 2104.7518 | AB33: =Z33/IncidenceComplications!P30 -> 1805.5163 | AC33: =SQRT(AVERAGE(AC16^2)) -> 147.51613 | AE33: =AE8+AE16+AE24 -> 76 | AF33: =AF8+AF16+AF24 -> 16 | AG33: =AG8+AG16+AG24 -> 382 | AH33: =AH8+AH16+AH24 -> 71 | AI33: =AG33/AE33 -> 5.0263158 | AJ33: =AH33/AF33 -> 4.4375 | AK33: =SQRT(AVERAGE(AK8^2,AK16^2,AK24^2)) -> 2.7613233 | AL33: =SQRT(AVERAGE(AL8^2,AL16^2)) -> 1.9400745 | AM33: =SUM(AM8,AM16,AM24) -> 213923.04 | AN33: =SUM(AN8,AN16,AN24) -> 39896.108 | AO33: =IF(AE33>0,AM33/AE33,"") -> 2814.7768 | AP33: =IF(AF33>0,AN33/AF33,"") -> 2493.5068 | AQ33: =SQRT(AVERAGE(AQ8^2,AQ16^2,AQ24^2)) -> 954.44541 | AR33: =SQRT(AVERAGE(AR8^2,AR16^2,AR24^2)) -> 134.7508
B34: 6 to 9 | C34: =C9+C17+C25 -> 41 | E34: =E9+E17+E25 -> 149 | G34: =E34/C34 -> 3.6341463 | I34: =SQRT((I9^2*(C9-1)+I17^2*(C17-1)+I25^2*(C25-1))/(C9+C17+C25-3)) -> 1.7019703 | K34: =SUM(K9,K17,K25) -> 66051.121 | M34: =K34/C34 -> 1611.003 | O34: =SQRT(AVERAGE(O9^2,O17^2,O25^2)) -> 519.98754 | Q34: =Q9+Q17+Q25 -> 1 | R34: =R9+R17+R25 -> 3 | S34: =S9+S17+S25 -> 7 | T34: =T9+T17+T25 -> 9 | U34: =IF(Q34>0,S34/Q34,"") -> 7 | V34: =IF(R34>0,T34/R34,"") -> 3 | X34: =SQRT(AVERAGE(X9^2)) -> 0 | Y34: =SUM(Y9,Y17,Y25) -> 1498.4139 | Z34: =SUM(Z9,Z17,Z25) -> 7818.5384 | AA34: =Y34/IncidenceComplications!O31 -> 1498.4139 | AB34: =Z34/IncidenceComplications!P31 -> 2606.1795 | AD34: =SQRT(AVERAGE(AD9^2)) -> 1161.4162 | AE34: =AE9+AE17+AE25 -> 21 | AF34: =AF9+AF17+AF25 -> 4 | AG34: =AG9+AG17+AG25 -> 124 | AH34: =AH9+AH17+AH25 -> 15 | AI34: =AG34/AE34 -> 5.9047619 | AJ34: =AH34/AF34 -> 3.75 | AK34: =SQRT(AVERAGE(AK9^2,AK17^2,AK25^2)) -> 4.0145239 | AL34: =SQRT(AVERAGE(AL17^2)) -> 1.1547005 | AM34: =SUM(AM9,AM17,AM25) -> 50718.542 | AN34: =SUM(AN9,AN17,AN25) -> 9451.7403 | AO34: =IF(AE34>0,AM34/AE34,"") -> 2415.1687 | AP34: =IF(AF34>0,AN34/AF34,"") -> 2362.9351 | AQ34: =SQRT(AVERAGE(AQ9^2,AQ17^2,AQ25^2)) -> 622.10672 | AR34: =SQRT(AVERAGE(AR9^2,AR17^2,AR25^2)) -> 33.986093
B35: 10 to 17 | C35: =C10+C18+C26 -> 42 | E35: =E10+E18+E26 -> 141 | G35: =E35/C35 -> 3.3571429 | I35: =SQRT((I10^2*(C10-1)+I18^2*(C18-1)+I26^2*(C26-1))/(C10+C18+C26-3)) -> 2.5798228 | K35: =SUM(K10,K18,K26) -> 65467.616 | M35: =K35/C35 -> 1558.7528 | O35: =SQRT(AVERAGE(O10^2,O18^2,O26^2)) -> 561.66159 | Q35: =Q10+Q18+Q26 -> 1 | R35: =R10+R18+R26 -> 0 | S35: =S10+S18+S26 -> 3 | T35: =T10+T18+T26 -> 0 | U35: =IF(Q35>0,S35/Q35,"") -> 3 | Y35: =SUM(Y10,Y18,Y26) -> 1292.1868 | Z35: =SUM(Z10,Z18,Z26) -> 0 | AE35: =AE10+AE18+AE26 -> 14 | AF35: =AF10+AF18+AF26 -> 0 | AG35: =AG10+AG18+AG26 -> 89 | AH35: =AH10+AH18+AH26 -> 0 | AI35: =AG35/AE35 -> 6.3571429 | AK35: =SQRT(AVERAGE(AK10^2,AK18^2,AK26^2)) -> 2.726414 | AM35: =SUM(AM10,AM18,AM26) -> 34476.026 | AN35: =SUM(AN10,AN18,AN26) -> 0 | AO35: =IF(AE35>0,AM35/AE35,"") -> 2462.5733 | AP35: =IF(AF35>0,AN35/AF35,"") | AQ35: =SQRT(AVERAGE(AQ10^2,AQ18^2,AQ26^2)) -> 444.85437 | AR35: =SQRT(AVERAGE(AR10^2,AR18^2,AR26^2)) -> 0
B36: 18 to 34 | C36: =C11+C19+C27 -> 69 | E36: =E11+E19+E27 -> 263 | G36: =E36/C36 -> 3.8115942 | I36: =SQRT((I11^2*(C11-1)+I19^2*(C19-1)+I27^2*(C27-1))/(C11+C19+C27-3)) -> 4.3009887 | K36: =SUM(K11,K19,K27) -> 134039.37 | M36: =K36/C36 -> 1942.5995 | O36: =SQRT(AVERAGE(O11^2,O19^2,O27^2)) -> 2498.7684 | Q36: =Q11+Q19+Q27 -> 6 | R36: =R11+R19+R27 -> 2 | S36: =S11+S19+S27 -> 25 | T36: =T11+T19+T27 -> 4 | U36: =IF(Q36>0,S36/Q36,"") -> 4.1666667 | V36: =IF(R36>0,T36/R36,"") -> 2 | W36: =SQRT(AVERAGE(W19^2,W27^2)) -> 0.95742711 | Y36: =SUM(Y11,Y19,Y27) -> 9690.3471 | Z36: =SUM(Z11,Z19,Z27) -> 3319.429 | AA36: =Y36/IncidenceComplications!O33 -> 1615.0579 | AB36: =Z36/IncidenceComplications!P33 -> 1659.7145 | AC36: =SQRT(AVERAGE(AC27^2,AC19^2)) -> 219.08545 | AE36: =AE11+AE19+AE27 -> 30 | AF36: =AF11+AF19+AF27 -> 4 | AG36: =AG11+AG19+AG27 -> 193 | AH36: =AH11+AH19+AH27 -> 12 | AI36: =AG36/AE36 -> 6.4333333 | AJ36: =AH36/AF36 -> 3 | AK36: =SQRT(AVERAGE(AK11^2,AK19^2,AK27^2)) -> 3.5572736 | AL36: =SQRT(AVERAGE(AL19^2)) -> 3 | AM36: =SUM(AM11,AM19,AM27) -> 74016.188 | AN36: =SUM(AN11,AN19,AN27) -> 7784.6075 | AO36: =IF(AE36>0,AM36/AE36,"") -> 2467.2063 | AP36: =IF(AF36>0,AN36/AF36,"") -> 1946.1519 | AQ36: =SQRT(AVERAGE(AQ11^2,AQ19^2,AQ27^2)) -> 1148.2484 | AR36: =SQRT(AVERAGE(AR11^2,AR19^2,AR27^2)) -> 495.99662
B37: 35 to 59 | C37: =C12+C20+C28 -> 118 | E37: =E12+E20+E28 -> 500 | G37: =E37/C37 -> 4.2372881 | I37: =SQRT((I12^2*(C12-1)+I20^2*(C20-1)+I28^2*(C28-1))/(C12+C20+C28-3)) -> 3.1906655 | K37: =SUM(K12,K20,K28) -> 203672.87 | M37: =K37/C37 -> 1726.0413 | O37: =SQRT(AVERAGE(O12^2,O20^2,O28^2)) -> 1036.2378 | Q37: =Q12+Q20+Q28 -> 11 | R37: =R12+R20+R28 -> 3 | S37: =S12+S20+S28 -> 43 | T37: =T12+T20+T28 -> 15 | U37: =IF(Q37>0,S37/Q37,"") -> 3.9090909 | V37: =IF(R37>0,T37/R37,"") -> 5 | W37: =SQRT(AVERAGE(W20^2,W28^2)) -> 3.0304015 | X37: =SQRT(AVERAGE(X20^2)) -> 1.7320508 | Y37: =SUM(Y12,Y20,Y28) -> 17476.397 | Z37: =SUM(Z12,Z20,Z28) -> 6362.4627 | AA37: =Y37/IncidenceComplications!O34 -> 1588.7633 | AB37: =Z37/IncidenceComplications!P34 -> 2120.8209 | AC37: =SQRT(AVERAGE(AC20^2,AC28^2)) -> 968.72448 | AD37: =SQRT(AVERAGE(AD20^2)) -> 792.99109 | AE37: =AE12+AE20+AE28 -> 87 | AF37: =AF12+AF20+AF28 -> 5 | AG37: =AG12+AG20+AG28 -> 745 | AH37: =AH12+AH20+AH28 -> 32 | AI37: =AG37/AE37 -> 8.5632184 | AJ37: =AH37/AF37 -> 6.4 | AK37: =SQRT(AVERAGE(AK12^2,AK20^2,AK28^2)) -> 9.928062 | AL37: =SQRT(AVERAGE(AL20^2)) -> 1.7078251 | AM37: =SUM(AM12,AM20,AM28) -> 368058.88 | AN37: =SUM(AN12,AN20,AN28) -> 13841.974 | AO37: =IF(AE37>0,AM37/AE37,"") -> 4230.5619 | AP37: =IF(AF37>0,AN37/AF37,"") -> 2768.3949 | AQ37: =SQRT(AVERAGE(AQ12^2,AQ20^2,AQ28^2)) -> 15523.193 | AR37: =SQRT(AVERAGE(AR12^2,AR20^2,AR28^2)) -> 463.42924
B38: 60 plus | C38: =C13+C21+C29 -> 77 | E38: =E13+E21+E29 -> 543 | G38: =E38/C38 -> 7.0519481 | I38: =SQRT((I13^2*(C13-1)+I21^2*(C21-1)+I29^2*(C29-1))/(C13+C21+C29-3)) -> 6.5654875 | K38: =SUM(K13,K21,K29) -> 210940.13 | M38: =K38/C38 -> 2739.4822 | O38: =SQRT(AVERAGE(O13^2,O21^2,O29^2)) -> 4474.8704 | Q38: =Q13+Q21+Q29 -> 2 | R38: =R13+R21+R29 -> 0 | S38: =S13+S21+S29 -> 8 | T38: =T13+T21+T29 -> 0 | U38: =IF(Q38>0,S38/Q38,"") -> 4 | W38: =SQRT(AVERAGE(W29^2)) -> 0 | Y38: =SUM(Y13,Y21,Y29) -> 2721.49 | Z38: =SUM(Z13,Z21,Z29) -> 0 | AA38: =Y38/IncidenceComplications!O35 -> 1360.745 | AC38: =SQRT(AVERAGE(AC29^2)) -> 10.472251 | AE38: =AE13+AE21+AE29 -> 82 | AF38: =AF13+AF21+AF29 -> 8 | AG38: =AG13+AG21+AG29 -> 888 | AH38: =AH13+AH21+AH29 -> 58 | AI38: =AG38/AE38 -> 10.829268 | AJ38: =AH38/AF38 -> 7.25 | AK38: =SQRT(AVERAGE(AK13^2,AK21^2,AK29^2)) -> 7.7911466 | AL38: =SQRT(AVERAGE(AL21^2,AL29^2)) -> 4.0187063 | AM38: =SUM(AM13,AM21,AM29) -> 357717.18 | AN38: =SUM(AN13,AN21,AN29) -> 32408.231 | AO38: =IF(AE38>0,AM38/AE38,"") -> 4362.4047 | AP38: =IF(AF38>0,AN38/AF38,"") -> 4051.0288 | AQ38: =SQRT(AVERAGE(AQ13^2,AQ21^2,AQ29^2)) -> 7049.669 | AR38: =SQRT(AVERAGE(AR13^2,AR21^2,AR29^2)) -> 4353.2538
B39: Total | C39: =C14+C22+C30 -> 458 | E39: =E14+E22+E30 -> 2047 | G39: =E39/C39 -> 4.4694323 | I39: {=SQRT(SUM(I32:I38^2*(C32:C38-1))/(SUM(C32:C38)-7))} -> 4.6683093 | K39: =SUM(K32:K38) -> 931253.77 | M39: =K39/C39 -> 2033.3052 | O39: {=SQRT(AVERAGE(O32:O38^2))} -> 2951.8442 | Q39: =Q14+Q22+Q30 -> 29 | R39: =R14+R22+R30 -> 11 | S39: =S14+S22+S30 -> 119 | T39: =T14+T22+T30 -> 42 | U39: =IF(Q39>0,S39/Q39,"") -> 4.1034483 | V39: =IF(R39>0,T39/R39,"") -> 3.8181818 | W39: {=SQRT(AVERAGE(W32:W38^2))} -> 1.7015399 | X39: {=SQRT(AVERAGE(X32:X38^2))} -> 0.65465367 | Y39: =SUM(Y32:Y38) -> 47320.382 | Z39: =SUM(Z32:Z38) -> 22916.979 | AA39: =Y39/IncidenceComplications!O36 -> 1631.7373 | AB39: =Z39/IncidenceComplications!P36 -> 2083.3617 | AC39: {=SQRT(AVERAGE(AC32:AC38^2))} -> 423.22255 | AD39: {=SQRT(AVERAGE(AD32:AD38^2))} -> 531.53719 | AE39: =AE14+AE22+AE30 -> 331 | AF39: =AF14+AF22+AF30 -> 42 | AG39: =AG14+AG22+AG30 -> 2644 | AH39: =AH14+AH22+AH30 -> 213 | AI39: =AG39/AE39 -> 7.9879154 | AJ39: =AH39/AF39 -> 5.0714286 | AK39: {=SQRT(AVERAGE(AK32:AK38^2))} -> 8.3663631 | AL39: {=SQRT(AVERAGE(AL32:AL38^2))} -> 2.2886018 | AM39: =SUM(AM32:AM38) -> 1322390 | AN39: =SUM(AN32:AN38) -> 117151.9 | AO39: =IF(AE39>0,AM39/AE39,"") -> 3995.136 | AP39: =IF(AF39>0,AN39/AF39,"") -> 2789.3309 | AQ39: {=SQRT(AVERAGE(AQ32:AQ38^2))} -> 12001.755 | AR39: {=SQRT(AVERAGE(AR32:AR38^2))} -> 1670.9019
AN41: =(AM39-AN39)+(Y39-Z39) -> 1229641.5
A43: INPATIENT COSTS | C43: Overall | Q43: AOM | AG43: CAP
C44: PERCENT INSURED WITH SERVICE USE | Q44: LOS | Y44: Costs | AG44: LOS | AO44: Costs
Q45: delta | T45: Testing influenza vs. Control | Y45: delta | AB45: Testing influenza vs. Control | AG45: delta | AJ45: Testing influenza vs. Control | AO45: delta | AR45: Testing influenza vs. Control
A46: Year | B46: Age group | C46: Flu | Q46: Sum | R46: Mean | S46: SD | T46: s2p | U46: test stat | V46: DF | W46: T-value | X46: p-Value | Y46: Sum | Z46: Mean | AA46: SD | AB46: s2p | AC46: test stat | AD46: DF | AE46: T-value | AF46: t-test | AG46: Sum | AH46: Mean | AI46: SD | AJ46: s2p | AK46: test stat | AL46: DF | AM46: T-value | AN46: t-test | AO46: Sum | AP46: Mean | AQ46: SD | AR46: s2p | AS46: test stat | AT46: DF | AU46: T-value | AV46: t-test
A47: 2012 | B47: 0 to 1 | C47: =Inpatient!C7/IncidenceComplications!G4 -> 0.023109244 | Q47: =Inpatient!S7-Inpatient!T7 -> 0 | R47: =Inpatient!U7-Inpatient!V7 -> 0 | S47: =SQRT(Inpatient!W7^2+Inpatient!X7^2) -> 0 | T47: =(Inpatient!$S7-1)*Inpatient!$W7+(Inpatient!$T7-1)*Inpatient!$X7/(Inpatient!$S7+Inpatient!$T7-2) -> 0 | U47: =IF(T47>0,ABS(R47)/(SQRT((Inpatient!W7/Inpatient!$S7)+(Inpatient!X7/Inpatient!$T7))),"n.a.") -> n.a. | V47: =(Inpatient!W7^2/Inpatient!$S7+Inpatient!X7^2/Inpatient!$T7)/((Inpatient!W7^2/Inpatient!$S7)/(Inpatient!$S7-1)+(Inpatient!X7^2/Inpatient!$T7)/(Inpatient!$T7-1)) -> #DIV/0! | W47: =_xlfn.T.INV.2T(0.05,V47) -> #DIV/0! | X47: =_xlfn.T.DIST.2T(U47,V47) -> #VALUE! | Y47: =Inpatient!Y7-Inpatient!Z7 -> 0 | Z47: =Inpatient!AA7-Inpatient!AB7 -> #VALUE! | AA47: =SQRT(Inpatient!AC7^2+Inpatient!AD7^2) -> 0 | AB47: =(Inpatient!$S7-1)*Inpatient!$AC7+(Inpatient!$T7-1)*Inpatient!$AD7/(Inpatient!$S7+Inpatient!$T7-2) -> 0 | AC47: =IF(AB47>0,ABS(Z47)/(AB47*SQRT((1/Inpatient!$S7)+(1/Inpatient!$T7))),"n.a.") -> n.a. | AD47: =(Inpatient!AC7^2/Inpatient!$S7+Inpatient!AD7^2/Inpatient!$T7)/((Inpatient!AC7^2/Inpatient!$S7)/(Inpatient!$S7-1)+(Inpatient!AD7^2/Inpatient!$T7)/(Inpatient!$T7-1)) -> #DIV/0! | AE47: =_xlfn.T.INV.2T(0.05,AD47) -> #DIV/0! | AF47: =_xlfn.T.DIST.2T(AC47,AD47) -> #VALUE! | AG47: =Inpatient!AG7-Inpatient!AH7 -> 25 | AH47: =Inpatient!AI7-Inpatient!AJ7 -> 5 | AI47: =SQRT(Inpatient!AK7^2+Inpatient!AL7^2) -> 1.2247449 | AJ47: =(Inpatient!$AG7-1)*Inpatient!$AK7+(Inpatient!$AH7-1)*Inpatient!$AL7/(Inpatient!$AG7+Inpatient!$AH7-2) -> 29.393877 | AK47: =ABS(AH47)/SQRT((Inpatient!AK7/Inpatient!$AG7)+(Inpatient!AL7/Inpatient!$AH7)) -> #DIV/0! | AL47: =(Inpatient!AK7^2/Inpatient!$AG7+Inpatient!AL7^2/Inpatient!$AH7)/((Inpatient!AK7^2/Inpatient!$AG7)/(Inpatient!$AG7-1)+(Inpatient!AL7^2/Inpatient!$AH7)/(Inpatient!$AH7-1)) -> #DIV/0! | AM47: =_xlfn.T.INV.2T(0.05,AL47) -> #DIV/0! | AN47: =_xlfn.T.DIST.2T(AK47,AL47) -> #DIV/0! | AO47: =Inpatient!AM7-Inpatient!AN7 -> 18394.542 | AP47: =Inpatient!AO7-Inpatient!AP7 -> 3678.9084 | AQ47: =SQRT(Inpatient!AQ7^2+Inpatient!AR7^2) -> 1894.538 | AR47: =(Inpatient!$AG7-1)*Inpatient!$AQ7+(Inpatient!$AH7-1)*Inpatient!$AR7/(Inpatient!$AG7+Inpatient!$AH7-2) -> 45468.911 | AS47: =ABS(AP47)/SQRT(Inpatient!AQ7^2/Inpatient!AE7+Inpatient!AR7^2/Inpatient!AF7) -> #DIV/0! | AT47: =(Inpatient!AQ7^2/Inpatient!$AG7+Inpatient!AR7^2/Inpatient!$AH7)/((Inpatient!AQ7^2/Inpatient!$AG7)/(Inpatient!$AG7-1)+(Inpatient!AR7^2/Inpatient!$AH7)/(Inpatient!$AH7-1)) -> #DIV/0! | AU47: =_xlfn.T.INV.2T(0.05,AT47) -> #DIV/0! | AV47: =_xlfn.T.DIST.2T(AS47,AT47) -> #DIV/0!
B48: 2 to 5 | C48: =Inpatient!C8/IncidenceComplications!G5 -> 0.0084745763 | Q48: =Inpatient!S8-Inpatient!T8 -> -3 | R48: =Inpatient!U8-Inpatient!V8 -> -3 | S48: =SQRT(Inpatient!W8^2+Inpatient!X8^2) -> 0 | T48: =(Inpatient!$S8-1)*Inpatient!$W8+(Inpatient!$T8-1)*Inpatient!$X8/(Inpatient!$S8+Inpatient!$T8-2) -> 0 | U48: =IF(T48>0,ABS(R48)/(SQRT((Inpatient!W8/Inpatient!$S8)+(Inpatient!X8/Inpatient!$T8))),"n.a.") -> n.a. | V48: =(Inpatient!W8^2/Inpatient!Q8+Inpatient!X8^2/Inpatient!R8)/((Inpatient!W8^2/Inpatient!Q8)/(Inpatient!Q8-1)+(Inpatient!X8^2/Inpatient!R8)/(Inpatient!R8-1)) -> #DIV/0! | W48: =_xlfn.T.INV.2T(0.05,V48) -> #DIV/0! | X48: =_xlfn.T.DIST.2T(U48,V48) -> #VALUE! | Y48: =Inpatient!Y8-Inpatient!Z8 -> -210.87905 | Z48: =Inpatient!AA8-Inpatient!AB8 -> -210.87905 | AA48: =SQRT(Inpatient!AC8^2+Inpatient!AD8^2) -> 0 | AB48: =(Inpatient!$S8-1)*Inpatient!$AC8+(Inpatient!$T8-1)*Inpatient!$AD8/(Inpatient!$S8+Inpatient!$T8-2) -> 0 | AC48: =IF(AB48>0,ABS(Z48)/(AB48*SQRT((1/Inpatient!$S8)+(1/Inpatient!$T8))),"n.a.") -> n.a. | AD48: =(Inpatient!AC8^2/Inpatient!$S8+Inpatient!AD8^2/Inpatient!$T8)/((Inpatient!AC8^2/Inpatient!$S8)/(Inpatient!$S8-1)+(Inpatient!AD8^2/Inpatient!$T8)/(Inpatient!$T8-1)) -> #DIV/0! | AE48: =_xlfn.T.INV.2T(0.05,AD48) -> #DIV/0! | AF48: =_xlfn.T.DIST.2T(AC48,AD48) -> #VALUE! | AG48: =Inpatient!AG8-Inpatient!AH8 -> 45 | AH48: =Inpatient!AI8-Inpatient!AJ8 -> 0 | AI48: =SQRT(Inpatient!AK8^2+Inpatient!AL8^2) -> 2.3734644 | AJ48: =(Inpatient!$AG8-1)*Inpatient!$AK8+(Inpatient!$AH8-1)*Inpatient!$AL8/(Inpatient!$AG8+Inpatient!$AH8-2) -> 104.2036 | AK48: =ABS(AH48)/SQRT((Inpatient!AK8/Inpatient!$AG8)+(Inpatient!AL8/Inpatient!$AH8)) -> 0 | AL48: =(Inpatient!AK8^2/Inpatient!$AG8+Inpatient!AL8^2/Inpatient!$AH8)/((Inpatient!AK8^2/Inpatient!$AG8)/(Inpatient!$AG8-1)+(Inpatient!AL8^2/Inpatient!$AH8)/(Inpatient!$AH8-1)) -> 29.475678 | AM48: =_xlfn.T.INV.2T(0.05,AL48) -> 2.0452296 | AN48: =_xlfn.T.DIST.2T(AK48,AL48) -> 1 | AO48: =Inpatient!AM8-Inpatient!AN8 -> 29887.395 | AP48: =Inpatient!AO8-Inpatient!AP8 -> 287.96852 | AQ48: =SQRT(Inpatient!AQ8^2+Inpatient!AR8^2) -> 728.62525 | AR48: =(Inpatient!$AG8-1)*Inpatient!$AQ8+(Inpatient!$AH8-1)*Inpatient!$AR8/(Inpatient!$AG8+Inpatient!$AH8-2) -> 49785.94 | AS48: =ABS(AP48)/SQRT(Inpatient!AQ8^2/Inpatient!AE8+Inpatient!AR8^2/Inpatient!AF8) -> 1.4895533 | AT48: =(Inpatient!AQ8^2/Inpatient!$AG8+Inpatient!AR8^2/Inpatient!$AH8)/((Inpatient!AQ8^2/Inpatient!$AG8)/(Inpatient!$AG8-1)+(Inpatient!AR8^2/Inpatient!$AH8)/(Inpatient!$AH8-1)) -> 54.168126 | AU48: =_xlfn.T.INV.2T(0.05,AT48) -> 2.0048793 | AV48: =_xlfn.T.DIST.2T(AS48,AT48) -> 0.14215956
B49: 6 to 9 | C49: =Inpatient!C9/IncidenceComplications!G6 -> 0.0054446461 | Q49: =Inpatient!S9-Inpatient!T9 -> -6 | R49: =Inpatient!U9-Inpatient!V9 -> -3 | S49: =SQRT(Inpatient!W9^2+Inpatient!X9^2) -> 0 | T49: =(Inpatient!$S9-1)*Inpatient!$W9+(Inpatient!$T9-1)*Inpatient!$X9/(Inpatient!$S9+Inpatient!$T9-2) -> 0 | U49: =IF(T49>0,ABS(R49)/(SQRT((Inpatient!W9/Inpatient!$S9)+(Inpatient!X9/Inpatient!$T9))),"n.a.") -> n.a. | V49: =(Inpatient!W9^2/Inpatient!Q9+Inpatient!X9^2/Inpatient!R9)/((Inpatient!W9^2/Inpatient!Q9)/(Inpatient!Q9-1)+(Inpatient!X9^2/Inpatient!R9)/(Inpatient!R9-1)) -> #DIV/0! | W49: =_xlfn.T.INV.2T(0.05,V49) -> #DIV/0! | X49: =_xlfn.T.DIST.2T(U49,V49) -> #VALUE! | Y49: =Inpatient!Y9-Inpatient!Z9 -> -4740.1412 | Z49: =Inpatient!AA9-Inpatient!AB9 -> #VALUE! | AA49: =SQRT(Inpatient!AC9^2+Inpatient!AD9^2) -> 1161.4162 | AB49: =(Inpatient!$S9-1)*Inpatient!$AC9+(Inpatient!$T9-1)*Inpatient!$AD9/(Inpatient!$S9+Inpatient!$T9-2) -> 1451.7703 | AC49: =IF(AB49>0,ABS(Z49)/(AB49*SQRT((1/Inpatient!$S9)+(1/Inpatient!$T9))),"n.a.") -> #VALUE! | AD49: =(Inpatient!AC9^2/Inpatient!$S9+Inpatient!AD9^2/Inpatient!$T9)/((Inpatient!AC9^2/Inpatient!$S9)/(Inpatient!$S9-1)+(Inpatient!AD9^2/Inpatient!$T9)/(Inpatient!$T9-1)) -> #DIV/0! | AE49: =_xlfn.T.INV.2T(0.05,AD49) -> #DIV/0! | AF49: =_xlfn.T.DIST.2T(AC49,AD49) -> #VALUE! | AG49: =Inpatient!AG9-Inpatient!AH9 -> 52 | AH49: =Inpatient!AI9-Inpatient!AJ9 -> 3 | AI49: =SQRT(Inpatient!AK9^2+Inpatient!AL9^2) -> 3.8172541 | AJ49: =(Inpatient!$AG9-1)*Inpatient!$AK9+(Inpatient!$AH9-1)*Inpatient!$AL9/(Inpatient!$AG9+Inpatient!$AH9-2) -> 209.94897 | AK49: =ABS(AH49)/SQRT((Inpatient!AK9/Inpatient!$AG9)+(Inpatient!AL9/Inpatient!$AH9)) -> 11.490521 | AL49: =(Inpatient!AK9^2/Inpatient!$AG9+Inpatient!AL9^2/Inpatient!$AH9)/((Inpatient!AK9^2/Inpatient!$AG9)/(Inpatient!$AG9-1)+(Inpatient!AL9^2/Inpatient!$AH9)/(Inpatient!$AH9-1)) -> 55 | AM49: =_xlfn.T.INV.2T(0.05,AL49) -> 2.0040448 | AN49: =_xlfn.T.DIST.2T(AK49,AL49) -> 3.051856e-16 | AO49: =Inpatient!AM9-Inpatient!AN9 -> 18717.107 | AP49: =Inpatient!AO9-Inpatient!AP9 -> 145.35414 | AQ49: =SQRT(Inpatient!AQ9^2+Inpatient!AR9^2) -> 579.55899 | AR49: =(Inpatient!$AG9-1)*Inpatient!$AQ9+(Inpatient!$AH9-1)*Inpatient!$AR9/(Inpatient!$AG9+Inpatient!$AH9-2) -> 31875.744 | AS49: =ABS(AP49)/SQRT(Inpatient!AQ9^2/Inpatient!AE9+Inpatient!AR9^2/Inpatient!AF9) -> 0.70937315 | AT49: =(Inpatient!AQ9^2/Inpatient!$AG9+Inpatient!AR9^2/Inpatient!$AH9)/((Inpatient!AQ9^2/Inpatient!$AG9)/(Inpatient!$AG9-1)+(Inpatient!AR9^2/Inpatient!$AH9)/(Inpatient!$AH9-1)) -> 55 | AU49: =_xlfn.T.INV.2T(0.05,AT49) -> 2.0040448 | AV49: =_xlfn.T.DIST.2T(AS49,AT49) -> 0.48108944
B50: 10 to 17 | C50: =Inpatient!C10/IncidenceComplications!G7 -> 0.0063976378 | Q50: =Inpatient!S10-Inpatient!T10 -> 0 | R50: =Inpatient!U10-Inpatient!V10 -> 0 | S50: =SQRT(Inpatient!W10^2+Inpatient!X10^2) -> 0 | T50: =(Inpatient!$S10-1)*Inpatient!$W10+(Inpatient!$T10-1)*Inpatient!$X10/(Inpatient!$S10+Inpatient!$T10-2) -> 0 | U50: =IF(T50>0,ABS(R50)/(SQRT((Inpatient!W10/Inpatient!$S10)+(Inpatient!X10/Inpatient!$T10))),"n.a.") -> n.a. | V50: =(Inpatient!W10^2/Inpatient!Q10+Inpatient!X10^2/Inpatient!R10)/((Inpatient!W10^2/Inpatient!Q10)/(Inpatient!Q10-1)+(Inpatient!X10^2/Inpatient!R10)/(Inpatient!R10-1)) -> #DIV/0! | W50: =_xlfn.T.INV.2T(0.05,V50) -> #DIV/0! | X50: =_xlfn.T.DIST.2T(U50,V50) -> #VALUE! | Y50: =Inpatient!Y10-Inpatient!Z10 -> 0 | Z50: =Inpatient!AA10-Inpatient!AB10 -> #VALUE! | AA50: =SQRT(Inpatient!AC10^2+Inpatient!AD10^2) -> 0 | AB50: =(Inpatient!$S10-1)*Inpatient!$AC10+(Inpatient!$T10-1)*Inpatient!$AD10/(Inpatient!$S10+Inpatient!$T10-2) -> 0 | AC50: =IF(AB50>0,ABS(Z50)/(AB50*SQRT((1/Inpatient!$S10)+(1/Inpatient!$T10))),"n.a.") -> n.a. | AD50: =(Inpatient!AC10^2/Inpatient!$S10+Inpatient!AD10^2/Inpatient!$T10)/((Inpatient!AC10^2/Inpatient!$S10)/(Inpatient!$S10-1)+(Inpatient!AD10^2/Inpatient!$T10)/(Inpatient!$T10-1)) -> #DIV/0! | AE50: =_xlfn.T.INV.2T(0.05,AD50) -> #DIV/0! | AF50: =_xlfn.T.DIST.2T(AC50,AD50) -> #VALUE! | AG50: =Inpatient!AG10-Inpatient!AH10 -> 46 | AH50: =Inpatient!AI10-Inpatient!AJ10 -> 7.6666667 | AI50: =SQRT(Inpatient!AK10^2+Inpatient!AL10^2) -> 4.3204938 | AJ50: =(Inpatient!$AG10-1)*Inpatient!$AK10+(Inpatient!$AH10-1)*Inpatient!$AL10/(Inpatient!$AG10+Inpatient!$AH10-2) -> 194.42222 | AK50: =ABS(AH50)/SQRT((Inpatient!AK10/Inpatient!$AG10)+(Inpatient!AL10/Inpatient!$AH10)) -> #DIV/0! | AL50: =(Inpatient!AK10^2/Inpatient!$AG10+Inpatient!AL10^2/Inpatient!$AH10)/((Inpatient!AK10^2/Inpatient!$AG10)/(Inpatient!$AG10-1)+(Inpatient!AL10^2/Inpatient!$AH10)/(Inpatient!$AH10-1)) -> #DIV/0! | AM50: =_xlfn.T.INV.2T(0.05,AL50) -> #DIV/0! | AN50: =_xlfn.T.DIST.2T(AK50,AL50) -> #DIV/0! | AO50: =Inpatient!AM10-Inpatient!AN10 -> 13855.537 | AP50: =Inpatient!AO10-Inpatient!AP10 -> 2309.2561 | AQ50: =SQRT(Inpatient!AQ10^2+Inpatient!AR10^2) -> 134.64717 | AR50: =(Inpatient!$AG10-1)*Inpatient!$AQ10+(Inpatient!$AH10-1)*Inpatient!$AR10/(Inpatient!$AG10+Inpatient!$AH10-2) -> 6059.1225 | AS50: =ABS(AP50)/SQRT(Inpatient!AQ10^2/Inpatient!AE10+Inpatient!AR10^2/Inpatient!AF10) -> #DIV/0! | AT50: =(Inpatient!AQ10^2/Inpatient!$AG10+Inpatient!AR10^2/Inpatient!$AH10)/((Inpatient!AQ10^2/Inpatient!$AG10)/(Inpatient!$AG10-1)+(Inpatient!AR10^2/Inpatient!$AH10)/(Inpatient!$AH10-1)) -> #DIV/0! | AU50: =_xlfn.T.INV.2T(0.05,AT50) -> #DIV/0! | AV50: =_xlfn.T.DIST.2T(AS50,AT50) -> #DIV/0!
B51: 18 to 34 | C51: =Inpatient!C11/IncidenceComplications!G8 -> 0.0027268596 | Q51: =Inpatient!S11-Inpatient!T11 -> 10 | R51: =Inpatient!U11-Inpatient!V11 -> 10 | S51: =SQRT(Inpatient!W11^2+Inpatient!X11^2) -> 0 | T51: =(Inpatient!$S11-1)*Inpatient!$W11+(Inpatient!$T11-1)*Inpatient!$X11/(Inpatient!$S11+Inpatient!$T11-2) -> 0 | U51: =IF(T51>0,ABS(R51)/(SQRT((Inpatient!W11/Inpatient!$S11)+(Inpatient!X11/Inpatient!$T11))),"n.a.") -> n.a. | V51: =(Inpatient!W11^2/Inpatient!Q11+Inpatient!X11^2/Inpatient!R11)/((Inpatient!W11^2/Inpatient!Q11)/(Inpatient!Q11-1)+(Inpatient!X11^2/Inpatient!R11)/(Inpatient!R11-1)) -> #DIV/0! | W51: =_xlfn.T.INV.2T(0.05,V51) -> #DIV/0! | X51: =_xlfn.T.DIST.2T(U51,V51) -> #VALUE! | Y51: =Inpatient!Y11-Inpatient!Z11 -> 1094.315 | Z51: =Inpatient!AA11-Inpatient!AB11 -> 1094.315 | AA51: =SQRT(Inpatient!AC11^2+Inpatient!AD11^2) -> 0 | AB51: =(Inpatient!$S11-1)*Inpatient!$AC11+(Inpatient!$T11-1)*Inpatient!$AD11/(Inpatient!$S11+Inpatient!$T11-2) -> 0 | AC51: =IF(AB51>0,ABS(Z51)/(AB51*SQRT((1/Inpatient!$S11)+(1/Inpatient!$T11))),"n.a.") -> n.a. | AD51: =(Inpatient!AC11^2/Inpatient!$S11+Inpatient!AD11^2/Inpatient!$T11)/((Inpatient!AC11^2/Inpatient!$S11)/(Inpatient!$S11-1)+(Inpatient!AD11^2/Inpatient!$T11)/(Inpatient!$T11-1)) -> #DIV/0! | AE51: =_xlfn.T.INV.2T(0.05,AD51) -> #DIV/0! | AF51: =_xlfn.T.DIST.2T(AC51,AD51) -> #VALUE! | AG51: =Inpatient!AG11-Inpatient!AH11 -> 87 | AH51: =Inpatient!AI11-Inpatient!AJ11 -> 6.6923077 | AI51: =SQRT(Inpatient!AK11^2+Inpatient!AL11^2) -> 3.3760089 | AJ51: =(Inpatient!$AG11-1)*Inpatient!$AK11+(Inpatient!$AH11-1)*Inpatient!$AL11/(Inpatient!$AG11+Inpatient!$AH11-2) -> 290.33676 | AK51: =ABS(AH51)/SQRT((Inpatient!AK11/Inpatient!$AG11)+(Inpatient!AL11/Inpatient!$AH11)) -> #DIV/0! | AL51: =(Inpatient!AK11^2/Inpatient!$AG11+Inpatient!AL11^2/Inpatient!$AH11)/((Inpatient!AK11^2/Inpatient!$AG11)/(Inpatient!$AG11-1)+(Inpatient!AL11^2/Inpatient!$AH11)/(Inpatient!$AH11-1)) -> #DIV/0! | AM51: =_xlfn.T.INV.2T(0.05,AL51) -> #DIV/0! | AN51: =_xlfn.T.DIST.2T(AK51,AL51) -> #DIV/0! | AO51: =Inpatient!AM11-Inpatient!AN11 -> 28430.371 | AP51: =Inpatient!AO11-Inpatient!AP11 -> 2186.9516 | AQ51: =SQRT(Inpatient!AQ11^2+Inpatient!AR11^2) -> 180.37817 | AR51: =(Inpatient!$AG11-1)*Inpatient!$AQ11+(Inpatient!$AH11-1)*Inpatient!$AR11/(Inpatient!$AG11+Inpatient!$AH11-2) -> 15512.523 | AS51: =ABS(AP51)/SQRT(Inpatient!AQ11^2/Inpatient!AE11+Inpatient!AR11^2/Inpatient!AF11) -> #DIV/0! | AT51: =(Inpatient!AQ11^2/Inpatient!$AG11+Inpatient!AR11^2/Inpatient!$AH11)/((Inpatient!AQ11^2/Inpatient!$AG11)/(Inpatient!$AG11-1)+(Inpatient!AR11^2/Inpatient!$AH11)/(Inpatient!$AH11-1)) -> #DIV/0! | AU51: =_xlfn.T.INV.2T(0.05,AT51) -> #DIV/0! | AV51: =_xlfn.T.DIST.2T(AS51,AT51) -> #DIV/0!
B52: 35 to 59 | C52: =Inpatient!C12/IncidenceComplications!G9 -> 0.0018991348 | Q52: =Inpatient!S12-Inpatient!T12 -> 4 | R52: =Inpatient!U12-Inpatient!V12 -> 4 | S52: =SQRT(Inpatient!W12^2+Inpatient!X12^2) -> 0 | T52: =(Inpatient!$S12-1)*Inpatient!$W12+(Inpatient!$T12-1)*Inpatient!$X12/(Inpatient!$S12+Inpatient!$T12-2) -> 0 | U52: =IF(T52>0,ABS(R52)/(SQRT((Inpatient!W12/Inpatient!$S12)+(Inpatient!X12/Inpatient!$T12))),"n.a.") -> n.a. | V52: =(Inpatient!W12^2/Inpatient!Q12+Inpatient!X12^2/Inpatient!R12)/((Inpatient!W12^2/Inpatient!Q12)/(Inpatient!Q12-1)+(Inpatient!X12^2/Inpatient!R12)/(Inpatient!R12-1)) -> #DIV/0! | W52: =_xlfn.T.INV.2T(0.05,V52) -> #DIV/0! | X52: =_xlfn.T.DIST.2T(U52,V52) -> #VALUE! | Y52: =Inpatient!Y12-Inpatient!Z12 -> 1776.9612 | Z52: =Inpatient!AA12-Inpatient!AB12 -> #VALUE! | AA52: =SQRT(Inpatient!AC12^2+Inpatient!AD12^2) -> 0 | AB52: =(Inpatient!$S12-1)*Inpatient!$AC12+(Inpatient!$T12-1)*Inpatient!$AD12/(Inpatient!$S12+Inpatient!$T12-2) -> 0 | AC52: =IF(AB52>0,ABS(Z52)/(AB52*SQRT((1/Inpatient!$S12)+(1/Inpatient!$T12))),"n.a.") -> n.a. | AD52: =(Inpatient!AC12^2/Inpatient!$S12+Inpatient!AD12^2/Inpatient!$T12)/((Inpatient!AC12^2/Inpatient!$S12)/(Inpatient!$S12-1)+(Inpatient!AD12^2/Inpatient!$T12)/(Inpatient!$T12-1)) -> #DIV/0! | AE52: =_xlfn.T.INV.2T(0.05,AD52) -> #DIV/0! | AF52: =_xlfn.T.DIST.2T(AC52,AD52) -> #VALUE! | AG52: =Inpatient!AG12-Inpatient!AH12 -> 147 | AH52: =Inpatient!AI12-Inpatient!AJ12 -> 3.5217391 | AI52: =SQRT(Inpatient!AK12^2+Inpatient!AL12^2) -> 3.1315051 | AJ52: =(Inpatient!$AG12-1)*Inpatient!$AK12+(Inpatient!$AH12-1)*Inpatient!$AL12/(Inpatient!$AG12+Inpatient!$AH12-2) -> 466.59426 | AK52: =ABS(AH52)/SQRT((Inpatient!AK12/Inpatient!$AG12)+(Inpatient!AL12/Inpatient!$AH12)) -> 24.373969 | AL52: =(Inpatient!AK12^2/Inpatient!$AG12+Inpatient!AL12^2/Inpatient!$AH12)/((Inpatient!AK12^2/Inpatient!$AG12)/(Inpatient!$AG12-1)+(Inpatient!AL12^2/Inpatient!$AH12)/(Inpatient!$AH12-1)) -> 149 | AM52: =_xlfn.T.INV.2T(0.05,AL52) -> 1.9760132 | AN52: =_xlfn.T.DIST.2T(AK52,AL52) -> 7.451956e-54 | AO52: =Inpatient!AM12-Inpatient!AN12 -> 51896.477 | AP52: =Inpatient!AO12-Inpatient!AP12 -> 169.83015 | AQ52: =SQRT(Inpatient!AQ12^2+Inpatient!AR12^2) -> 594.01466 | AR52: =(Inpatient!$AG12-1)*Inpatient!$AQ12+(Inpatient!$AH12-1)*Inpatient!$AR12/(Inpatient!$AG12+Inpatient!$AH12-2) -> 88508.184 | AS52: =ABS(AP52)/SQRT(Inpatient!AQ12^2/Inpatient!AE12+Inpatient!AR12^2/Inpatient!AF12) -> 1.3711392 | AT52: =(Inpatient!AQ12^2/Inpatient!$AG12+Inpatient!AR12^2/Inpatient!$AH12)/((Inpatient!AQ12^2/Inpatient!$AG12)/(Inpatient!$AG12-1)+(Inpatient!AR12^2/Inpatient!$AH12)/(Inpatient!$AH12-1)) -> 149 | AU52: =_xlfn.T.INV.2T(0.05,AT52) -> 1.9760132 | AV52: =_xlfn.T.DIST.2T(AS52,AT52) -> 0.17239316
B53: 60 plus | C53: =Inpatient!C13/IncidenceComplications!G10 -> 0.0056474385 | Q53: =Inpatient!S13-Inpatient!T13 -> 0 | R53: =Inpatient!U13-Inpatient!V13 -> 0 | S53: =SQRT(Inpatient!W13^2+Inpatient!X13^2) -> 0 | T53: =(Inpatient!$S13-1)*Inpatient!$W13+(Inpatient!$T13-1)*Inpatient!$X13/(Inpatient!$S13+Inpatient!$T13-2) -> 0 | U53: =IF(T53>0,ABS(R53)/(SQRT((Inpatient!W13/Inpatient!$S13)+(Inpatient!X13/Inpatient!$T13))),"n.a.") -> n.a. | V53: =(Inpatient!W13^2/Inpatient!Q13+Inpatient!X13^2/Inpatient!R13)/((Inpatient!W13^2/Inpatient!Q13)/(Inpatient!Q13-1)+(Inpatient!X13^2/Inpatient!R13)/(Inpatient!R13-1)) -> #DIV/0! | W53: =_xlfn.T.INV.2T(0.05,V53) -> #DIV/0! | X53: =_xlfn.T.DIST.2T(U53,V53) -> #VALUE! | Y53: =Inpatient!Y13-Inpatient!Z13 -> 0 | Z53: =Inpatient!AA13-Inpatient!AB13 -> #VALUE! | AA53: =SQRT(Inpatient!AC13^2+Inpatient!AD13^2) -> 0 | AB53: =(Inpatient!$S13-1)*Inpatient!$AC13+(Inpatient!$T13-1)*Inpatient!$AD13/(Inpatient!$S13+Inpatient!$T13-2) -> 0 | AC53: =IF(AB53>0,ABS(Z53)/(AB53*SQRT((1/Inpatient!$S13)+(1/Inpatient!$T13))),"n.a.") -> n.a. | AD53: =(Inpatient!AC13^2/Inpatient!$S13+Inpatient!AD13^2/Inpatient!$T13)/((Inpatient!AC13^2/Inpatient!$S13)/(Inpatient!$S13-1)+(Inpatient!AD13^2/Inpatient!$T13)/(Inpatient!$T13-1)) -> #DIV/0! | AE53: =_xlfn.T.INV.2T(0.05,AD53) -> #DIV/0! | AF53: =_xlfn.T.DIST.2T(AC53,AD53) -> #VALUE! | AG53: =Inpatient!AG13-Inpatient!AH13 -> 209 | AH53: =Inpatient!AI13-Inpatient!AJ13 -> 5.7058824 | AI53: =SQRT(Inpatient!AK13^2+Inpatient!AL13^2) -> 10.402912 | AJ53: =(Inpatient!$AG13-1)*Inpatient!$AK13+(Inpatient!$AH13-1)*Inpatient!$AL13/(Inpatient!$AG13+Inpatient!$AH13-2) -> 2236.6262 | AK53: =ABS(AH53)/SQRT((Inpatient!AK13/Inpatient!$AG13)+(Inpatient!AL13/Inpatient!$AH13)) -> 25.999932 | AL53: =(Inpatient!AK13^2/Inpatient!$AG13+Inpatient!AL13^2/Inpatient!$AH13)/((Inpatient!AK13^2/Inpatient!$AG13)/(Inpatient!$AG13-1)+(Inpatient!AL13^2/Inpatient!$AH13)/(Inpatient!$AH13-1)) -> 215 | AM53: =_xlfn.T.INV.2T(0.05,AL53) -> 1.9710591 | AN53: =_xlfn.T.DIST.2T(AK53,AL53) -> 2.6303485e-68 | AO53: =Inpatient!AM13-Inpatient!AN13 -> 75819.017 | AP53: =Inpatient!AO13-Inpatient!AP13 -> 207.39835 | AQ53: =SQRT(Inpatient!AQ13^2+Inpatient!AR13^2) -> 5500.724 | AR53: =(Inpatient!$AG13-1)*Inpatient!$AQ13+(Inpatient!$AH13-1)*Inpatient!$AR13/(Inpatient!$AG13+Inpatient!$AH13-2) -> 1182655.7 | AS53: =ABS(AP53)/SQRT(Inpatient!AQ13^2/Inpatient!AE13+Inpatient!AR13^2/Inpatient!AF13) -> 0.15545686 | AT53: =(Inpatient!AQ13^2/Inpatient!$AG13+Inpatient!AR13^2/Inpatient!$AH13)/((Inpatient!AQ13^2/Inpatient!$AG13)/(Inpatient!$AG13-1)+(Inpatient!AR13^2/Inpatient!$AH13)/(Inpatient!$AH13-1)) -> 215 | AU53: =_xlfn.T.INV.2T(0.05,AT53) -> 1.9710591 | AV53: =_xlfn.T.DIST.2T(AS53,AT53) -> 0.87660701
B54: Total | C54: =Inpatient!C14/IncidenceComplications!G11 -> 0.0039237195 | Q54: =Inpatient!S14-Inpatient!T14 -> 5 | R54: =Inpatient!U14-Inpatient!V14 -> 2.8333333 | S54: =SQRT(Inpatient!W14^2+Inpatient!X14^2) -> 0 | T54: =(Inpatient!$S14-1)*Inpatient!$W14+(Inpatient!$T14-1)*Inpatient!$X14/(Inpatient!$S14+Inpatient!$T14-2) -> 0 | U54: =IF(T54>0,ABS(R54)/(SQRT((Inpatient!W14/Inpatient!$S14)+(Inpatient!X14/Inpatient!$T14))),"n.a.") -> n.a. | V54: =(Inpatient!W14^2/Inpatient!Q14+Inpatient!X14^2/Inpatient!R14)/((Inpatient!W14^2/Inpatient!Q14)/(Inpatient!Q14-1)+(Inpatient!X14^2/Inpatient!R14)/(Inpatient!R14-1)) -> #DIV/0! | W54: =_xlfn.T.INV.2T(0.05,V54) -> #DIV/0! | X54: =_xlfn.T.DIST.2T(U54,V54) -> #VALUE! | Y54: =Inpatient!Y14-Inpatient!Z14 -> -2079.7441 | Z54: =Inpatient!AA14-Inpatient!AB14 -> -35.207595 | AA54: =SQRT(Inpatient!AC14^2+Inpatient!AD14^2) -> 1161.4162 | AB54: =(Inpatient!$S14-1)*Inpatient!$AC14+(Inpatient!$T14-1)*Inpatient!$AD14/(Inpatient!$S14+Inpatient!$T14-2) -> 487.04551 | AC54: =IF(AB54>0,ABS(Z54)/(AB54*SQRT((1/Inpatient!$S14)+(1/Inpatient!$T14))),"n.a.") -> 0.20523464 | AD54: =(Inpatient!AC14^2/Inpatient!$S14+Inpatient!AD14^2/Inpatient!$T14)/((Inpatient!AC14^2/Inpatient!$S14)/(Inpatient!$S14-1)+(Inpatient!AD14^2/Inpatient!$T14)/(Inpatient!$T14-1)) -> 13 | AE54: =_xlfn.T.INV.2T(0.05,AD54) -> 2.1603687 | AF54: =_xlfn.T.DIST.2T(AC54,AD54) -> 0.84056752 | AG54: =Inpatient!AG14-Inpatient!AH14 -> 611 | AH54: =Inpatient!AI14-Inpatient!AJ14 -> 2.8535354 | AI54: =SQRT(Inpatient!AK14^2+Inpatient!AL14^2) -> 5.2207796 | AJ54: =(Inpatient!$AG14-1)*Inpatient!$AK14+(Inpatient!$AH14-1)*Inpatient!$AL14/(Inpatient!$AG14+Inpatient!$AH14-2) -> 3173.1266 | AK54: =ABS(AH54)/SQRT((Inpatient!AK14/Inpatient!$AG14)+(Inpatient!AL14/Inpatient!$AH14)) -> 12.382644 | AL54: =(Inpatient!AK14^2/Inpatient!$AG14+Inpatient!AL14^2/Inpatient!$AH14)/((Inpatient!AK14^2/Inpatient!$AG14)/(Inpatient!$AG14-1)+(Inpatient!AL14^2/Inpatient!$AH14)/(Inpatient!$AH14-1)) -> 55.61452 | AM54: =_xlfn.T.INV.2T(0.05,AL54) -> 2.0040448 | AN54: =_xlfn.T.DIST.2T(AK54,AL54) -> 1.5415627e-17 | AO54: =Inpatient!AM14-Inpatient!AN14 -> 237000.44 | AP54: =Inpatient!AO14-Inpatient!AP14 -> 261.80217 | AQ54: =SQRT(Inpatient!AQ14^2+Inpatient!AR14^2) -> 2247.5099 | AR54: =(Inpatient!$AG14-1)*Inpatient!$AQ14+(Inpatient!$AH14-1)*Inpatient!$AR14/(Inpatient!$AG14+Inpatient!$AH14-2) -> 1457298.1 | AS54: =ABS(AP54)/SQRT(Inpatient!AQ14^2/Inpatient!AE14+Inpatient!AR14^2/Inpatient!AF14) -> 1.0564011 | AT54: =(Inpatient!AQ14^2/Inpatient!$AG14+Inpatient!AR14^2/Inpatient!$AH14)/((Inpatient!AQ14^2/Inpatient!$AG14)/(Inpatient!$AG14-1)+(Inpatient!AR14^2/Inpatient!$AH14)/(Inpatient!$AH14-1)) -> 238.41605 | AU54: =_xlfn.T.INV.2T(0.05,AT54) -> 1.9699815 | AV54: =_xlfn.T.DIST.2T(AS54,AT54) -> 0.29185611
A55: 2013 | B55: 0 to 1 | C55: =Inpatient!C15/IncidenceComplications!G12 -> 0.028150134 | Q55: =Inpatient!S15-Inpatient!T15 -> 0 | R55: =Inpatient!U15-Inpatient!V15 -> 0 | S55: =SQRT(Inpatient!W15^2+Inpatient!X15^2) -> 0 | T55: =(Inpatient!$S15-1)*Inpatient!$W15+(Inpatient!$T15-1)*Inpatient!$X15/(Inpatient!$S15+Inpatient!$T15-2) -> 0 | U55: =IF(T55>0,ABS(R55)/(SQRT((Inpatient!W15/Inpatient!$S15)+(Inpatient!X15/Inpatient!$T15))),"n.a.") -> n.a. | V55: =(Inpatient!W15^2/Inpatient!Q15+Inpatient!X15^2/Inpatient!R15)/((Inpatient!W15^2/Inpatient!Q15)/(Inpatient!Q15-1)+(Inpatient!X15^2/Inpatient!R15)/(Inpatient!R15-1)) -> #DIV/0! | W55: =_xlfn.T.INV.2T(0.05,V55) -> #DIV/0! | X55: =_xlfn.T.DIST.2T(U55,V55) -> #VALUE! | Y55: =Inpatient!Y15-Inpatient!Z15 -> 0 | Z55: =Inpatient!AA15-Inpatient!AB15 -> #VALUE! | AA55: =SQRT(Inpatient!AC15^2+Inpatient!AD15^2) -> 0 | AB55: =(Inpatient!$S15-1)*Inpatient!$AC15+(Inpatient!$T15-1)*Inpatient!$AD15/(Inpatient!$S15+Inpatient!$T15-2) -> 0 | AC55: =IF(AB55>0,ABS(Z55)/(AB55*SQRT((1/Inpatient!$S15)+(1/Inpatient!$T15))),"n.a.") -> n.a. | AD55: =(Inpatient!AC15^2/Inpatient!$S15+Inpatient!AD15^2/Inpatient!$T15)/((Inpatient!AC15^2/Inpatient!$S15)/(Inpatient!$S15-1)+(Inpatient!AD15^2/Inpatient!$T15)/(Inpatient!$T15-1)) -> #DIV/0! | AE55: =_xlfn.T.INV.2T(0.05,AD55) -> #DIV/0! | AF55: =_xlfn.T.DIST.2T(AC55,AD55) -> #VALUE! | AG55: =Inpatient!AG15-Inpatient!AH15 -> 173 | AH55: =Inpatient!AI15-Inpatient!AJ15 -> 7.375 | AI55: =SQRT(Inpatient!AK15^2+Inpatient!AL15^2) -> 23.994791 | AJ55: =(Inpatient!$AG15-1)*Inpatient!$AK15+(Inpatient!$AH15-1)*Inpatient!$AL15/(Inpatient!$AG15+Inpatient!$AH15-2) -> 4712.7874 | AK55: =ABS(AH55)/SQRT((Inpatient!AK15/Inpatient!$AG15)+(Inpatient!AL15/Inpatient!$AH15)) -> 16.673318 | AL55: =(Inpatient!AK15^2/Inpatient!$AG15+Inpatient!AL15^2/Inpatient!$AH15)/((Inpatient!AK15^2/Inpatient!$AG15)/(Inpatient!$AG15-1)+(Inpatient!AL15^2/Inpatient!$AH15)/(Inpatient!$AH15-1)) -> 147.78233 | AM55: =_xlfn.T.INV.2T(0.05,AL55) -> 1.9762333 | AN55: =_xlfn.T.DIST.2T(AK55,AL55) -> 1.0458256e-35 | AO55: =Inpatient!AM15-Inpatient!AN15 -> 191316.39 | AP55: =Inpatient!AO15-Inpatient!AP15 -> 10064.004 | AQ55: =SQRT(Inpatient!AQ15^2+Inpatient!AR15^2) -> 37767.371 | AR55: =(Inpatient!$AG15-1)*Inpatient!$AQ15+(Inpatient!$AH15-1)*Inpatient!$AR15/(Inpatient!$AG15+Inpatient!$AH15-2) -> 7439355.1 | AS55: =ABS(AP55)/SQRT(Inpatient!AQ15^2/Inpatient!AE15+Inpatient!AR15^2/Inpatient!AF15) -> 1.0656168 | AT55: =(Inpatient!AQ15^2/Inpatient!$AG15+Inpatient!AR15^2/Inpatient!$AH15)/((Inpatient!AQ15^2/Inpatient!$AG15)/(Inpatient!$AG15-1)+(Inpatient!AR15^2/Inpatient!$AH15)/(Inpatient!$AH15-1)) -> 194.37903 | AU55: =_xlfn.T.INV.2T(0.05,AT55) -> 1.9722675 | AV55: =_xlfn.T.DIST.2T(AS55,AT55) -> 0.28792131
B56: 2 to 5 | C56: =Inpatient!C16/IncidenceComplications!G13 -> 0.014697406 | Q56: =Inpatient!S16-Inpatient!T16 -> 2 | R56: =Inpatient!U16-Inpatient!V16 -> -1.5 | S56: =SQRT(Inpatient!W16^2+Inpatient!X16^2) -> 2.1213203 | T56: =(Inpatient!$S16-1)*Inpatient!$W16+(Inpatient!$T16-1)*Inpatient!$X16/(Inpatient!$S16+Inpatient!$T16-2) -> 12.727922 | U56: =IF(T56>0,ABS(R56)/(SQRT((Inpatient!W16/Inpatient!$S16)+(Inpatient!X16/Inpatient!$T16))),"n.a.") -> 2.7248158 | V56: =(Inpatient!W16^2/Inpatient!Q16+Inpatient!X16^2/Inpatient!R16)/((Inpatient!W16^2/Inpatient!Q16)/(Inpatient!Q16-1)+(Inpatient!X16^2/Inpatient!R16)/(Inpatient!R16-1)) -> #DIV/0! | W56: =_xlfn.T.INV.2T(0.05,V56) -> #DIV/0! | X56: =_xlfn.T.DIST.2T(U56,V56) -> #DIV/0! | Y56: =Inpatient!Y16-Inpatient!Z16 -> 935.01728 | Z56: =Inpatient!AA16-Inpatient!AB16 -> -514.61686 | AA56: =SQRT(Inpatient!AC16^2+Inpatient!AD16^2) -> 147.51613 | AB56: =(Inpatient!$S16-1)*Inpatient!$AC16+(Inpatient!$T16-1)*Inpatient!$AD16/(Inpatient!$S16+Inpatient!$T16-2) -> 885.0968 | AC56: =IF(AB56>0,ABS(Z56)/(AB56*SQRT((1/Inpatient!$S16)+(1/Inpatient!$T16))),"n.a.") -> 0.99297118 | AD56: =(Inpatient!AC16^2/Inpatient!$S16+Inpatient!AD16^2/Inpatient!$T16)/((Inpatient!AC16^2/Inpatient!$S16)/(Inpatient!$S16-1)+(Inpatient!AD16^2/Inpatient!$T16)/(Inpatient!$T16-1)) -> 6 | AE56: =_xlfn.T.INV.2T(0.05,AD56) -> 2.4469119 | AF56: =_xlfn.T.DIST.2T(AC56,AD56) -> 0.35906557 | AG56: =Inpatient!AG16-Inpatient!AH16 -> 180 | AH56: =Inpatient!AI16-Inpatient!AJ16 -> 0.70634921 | AI56: =SQRT(Inpatient!AK16^2+Inpatient!AL16^2) -> 4.3259228 | AJ56: =(Inpatient!$AG16-1)*Inpatient!$AK16+(Inpatient!$AH16-1)*Inpatient!$AL16/(Inpatient!$AG16+Inpatient!$AH16-2) -> 843.39487 | AK56: =ABS(AH56)/SQRT((Inpatient!AK16/Inpatient!$AG16)+(Inpatient!AL16/Inpatient!$AH16)) -> 2.7434423 | AL56: =(Inpatient!AK16^2/Inpatient!$AG16+Inpatient!AL16^2/Inpatient!$AH16)/((Inpatient!AK16^2/Inpatient!$AG16)/(Inpatient!$AG16-1)+(Inpatient!AL16^2/Inpatient!$AH16)/(Inpatient!$AH16-1)) -> 59.713302 | AM56: =_xlfn.T.INV.2T(0.05,AL56) -> 2.0009954 | AN56: =_xlfn.T.DIST.2T(AK56,AL56) -> 0.0080401193 | AO56: =Inpatient!AM16-Inpatient!AN16 -> 99291.863 | AP56: =Inpatient!AO16-Inpatient!AP16 -> 428.3461 | AQ56: =SQRT(Inpatient!AQ16^2+Inpatient!AR16^2) -> 1416.8409 | AR56: =(Inpatient!$AG16-1)*Inpatient!$AQ16+(Inpatient!$AH16-1)*Inpatient!$AR16/(Inpatient!$AG16+Inpatient!$AH16-2) -> 310617.93 | AS56: =ABS(AP56)/SQRT(Inpatient!AQ16^2/Inpatient!AE16+Inpatient!AR16^2/Inpatient!AF16) -> 1.9343412 | AT56: =(Inpatient!AQ16^2/Inpatient!$AG16+Inpatient!AR16^2/Inpatient!$AH16)/((Inpatient!AQ16^2/Inpatient!$AG16)/(Inpatient!$AG16-1)+(Inpatient!AR16^2/Inpatient!$AH16)/(Inpatient!$AH16-1)) -> 188.5889 | AU56: =_xlfn.T.INV.2T(0.05,AT56) -> 1.9726627 | AV56: =_xlfn.T.DIST.2T(AS56,AT56) -> 0.054572384
B57: 6 to 9 | C57: =Inpatient!C17/IncidenceComplications!G14 -> 0.0099553725 | Q57: =Inpatient!S17-Inpatient!T17 -> 4 | R57: =Inpatient!U17-Inpatient!V17 -> 4 | S57: =SQRT(Inpatient!W17^2+Inpatient!X17^2) -> 0 | T57: =(Inpatient!$S17-1)*Inpatient!$W17+(Inpatient!$T17-1)*Inpatient!$X17/(Inpatient!$S17+Inpatient!$T17-2) -> 0 | U57: =IF(T57>0,ABS(R57)/(SQRT((Inpatient!W17/Inpatient!$S17)+(Inpatient!X17/Inpatient!$T17))),"n.a.") -> n.a. | V57: =(Inpatient!W17^2/Inpatient!Q17+Inpatient!X17^2/Inpatient!R17)/((Inpatient!W17^2/Inpatient!Q17)/(Inpatient!Q17-1)+(Inpatient!X17^2/Inpatient!R17)/(Inpatient!R17-1)) -> #DIV/0! | W57: =_xlfn.T.INV.2T(0.05,V57) -> #DIV/0! | X57: =_xlfn.T.DIST.2T(U57,V57) -> #VALUE! | Y57: =Inpatient!Y17-Inpatient!Z17 -> -1579.9832 | Z57: =Inpatient!AA17-Inpatient!AB17 -> -1579.9832 | AA57: =SQRT(Inpatient!AC17^2+Inpatient!AD17^2) -> 0 | AB57: =(Inpatient!$S17-1)*Inpatient!$AC17+(Inpatient!$T17-1)*Inpatient!$AD17/(Inpatient!$S17+Inpatient!$T17-2) -> 0 | AC57: =IF(AB57>0,ABS(Z57)/(AB57*SQRT((1/Inpatient!$S17)+(1/Inpatient!$T17))),"n.a.") -> n.a. | AD57: =(Inpatient!AC17^2/Inpatient!$S17+Inpatient!AD17^2/Inpatient!$T17)/((Inpatient!AC17^2/Inpatient!$S17)/(Inpatient!$S17-1)+(Inpatient!AD17^2/Inpatient!$T17)/(Inpatient!$T17-1)) -> #DIV/0! | AE57: =_xlfn.T.INV.2T(0.05,AD57) -> #DIV/0! | AF57: =_xlfn.T.DIST.2T(AC57,AD57) -> #VALUE! | AG57: =Inpatient!AG17-Inpatient!AH17 -> 35 | AH57: =Inpatient!AI17-Inpatient!AJ17 -> 1.4444444 | AI57: =SQRT(Inpatient!AK17^2+Inpatient!AL17^2) -> 3.0731815 | AJ57: =(Inpatient!$AG17-1)*Inpatient!$AK17+(Inpatient!$AH17-1)*Inpatient!$AL17/(Inpatient!$AG17+Inpatient!$AH17-2) -> 128.37 | AK57: =ABS(AH57)/SQRT((Inpatient!AK17/Inpatient!$AG17)+(Inpatient!AL17/Inpatient!$AH17)) -> 3.5358277 | AL57: =(Inpatient!AK17^2/Inpatient!$AG17+Inpatient!AL17^2/Inpatient!$AH17)/((Inpatient!AK17^2/Inpatient!$AG17)/(Inpatient!$AG17-1)+(Inpatient!AL17^2/Inpatient!$AH17)/(Inpatient!$AH17-1)) -> 18.55035 | AM57: =_xlfn.T.INV.2T(0.05,AL57) -> 2.100922 | AN57: =_xlfn.T.DIST.2T(AK57,AL57) -> 0.0023611466 | AO57: =Inpatient!AM17-Inpatient!AN17 -> 12445.335 | AP57: =Inpatient!AO17-Inpatient!AP17 -> -160.29322 | AQ57: =SQRT(Inpatient!AQ17^2+Inpatient!AR17^2) -> 908.70329 | AR57: =(Inpatient!$AG17-1)*Inpatient!$AQ17+(Inpatient!$AH17-1)*Inpatient!$AR17/(Inpatient!$AG17+Inpatient!$AH17-2) -> 40816.461 | AS57: =ABS(AP57)/SQRT(Inpatient!AQ17^2/Inpatient!AE17+Inpatient!AR17^2/Inpatient!AF17) -> 0.52698643 | AT57: =(Inpatient!AQ17^2/Inpatient!$AG17+Inpatient!AR17^2/Inpatient!$AH17)/((Inpatient!AQ17^2/Inpatient!$AG17)/(Inpatient!$AG17-1)+(Inpatient!AR17^2/Inpatient!$AH17)/(Inpatient!$AH17-1)) -> 42.428369 | AU57: =_xlfn.T.INV.2T(0.05,AT57) -> 2.0180817 | AV57: =_xlfn.T.DIST.2T(AS57,AT57) -> 0.6009756
B58: 10 to 17 | C58: =Inpatient!C18/IncidenceComplications!G15 -> 0.0046590428 | Q58: =Inpatient!S18-Inpatient!T18 -> 3 | R58: =Inpatient!U18-Inpatient!V18 -> 3 | S58: =SQRT(Inpatient!W18^2+Inpatient!X18^2) -> 0 | T58: =(Inpatient!$S18-1)*Inpatient!$W18+(Inpatient!$T18-1)*Inpatient!$X18/(Inpatient!$S18+Inpatient!$T18-2) -> 0 | U58: =IF(T58>0,ABS(R58)/(SQRT((Inpatient!W18/Inpatient!$S18)+(Inpatient!X18/Inpatient!$T18))),"n.a.") -> n.a. | V58: =(Inpatient!W18^2/Inpatient!Q18+Inpatient!X18^2/Inpatient!R18)/((Inpatient!W18^2/Inpatient!Q18)/(Inpatient!Q18-1)+(Inpatient!X18^2/Inpatient!R18)/(Inpatient!R18-1)) -> #DIV/0! | W58: =_xlfn.T.INV.2T(0.05,V58) -> #DIV/0! | X58: =_xlfn.T.DIST.2T(U58,V58) -> #VALUE! | Y58: =Inpatient!Y18-Inpatient!Z18 -> 1292.1868 | Z58: =Inpatient!AA18-Inpatient!AB18 -> #VALUE! | AA58: =SQRT(Inpatient!AC18^2+Inpatient!AD18^2) -> 0 | AB58: =(Inpatient!$S18-1)*Inpatient!$AC18+(Inpatient!$T18-1)*Inpatient!$AD18/(Inpatient!$S18+Inpatient!$T18-2) -> 0 | AC58: =IF(AB58>0,ABS(Z58)/(AB58*SQRT((1/Inpatient!$S18)+(1/Inpatient!$T18))),"n.a.") -> n.a. | AD58: =(Inpatient!AC18^2/Inpatient!$S18+Inpatient!AD18^2/Inpatient!$T18)/((Inpatient!AC18^2/Inpatient!$S18)/(Inpatient!$S18-1)+(Inpatient!AD18^2/Inpatient!$T18)/(Inpatient!$T18-1)) -> #DIV/0! | AE58: =_xlfn.T.INV.2T(0.05,AD58) -> #DIV/0! | AF58: =_xlfn.T.DIST.2T(AC58,AD58) -> #VALUE! | AG58: =Inpatient!AG18-Inpatient!AH18 -> 23 | AH58: =Inpatient!AI18-Inpatient!AJ18 -> 4.6 | AI58: =SQRT(Inpatient!AK18^2+Inpatient!AL18^2) -> 1.5165751 | AJ58: =(Inpatient!$AG18-1)*Inpatient!$AK18+(Inpatient!$AH18-1)*Inpatient!$AL18/(Inpatient!$AG18+Inpatient!$AH18-2) -> 33.364652 | AK58: =ABS(AH58)/SQRT((Inpatient!AK18/Inpatient!$AG18)+(Inpatient!AL18/Inpatient!$AH18)) -> #DIV/0! | AL58: =(Inpatient!AK18^2/Inpatient!$AG18+Inpatient!AL18^2/Inpatient!$AH18)/((Inpatient!AK18^2/Inpatient!$AG18)/(Inpatient!$AG18-1)+(Inpatient!AL18^2/Inpatient!$AH18)/(Inpatient!$AH18-1)) -> #DIV/0! | AM58: =_xlfn.T.INV.2T(0.05,AL58) -> #DIV/0! | AN58: =_xlfn.T.DIST.2T(AK58,AL58) -> #DIV/0! | AO58: =Inpatient!AM18-Inpatient!AN18 -> 12883.289 | AP58: =Inpatient!AO18-Inpatient!AP18 -> #VALUE! | AQ58: =SQRT(Inpatient!AQ18^2+Inpatient!AR18^2) -> 746.65948 | AR58: =(Inpatient!$AG18-1)*Inpatient!$AQ18+(Inpatient!$AH18-1)*Inpatient!$AR18/(Inpatient!$AG18+Inpatient!$AH18-2) -> 16426.509 | AS58: =ABS(AP58)/SQRT(Inpatient!AQ18^2/Inpatient!AE18+Inpatient!AR18^2/Inpatient!AF18) -> #VALUE! | AT58: =(Inpatient!AQ18^2/Inpatient!$AG18+Inpatient!AR18^2/Inpatient!$AH18)/((Inpatient!AQ18^2/Inpatient!$AG18)/(Inpatient!$AG18-1)+(Inpatient!AR18^2/Inpatient!$AH18)/(Inpatient!$AH18-1)) -> #DIV/0! | AU58: =_xlfn.T.INV.2T(0.05,AT58) -> #DIV/0! | AV58: =_xlfn.T.DIST.2T(AS58,AT58) -> #VALUE!
B59: 18 to 34 | C59: =Inpatient!C19/IncidenceComplications!G16 -> 0.003215162 | Q59: =Inpatient!S19-Inpatient!T19 -> 6 | R59: =Inpatient!U19-Inpatient!V19 -> 0.66666667 | S59: =SQRT(Inpatient!W19^2+Inpatient!X19^2) -> 1.1547005 | T59: =(Inpatient!$S19-1)*Inpatient!$W19+(Inpatient!$T19-1)*Inpatient!$X19/(Inpatient!$S19+Inpatient!$T19-2) -> 8.0829038 | U59: =IF(T59>0,ABS(R59)/(SQRT((Inpatient!W19/Inpatient!$S19)+(Inpatient!X19/Inpatient!$T19))),"n.a.") -> 1.7547654 | V59: =(Inpatient!W19^2/Inpatient!Q19+Inpatient!X19^2/Inpatient!R19)/((Inpatient!W19^2/Inpatient!Q19)/(Inpatient!Q19-1)+(Inpatient!X19^2/Inpatient!R19)/(Inpatient!R19-1)) -> #DIV/0! | W59: =_xlfn.T.INV.2T(0.05,V59) -> #DIV/0! | X59: =_xlfn.T.DIST.2T(U59,V59) -> #DIV/0! | Y59: =Inpatient!Y19-Inpatient!Z19 -> 2302.7831 | Z59: =Inpatient!AA19-Inpatient!AB19 -> -557.5208 | AA59: =SQRT(Inpatient!AC19^2+Inpatient!AD19^2) -> 308.8884 | AB59: =(Inpatient!$S19-1)*Inpatient!$AC19+(Inpatient!$T19-1)*Inpatient!$AD19/(Inpatient!$S19+Inpatient!$T19-2) -> 2162.2188 | AC59: =IF(AB59>0,ABS(Z59)/(AB59*SQRT((1/Inpatient!$S19)+(1/Inpatient!$T19))),"n.a.") -> 0.32615303 | AD59: =(Inpatient!AC19^2/Inpatient!$S19+Inpatient!AD19^2/Inpatient!$T19)/((Inpatient!AC19^2/Inpatient!$S19)/(Inpatient!$S19-1)+(Inpatient!AD19^2/Inpatient!$T19)/(Inpatient!$T19-1)) -> 7 | AE59: =_xlfn.T.INV.2T(0.05,AD59) -> 2.3646243 | AF59: =_xlfn.T.DIST.2T(AC59,AD59) -> 0.75384267 | AG59: =Inpatient!AG19-Inpatient!AH19 -> 74 | AH59: =Inpatient!AI19-Inpatient!AJ19 -> 3.9166667 | AI59: =SQRT(Inpatient!AK19^2+Inpatient!AL19^2) -> 5.767595 | AJ59: =(Inpatient!$AG19-1)*Inpatient!$AK19+(Inpatient!$AH19-1)*Inpatient!$AL19/(Inpatient!$AG19+Inpatient!$AH19-2) -> 404.19597 | AK59: =ABS(AH59)/SQRT((Inpatient!AK19/Inpatient!$AG19)+(Inpatient!AL19/Inpatient!$AH19)) -> 6.250229 | AL59: =(Inpatient!AK19^2/Inpatient!$AG19+Inpatient!AL19^2/Inpatient!$AH19)/((Inpatient!AK19^2/Inpatient!$AG19)/(Inpatient!$AG19-1)+(Inpatient!AL19^2/Inpatient!$AH19)/(Inpatient!$AH19-1)) -> 10.052103 | AM59: =_xlfn.T.INV.2T(0.05,AL59) -> 2.2281389 | AN59: =_xlfn.T.DIST.2T(AK59,AL59) -> 9.5024096e-05 | AO59: =Inpatient!AM19-Inpatient!AN19 -> 27997.959 | AP59: =Inpatient!AO19-Inpatient!AP19 -> 1050.3589 | AQ59: =SQRT(Inpatient!AQ19^2+Inpatient!AR19^2) -> 2156.1311 | AR59: =(Inpatient!$AG19-1)*Inpatient!$AQ19+(Inpatient!$AH19-1)*Inpatient!$AR19/(Inpatient!$AG19+Inpatient!$AH19-2) -> 162238.77 | AS59: =ABS(AP59)/SQRT(Inpatient!AQ19^2/Inpatient!AE19+Inpatient!AR19^2/Inpatient!AF19) -> 1.3888996 | AT59: =(Inpatient!AQ19^2/Inpatient!$AG19+Inpatient!AR19^2/Inpatient!$AH19)/((Inpatient!AQ19^2/Inpatient!$AG19)/(Inpatient!$AG19-1)+(Inpatient!AR19^2/Inpatient!$AH19)/(Inpatient!$AH19-1)) -> 11.928065 | AU59: =_xlfn.T.INV.2T(0.05,AT59) -> 2.2009852 | AV59: =_xlfn.T.DIST.2T(AS59,AT59) -> 0.19234093
B60: 35 to 59 | C60: =Inpatient!C20/IncidenceComplications!G17 -> 0.0034021755 | Q60: =Inpatient!S20-Inpatient!T20 -> -1 | R60: =Inpatient!U20-Inpatient!V20 -> -1.5 | S60: =SQRT(Inpatient!W20^2+Inpatient!X20^2) -> 3.1622777 | T60: =(Inpatient!$S20-1)*Inpatient!$W20+(Inpatient!$T20-1)*Inpatient!$X20/(Inpatient!$S20+Inpatient!$T20-2) -> 35.292867 | U60: =IF(T60>0,ABS(R60)/(SQRT((Inpatient!W20/Inpatient!$S20)+(Inpatient!X20/Inpatient!$T20))),"n.a.") -> 2.7185144 | V60: =(Inpatient!W20^2/Inpatient!Q20+Inpatient!X20^2/Inpatient!R20)/((Inpatient!W20^2/Inpatient!Q20)/(Inpatient!Q20-1)+(Inpatient!X20^2/Inpatient!R20)/(Inpatient!R20-1)) -> 2.5384615 | W60: =_xlfn.T.INV.2T(0.05,V60) -> 4.3026527 | X60: =_xlfn.T.DIST.2T(U60,V60) -> 0.1128615 | Y60: =Inpatient!Y20-Inpatient!Z20 -> -1081.5871 | Z60: =Inpatient!AA20-Inpatient!AB20 -> -800.60199 | AA60: =SQRT(Inpatient!AC20^2+Inpatient!AD20^2) -> 1166.8594 | AB60: =(Inpatient!$S20-1)*Inpatient!$AC20+(Inpatient!$T20-1)*Inpatient!$AD20/(Inpatient!$S20+Inpatient!$T20-2) -> 11539.104 | AC60: =IF(AB60>0,ABS(Z60)/(AB60*SQRT((1/Inpatient!$S20)+(1/Inpatient!$T20))),"n.a.") -> 0.18670469 | AD60: =(Inpatient!AC20^2/Inpatient!$S20+Inpatient!AD20^2/Inpatient!$T20)/((Inpatient!AC20^2/Inpatient!$S20)/(Inpatient!$S20-1)+(Inpatient!AD20^2/Inpatient!$T20)/(Inpatient!$T20-1)) -> 13.426535 | AE60: =_xlfn.T.INV.2T(0.05,AD60) -> 2.1603687 | AF60: =_xlfn.T.DIST.2T(AC60,AD60) -> 0.85477434 | AG60: =Inpatient!AG20-Inpatient!AH20 -> 351 | AH60: =Inpatient!AI20-Inpatient!AJ20 -> 2.0182927 | AI60: =SQRT(Inpatient!AK20^2+Inpatient!AL20^2) -> 9.2259355 | AJ60: =(Inpatient!$AG20-1)*Inpatient!$AK20+(Inpatient!$AH20-1)*Inpatient!$AL20/(Inpatient!$AG20+Inpatient!$AH20-2) -> 3436.3168 | AK60: =ABS(AH60)/SQRT((Inpatient!AK20/Inpatient!$AG20)+(Inpatient!AL20/Inpatient!$AH20)) -> 7.0161833 | AL60: =(Inpatient!AK20^2/Inpatient!$AG20+Inpatient!AL20^2/Inpatient!$AH20)/((Inpatient!AK20^2/Inpatient!$AG20)/(Inpatient!$AG20-1)+(Inpatient!AL20^2/Inpatient!$AH20)/(Inpatient!$AH20-1)) -> 76.126661 | AM60: =_xlfn.T.INV.2T(0.05,AL60) -> 1.9916726 | AN60: =_xlfn.T.DIST.2T(AK60,AL60) -> 8.1856141e-10 | AO60: =Inpatient!AM20-Inpatient!AN20 -> 118209.03 | AP60: =Inpatient!AO20-Inpatient!AP20 -> 252.40356 | AQ60: =SQRT(Inpatient!AQ20^2+Inpatient!AR20^2) -> 3427.3624 | AR60: =(Inpatient!$AG20-1)*Inpatient!$AQ20+(Inpatient!$AH20-1)*Inpatient!$AR20/(Inpatient!$AG20+Inpatient!$AH20-2) -> 1262899.7 | AS60: =ABS(AP60)/SQRT(Inpatient!AQ20^2/Inpatient!AE20+Inpatient!AR20^2/Inpatient!AF20) -> 0.38407847 | AT60: =(Inpatient!AQ20^2/Inpatient!$AG20+Inpatient!AR20^2/Inpatient!$AH20)/((Inpatient!AQ20^2/Inpatient!$AG20)/(Inpatient!$AG20-1)+(Inpatient!AR20^2/Inpatient!$AH20)/(Inpatient!$AH20-1)) -> 59.081747 | AU60: =_xlfn.T.INV.2T(0.05,AT60) -> 2.0009954 | AV60: =_xlfn.T.DIST.2T(AS60,AT60) -> 0.70230105
B61: 60 plus | C61: =Inpatient!C21/IncidenceComplications!G18 -> 0.011537556 | Q61: =Inpatient!S21-Inpatient!T21 -> 0 | R61: =Inpatient!U21-Inpatient!V21 -> 0 | S61: =SQRT(Inpatient!W21^2+Inpatient!X21^2) -> 0 | T61: =(Inpatient!$S21-1)*Inpatient!$W21+(Inpatient!$T21-1)*Inpatient!$X21/(Inpatient!$S21+Inpatient!$T21-2) -> 0 | U61: =IF(T61>0,ABS(R61)/(SQRT((Inpatient!W21/Inpatient!$S21)+(Inpatient!X21/Inpatient!$T21))),"n.a.") -> n.a. | V61: =(Inpatient!W21^2/Inpatient!Q21+Inpatient!X21^2/Inpatient!R21)/((Inpatient!W21^2/Inpatient!Q21)/(Inpatient!Q21-1)+(Inpatient!X21^2/Inpatient!R21)/(Inpatient!R21-1)) -> #DIV/0! | W61: =_xlfn.T.INV.2T(0.05,V61) -> #DIV/0! | X61: =_xlfn.T.DIST.2T(U61,V61) -> #VALUE! | Y61: =Inpatient!Y21-Inpatient!Z21 -> 0 | Z61: =Inpatient!AA21-Inpatient!AB21 -> #VALUE! | AA61: =SQRT(Inpatient!AC21^2+Inpatient!AD21^2) -> 0 | AB61: =(Inpatient!$S21-1)*Inpatient!$AC21+(Inpatient!$T21-1)*Inpatient!$AD21/(Inpatient!$S21+Inpatient!$T21-2) -> 0 | AC61: =IF(AB61>0,ABS(Z61)/(AB61*SQRT((1/Inpatient!$S21)+(1/Inpatient!$T21))),"n.a.") -> n.a. | AD61: =(Inpatient!AC21^2/Inpatient!$S21+Inpatient!AD21^2/Inpatient!$T21)/((Inpatient!AC21^2/Inpatient!$S21)/(Inpatient!$S21-1)+(Inpatient!AD21^2/Inpatient!$T21)/(Inpatient!$T21-1)) -> #DIV/0! | AE61: =_xlfn.T.INV.2T(0.05,AD61) -> #DIV/0! | AF61: =_xlfn.T.DIST.2T(AC61,AD61) -> #VALUE! | AG61: =Inpatient!AG21-Inpatient!AH21 -> 512 | AH61: =Inpatient!AI21-Inpatient!AJ21 -> 3.58 | AI61: =SQRT(Inpatient!AK21^2+Inpatient!AL21^2) -> 7.8294056 | AJ61: =(Inpatient!$AG21-1)*Inpatient!$AK21+(Inpatient!$AH21-1)*Inpatient!$AL21/(Inpatient!$AG21+Inpatient!$AH21-2) -> 3757.1155 | AK61: =ABS(AH61)/SQRT((Inpatient!AK21/Inpatient!$AG21)+(Inpatient!AL21/Inpatient!$AH21)) -> 10.571051 | AL61: =(Inpatient!AK21^2/Inpatient!$AG21+Inpatient!AL21^2/Inpatient!$AH21)/((Inpatient!AK21^2/Inpatient!$AG21)/(Inpatient!$AG21-1)+(Inpatient!AL21^2/Inpatient!$AH21)/(Inpatient!$AH21-1)) -> 43.343536 | AM61: =_xlfn.T.INV.2T(0.05,AL61) -> 2.0166922 | AN61: =_xlfn.T.DIST.2T(AK61,AL61) -> 1.5574699e-13 | AO61: =Inpatient!AM21-Inpatient!AN21 -> 181239.7 | AP61: =Inpatient!AO21-Inpatient!AP21 -> 1420.0904 | AQ61: =SQRT(Inpatient!AQ21^2+Inpatient!AR21^2) -> 5398.636 | AR61: =(Inpatient!$AG21-1)*Inpatient!$AQ21+(Inpatient!$AH21-1)*Inpatient!$AR21/(Inpatient!$AG21+Inpatient!$AH21-2) -> 2942218.4 | AS61: =ABS(AP61)/SQRT(Inpatient!AQ21^2/Inpatient!AE21+Inpatient!AR21^2/Inpatient!AF21) -> 1.7744955 | AT61: =(Inpatient!AQ21^2/Inpatient!$AG21+Inpatient!AR21^2/Inpatient!$AH21)/((Inpatient!AQ21^2/Inpatient!$AG21)/(Inpatient!$AG21-1)+(Inpatient!AR21^2/Inpatient!$AH21)/(Inpatient!$AH21-1)) -> 182.08656 | AU61: =_xlfn.T.INV.2T(0.05,AT61) -> 1.9730841 | AV61: =_xlfn.T.DIST.2T(AS61,AT61) -> 0.077652977
B62: Total | C62: =Inpatient!C22/IncidenceComplications!G19 -> 0.0057598491 | Q62: =Inpatient!S22-Inpatient!T22 -> 14 | R62: =Inpatient!U22-Inpatient!V22 -> -0.62121212 | S62: =SQRT(Inpatient!W22^2+Inpatient!X22^2) -> 2.6977357 | T62: =(Inpatient!$S22-1)*Inpatient!$W22+(Inpatient!$T22-1)*Inpatient!$X22/(Inpatient!$S22+Inpatient!$T22-2) -> 79.265071 | U62: =IF(T62>0,ABS(R62)/(SQRT((Inpatient!W22/Inpatient!$S22)+(Inpatient!X22/Inpatient!$T22))),"n.a.") -> 1.7762348 | V62: =(Inpatient!W22^2/Inpatient!Q22+Inpatient!X22^2/Inpatient!R22)/((Inpatient!W22^2/Inpatient!Q22)/(Inpatient!Q22-1)+(Inpatient!X22^2/Inpatient!R22)/(Inpatient!R22-1)) -> 6.4 | W62: =_xlfn.T.INV.2T(0.05,V62) -> 2.4469119 | X62: =_xlfn.T.DIST.2T(U62,V62) -> 0.12603178 | Y62: =Inpatient!Y22-Inpatient!Z22 -> 1868.4169 | Z62: =Inpatient!AA22-Inpatient!AB22 -> -844.74874 | AA62: =SQRT(Inpatient!AC22^2+Inpatient!AD22^2) -> 955.05734 | AB62: =(Inpatient!$S22-1)*Inpatient!$AC22+(Inpatient!$T22-1)*Inpatient!$AD22/(Inpatient!$S22+Inpatient!$T22-2) -> 20532.807 | AC62: =IF(AB62>0,ABS(Z62)/(AB62*SQRT((1/Inpatient!$S22)+(1/Inpatient!$T22))),"n.a.") -> 0.16058004 | AD62: =(Inpatient!AC22^2/Inpatient!$S22+Inpatient!AD22^2/Inpatient!$T22)/((Inpatient!AC22^2/Inpatient!$S22)/(Inpatient!$S22-1)+(Inpatient!AD22^2/Inpatient!$T22)/(Inpatient!$T22-1)) -> 26.159623 | AE62: =_xlfn.T.INV.2T(0.05,AD62) -> 2.0555294 | AF62: =_xlfn.T.DIST.2T(AC62,AD62) -> 0.87366534 | AG62: =Inpatient!AG22-Inpatient!AH22 -> 1348 | AH62: =Inpatient!AI22-Inpatient!AJ22 -> 3.3300493 | AI62: =SQRT(Inpatient!AK22^2+Inpatient!AL22^2) -> 10.635097 | AJ62: =(Inpatient!$AG22-1)*Inpatient!$AK22+(Inpatient!$AH22-1)*Inpatient!$AL22/(Inpatient!$AG22+Inpatient!$AH22-2) -> 15524.752 | AK62: =ABS(AH62)/SQRT((Inpatient!AK22/Inpatient!$AG22)+(Inpatient!AL22/Inpatient!$AH22)) -> 22.04813 | AL62: =(Inpatient!AK22^2/Inpatient!$AG22+Inpatient!AL22^2/Inpatient!$AH22)/((Inpatient!AK22^2/Inpatient!$AG22)/(Inpatient!$AG22-1)+(Inpatient!AL22^2/Inpatient!$AH22)/(Inpatient!$AH22-1)) -> 363.62727 | AM62: =_xlfn.T.INV.2T(0.05,AL62) -> 1.9665206 | AN62: =_xlfn.T.DIST.2T(AK62,AL62) -> 5.7158202e-69 | AO62: =Inpatient!AM22-Inpatient!AN22 -> 643383.57 | AP62: =Inpatient!AO22-Inpatient!AP22 -> 1607.2626 | AQ62: =SQRT(Inpatient!AQ22^2+Inpatient!AR22^2) -> 14519.193 | AR62: =(Inpatient!$AG22-1)*Inpatient!$AQ22+(Inpatient!$AH22-1)*Inpatient!$AR22/(Inpatient!$AG22+Inpatient!$AH22-2) -> 21746619 | AS62: =ABS(AP62)/SQRT(Inpatient!AQ22^2/Inpatient!AE22+Inpatient!AR22^2/Inpatient!AF22) -> 1.4584536 | AT62: =(Inpatient!AQ22^2/Inpatient!$AG22+Inpatient!AR22^2/Inpatient!$AH22)/((Inpatient!AQ22^2/Inpatient!$AG22)/(Inpatient!$AG22-1)+(Inpatient!AR22^2/Inpatient!$AH22)/(Inpatient!$AH22-1)) -> 1313.4808 | AU62: =_xlfn.T.INV.2T(0.05,AT62) -> 1.9617724 | AV62: =_xlfn.T.DIST.2T(AS62,AT62) -> 0.14495472
A63: 2014 | B63: 0 to 1 | C63: =Inpatient!C23/IncidenceComplications!G20 -> 0.012738854 | Q63: =Inpatient!S23-Inpatient!T23 -> 14 | R63: =Inpatient!U23-Inpatient!V23 -> 3.5 | S63: =SQRT(Inpatient!W23^2+Inpatient!X23^2) -> 2.3804761 | T63: =(Inpatient!$S23-1)*Inpatient!$W23+(Inpatient!$T23-1)*Inpatient!$X23/(Inpatient!$S23+Inpatient!$T23-2) -> 30.94619 | U63: =IF(T63>0,ABS(R63)/(SQRT((Inpatient!W23/Inpatient!$S23)+(Inpatient!X23/Inpatient!$T23))),"n.a.") -> #DIV/0! | V63: =(Inpatient!W23^2/Inpatient!Q23+Inpatient!X23^2/Inpatient!R23)/((Inpatient!W23^2/Inpatient!Q23)/(Inpatient!Q23-1)+(Inpatient!X23^2/Inpatient!R23)/(Inpatient!R23-1)) -> #DIV/0! | W63: =_xlfn.T.INV.2T(0.05,V63) -> #DIV/0! | X63: =_xlfn.T.DIST.2T(U63,V63) -> #DIV/0! | Y63: =Inpatient!Y23-Inpatient!Z23 -> 6222.54 | Z63: =Inpatient!AA23-Inpatient!AB23 -> #VALUE! | AA63: =SQRT(Inpatient!AC23^2+Inpatient!AD23^2) -> 495.50486 | AB63: =(Inpatient!$S23-1)*Inpatient!$AC23+(Inpatient!$T23-1)*Inpatient!$AD23/(Inpatient!$S23+Inpatient!$T23-2) -> 6441.5631 | AC63: =IF(AB63>0,ABS(Z63)/(AB63*SQRT((1/Inpatient!$S23)+(1/Inpatient!$T23))),"n.a.") -> #VALUE! | AD63: =(Inpatient!AC23^2/Inpatient!$S23+Inpatient!AD23^2/Inpatient!$T23)/((Inpatient!AC23^2/Inpatient!$S23)/(Inpatient!$S23-1)+(Inpatient!AD23^2/Inpatient!$T23)/(Inpatient!$T23-1)) -> #DIV/0! | AE63: =_xlfn.T.INV.2T(0.05,AD63) -> #DIV/0! | AF63: =_xlfn.T.DIST.2T(AC63,AD63) -> #VALUE! | AG63: =Inpatient!AG23-Inpatient!AH23 -> 0 | AH63: =Inpatient!AI23-Inpatient!AJ23 -> 0 | AI63: =SQRT(Inpatient!AK23^2+Inpatient!AL23^2) -> 0 | AJ63: =(Inpatient!$AG23-1)*Inpatient!$AK23+(Inpatient!$AH23-1)*Inpatient!$AL23/(Inpatient!$AG23+Inpatient!$AH23-2) -> 0 | AK63: =ABS(AH63)/SQRT((Inpatient!AK23/Inpatient!$AG23)+(Inpatient!AL23/Inpatient!$AH23)) -> #DIV/0! | AL63: =(Inpatient!AK23^2/Inpatient!$AG23+Inpatient!AL23^2/Inpatient!$AH23)/((Inpatient!AK23^2/Inpatient!$AG23)/(Inpatient!$AG23-1)+(Inpatient!AL23^2/Inpatient!$AH23)/(Inpatient!$AH23-1)) -> #DIV/0! | AM63: =_xlfn.T.INV.2T(0.05,AL63) -> #DIV/0! | AN63: =_xlfn.T.DIST.2T(AK63,AL63) -> #DIV/0! | AO63: =Inpatient!AM23-Inpatient!AN23 -> 0 | AP63: =Inpatient!AO23-Inpatient!AP23 -> #VALUE! | AQ63: =SQRT(Inpatient!AQ23^2+Inpatient!AR23^2) -> 0 | AR63: =(Inpatient!$AG23-1)*Inpatient!$AQ23+(Inpatient!$AH23-1)*Inpatient!$AR23/(Inpatient!$AG23+Inpatient!$AH23-2) -> 0 | AS63: =ABS(AP63)/SQRT(Inpatient!AQ23^2/Inpatient!AE23+Inpatient!AR23^2/Inpatient!AF23) -> #VALUE! | AT63: =(Inpatient!AQ23^2/Inpatient!$AG23+Inpatient!AR23^2/Inpatient!$AH23)/((Inpatient!AQ23^2/Inpatient!$AG23)/(Inpatient!$AG23-1)+(Inpatient!AR23^2/Inpatient!$AH23)/(Inpatient!$AH23-1)) -> #DIV/0! | AU63: =_xlfn.T.INV.2T(0.05,AT63) -> #DIV/0! | AV63: =_xlfn.T.DIST.2T(AS63,AT63) -> #VALUE!
B64: 2 to 5 | C64: =Inpatient!C24/IncidenceComplications!G21 -> 0.0068181818 | Q64: =Inpatient!S24-Inpatient!T24 -> 6 | R64: =Inpatient!U24-Inpatient!V24 -> 6 | S64: =SQRT(Inpatient!W24^2+Inpatient!X24^2) -> 0 | T64: =(Inpatient!$S24-1)*Inpatient!$W24+(Inpatient!$T24-1)*Inpatient!$X24/(Inpatient!$S24+Inpatient!$T24-2) -> 0 | U64: =IF(T64>0,ABS(R64)/(SQRT((Inpatient!W24/Inpatient!$S24)+(Inpatient!X24/Inpatient!$T24))),"n.a.") -> n.a. | V64: =(Inpatient!W24^2/Inpatient!Q24+Inpatient!X24^2/Inpatient!R24)/((Inpatient!W24^2/Inpatient!Q24)/(Inpatient!Q24-1)+(Inpatient!X24^2/Inpatient!R24)/(Inpatient!R24-1)) -> #DIV/0! | W64: =_xlfn.T.INV.2T(0.05,V64) -> #DIV/0! | X64: =_xlfn.T.DIST.2T(U64,V64) -> #VALUE! | Y64: =Inpatient!Y24-Inpatient!Z24 -> 2278.32 | Z64: =Inpatient!AA24-Inpatient!AB24 -> 2278.32 | AA64: =SQRT(Inpatient!AC24^2+Inpatient!AD24^2) -> 0 | AB64: =(Inpatient!$S24-1)*Inpatient!$AC24+(Inpatient!$T24-1)*Inpatient!$AD24/(Inpatient!$S24+Inpatient!$T24-2) -> 0 | AC64: =IF(AB64>0,ABS(Z64)/(AB64*SQRT((1/Inpatient!$S24)+(1/Inpatient!$T24))),"n.a.") -> n.a. | AD64: =(Inpatient!AC24^2/Inpatient!$S24+Inpatient!AD24^2/Inpatient!$T24)/((Inpatient!AC24^2/Inpatient!$S24)/(Inpatient!$S24-1)+(Inpatient!AD24^2/Inpatient!$T24)/(Inpatient!$T24-1)) -> #DIV/0! | AE64: =_xlfn.T.INV.2T(0.05,AD64) -> #DIV/0! | AF64: =_xlfn.T.DIST.2T(AC64,AD64) -> #VALUE! | AG64: =Inpatient!AG24-Inpatient!AH24 -> 86 | AH64: =Inpatient!AI24-Inpatient!AJ24 -> 1.9444444 | AI64: =SQRT(Inpatient!AK24^2+Inpatient!AL24^2) -> 2.4608038 | AJ64: =(Inpatient!$AG24-1)*Inpatient!$AK24+(Inpatient!$AH24-1)*Inpatient!$AL24/(Inpatient!$AG24+Inpatient!$AH24-2) -> 216.55074 | AK64: =ABS(AH64)/SQRT((Inpatient!AK24/Inpatient!$AG24)+(Inpatient!AL24/Inpatient!$AH24)) -> 11.693703 | AL64: =(Inpatient!AK24^2/Inpatient!$AG24+Inpatient!AL24^2/Inpatient!$AH24)/((Inpatient!AK24^2/Inpatient!$AG24)/(Inpatient!$AG24-1)+(Inpatient!AL24^2/Inpatient!$AH24)/(Inpatient!$AH24-1)) -> 88 | AM64: =_xlfn.T.INV.2T(0.05,AL64) -> 1.9872899 | AN64: =_xlfn.T.DIST.2T(AK64,AL64) -> 1.3073013e-19 | AO64: =Inpatient!AM24-Inpatient!AN24 -> 44847.67 | AP64: =Inpatient!AO24-Inpatient!AP24 -> 78.406111 | AQ64: =SQRT(Inpatient!AQ24^2+Inpatient!AR24^2) -> 499.03762 | AR64: =(Inpatient!$AG24-1)*Inpatient!$AQ24+(Inpatient!$AH24-1)*Inpatient!$AR24/(Inpatient!$AG24+Inpatient!$AH24-2) -> 43915.311 | AS64: =ABS(AP64)/SQRT(Inpatient!AQ24^2/Inpatient!AE24+Inpatient!AR24^2/Inpatient!AF24) -> 0.66658092 | AT64: =(Inpatient!AQ24^2/Inpatient!$AG24+Inpatient!AR24^2/Inpatient!$AH24)/((Inpatient!AQ24^2/Inpatient!$AG24)/(Inpatient!$AG24-1)+(Inpatient!AR24^2/Inpatient!$AH24)/(Inpatient!$AH24-1)) -> 88 | AU64: =_xlfn.T.INV.2T(0.05,AT64) -> 1.9872899 | AV64: =_xlfn.T.DIST.2T(AS64,AT64) -> 0.50678376
B65: 6 to 9 | C65: =Inpatient!C25/IncidenceComplications!G22 -> 0.0071005917 | Q65: =Inpatient!S25-Inpatient!T25 -> 0 | R65: =Inpatient!U25-Inpatient!V25 -> 0 | S65: =SQRT(Inpatient!W25^2+Inpatient!X25^2) -> 0 | T65: =(Inpatient!$S25-1)*Inpatient!$W25+(Inpatient!$T25-1)*Inpatient!$X25/(Inpatient!$S25+Inpatient!$T25-2) -> 0 | U65: =IF(T65>0,ABS(R65)/(SQRT((Inpatient!W25/Inpatient!$S25)+(Inpatient!X25/Inpatient!$T25))),"n.a.") -> n.a. | V65: =(Inpatient!W25^2/Inpatient!Q25+Inpatient!X25^2/Inpatient!R25)/((Inpatient!W25^2/Inpatient!Q25)/(Inpatient!Q25-1)+(Inpatient!X25^2/Inpatient!R25)/(Inpatient!R25-1)) -> #DIV/0! | W65: =_xlfn.T.INV.2T(0.05,V65) -> #DIV/0! | X65: =_xlfn.T.DIST.2T(U65,V65) -> #VALUE! | Y65: =Inpatient!Y25-Inpatient!Z25 -> 0 | Z65: =Inpatient!AA25-Inpatient!AB25 -> #VALUE! | AA65: =SQRT(Inpatient!AC25^2+Inpatient!AD25^2) -> 0 | AB65: =(Inpatient!$S25-1)*Inpatient!$AC25+(Inpatient!$T25-1)*Inpatient!$AD25/(Inpatient!$S25+Inpatient!$T25-2) -> 0 | AC65: =IF(AB65>0,ABS(Z65)/(AB65*SQRT((1/Inpatient!$S25)+(1/Inpatient!$T25))),"n.a.") -> n.a. | AD65: =(Inpatient!AC25^2/Inpatient!$S25+Inpatient!AD25^2/Inpatient!$T25)/((Inpatient!AC25^2/Inpatient!$S25)/(Inpatient!$S25-1)+(Inpatient!AD25^2/Inpatient!$T25)/(Inpatient!$T25-1)) -> #DIV/0! | AE65: =_xlfn.T.INV.2T(0.05,AD65) -> #DIV/0! | AF65: =_xlfn.T.DIST.2T(AC65,AD65) -> #VALUE! | AG65: =Inpatient!AG25-Inpatient!AH25 -> 22 | AH65: =Inpatient!AI25-Inpatient!AJ25 -> 5.5 | AI65: =SQRT(Inpatient!AK25^2+Inpatient!AL25^2) -> 5.0662281 | AJ65: =(Inpatient!$AG25-1)*Inpatient!$AK25+(Inpatient!$AH25-1)*Inpatient!$AL25/(Inpatient!$AG25+Inpatient!$AH25-2) -> 106.39079 | AK65: =ABS(AH65)/SQRT((Inpatient!AK25/Inpatient!$AG25)+(Inpatient!AL25/Inpatient!$AH25)) -> #DIV/0! | AL65: =(Inpatient!AK25^2/Inpatient!$AG25+Inpatient!AL25^2/Inpatient!$AH25)/((Inpatient!AK25^2/Inpatient!$AG25)/(Inpatient!$AG25-1)+(Inpatient!AL25^2/Inpatient!$AH25)/(Inpatient!$AH25-1)) -> #DIV/0! | AM65: =_xlfn.T.INV.2T(0.05,AL65) -> #DIV/0! | AN65: =_xlfn.T.DIST.2T(AK65,AL65) -> #DIV/0! | AO65: =Inpatient!AM25-Inpatient!AN25 -> 10104.36 | AP65: =Inpatient!AO25-Inpatient!AP25 -> #VALUE! | AQ65: =SQRT(Inpatient!AQ25^2+Inpatient!AR25^2) -> 53.713926 | AR65: =(Inpatient!$AG25-1)*Inpatient!$AQ25+(Inpatient!$AH25-1)*Inpatient!$AR25/(Inpatient!$AG25+Inpatient!$AH25-2) -> 1127.9924 | AS65: =ABS(AP65)/SQRT(Inpatient!AQ25^2/Inpatient!AE25+Inpatient!AR25^2/Inpatient!AF25) -> #VALUE! | AT65: =(Inpatient!AQ25^2/Inpatient!$AG25+Inpatient!AR25^2/Inpatient!$AH25)/((Inpatient!AQ25^2/Inpatient!$AG25)/(Inpatient!$AG25-1)+(Inpatient!AR25^2/Inpatient!$AH25)/(Inpatient!$AH25-1)) -> #DIV/0! | AU65: =_xlfn.T.INV.2T(0.05,AT65) -> #DIV/0! | AV65: =_xlfn.T.DIST.2T(AS65,AT65) -> #VALUE!
B66: 10 to 17 | C66: =Inpatient!C26/IncidenceComplications!G23 -> 0.0042398546 | Q66: =Inpatient!S26-Inpatient!T26 -> 0 | R66: =Inpatient!U26-Inpatient!V26 -> 0 | S66: =SQRT(Inpatient!W26^2+Inpatient!X26^2) -> 0 | T66: =(Inpatient!$S26-1)*Inpatient!$W26+(Inpatient!$T26-1)*Inpatient!$X26/(Inpatient!$S26+Inpatient!$T26-2) -> 0 | U66: =IF(T66>0,ABS(R66)/(SQRT((Inpatient!W26/Inpatient!$S26)+(Inpatient!X26/Inpatient!$T26))),"n.a.") -> n.a. | V66: =(Inpatient!W26^2/Inpatient!Q26+Inpatient!X26^2/Inpatient!R26)/((Inpatient!W26^2/Inpatient!Q26)/(Inpatient!Q26-1)+(Inpatient!X26^2/Inpatient!R26)/(Inpatient!R26-1)) -> #DIV/0! | W66: =_xlfn.T.INV.2T(0.05,V66) -> #DIV/0! | X66: =_xlfn.T.DIST.2T(U66,V66) -> #VALUE! | Y66: =Inpatient!Y26-Inpatient!Z26 -> 0 | Z66: =Inpatient!AA26-Inpatient!AB26 -> #VALUE! | AA66: =SQRT(Inpatient!AC26^2+Inpatient!AD26^2) -> 0 | AB66: =(Inpatient!$S26-1)*Inpatient!$AC26+(Inpatient!$T26-1)*Inpatient!$AD26/(Inpatient!$S26+Inpatient!$T26-2) -> 0 | AC66: =IF(AB66>0,ABS(Z66)/(AB66*SQRT((1/Inpatient!$S26)+(1/Inpatient!$T26))),"n.a.") -> n.a. | AD66: =(Inpatient!AC26^2/Inpatient!$S26+Inpatient!AD26^2/Inpatient!$T26)/((Inpatient!AC26^2/Inpatient!$S26)/(Inpatient!$S26-1)+(Inpatient!AD26^2/Inpatient!$T26)/(Inpatient!$T26-1)) -> #DIV/0! | AE66: =_xlfn.T.INV.2T(0.05,AD66) -> #DIV/0! | AF66: =_xlfn.T.DIST.2T(AC66,AD66) -> #VALUE! | AG66: =Inpatient!AG26-Inpatient!AH26 -> 20 | AH66: =Inpatient!AI26-Inpatient!AJ26 -> 6.6666667 | AI66: =SQRT(Inpatient!AK26^2+Inpatient!AL26^2) -> 1.1547005 | AJ66: =(Inpatient!$AG26-1)*Inpatient!$AK26+(Inpatient!$AH26-1)*Inpatient!$AL26/(Inpatient!$AG26+Inpatient!$AH26-2) -> 21.93931 | AK66: =ABS(AH66)/SQRT((Inpatient!AK26/Inpatient!$AG26)+(Inpatient!AL26/Inpatient!$AH26)) -> #DIV/0! | AL66: =(Inpatient!AK26^2/Inpatient!$AG26+Inpatient!AL26^2/Inpatient!$AH26)/((Inpatient!AK26^2/Inpatient!$AG26)/(Inpatient!$AG26-1)+(Inpatient!AL26^2/Inpatient!$AH26)/(Inpatient!$AH26-1)) -> #DIV/0! | AM66: =_xlfn.T.INV.2T(0.05,AL66) -> #DIV/0! | AN66: =_xlfn.T.DIST.2T(AK66,AL66) -> #DIV/0! | AO66: =Inpatient!AM26-Inpatient!AN26 -> 7737.2 | AP66: =Inpatient!AO26-Inpatient!AP26 -> #VALUE! | AQ66: =SQRT(Inpatient!AQ26^2+Inpatient!AR26^2) -> 134.37257 | AR66: =(Inpatient!$AG26-1)*Inpatient!$AQ26+(Inpatient!$AH26-1)*Inpatient!$AR26/(Inpatient!$AG26+Inpatient!$AH26-2) -> 2553.0788 | AS66: =ABS(AP66)/SQRT(Inpatient!AQ26^2/Inpatient!AE26+Inpatient!AR26^2/Inpatient!AF26) -> #VALUE! | AT66: =(Inpatient!AQ26^2/Inpatient!$AG26+Inpatient!AR26^2/Inpatient!$AH26)/((Inpatient!AQ26^2/Inpatient!$AG26)/(Inpatient!$AG26-1)+(Inpatient!AR26^2/Inpatient!$AH26)/(Inpatient!$AH26-1)) -> #DIV/0! | AU66: =_xlfn.T.INV.2T(0.05,AT66) -> #DIV/0! | AV66: =_xlfn.T.DIST.2T(AS66,AT66) -> #VALUE!
B67: 18 to 34 | C67: =Inpatient!C27/IncidenceComplications!G24 -> 0.0019581262 | Q67: =Inpatient!S27-Inpatient!T27 -> 5 | R67: =Inpatient!U27-Inpatient!V27 -> 2.5 | S67: =SQRT(Inpatient!W27^2+Inpatient!X27^2) -> 0.70710678 | T67: =(Inpatient!$S27-1)*Inpatient!$W27+(Inpatient!$T27-1)*Inpatient!$X27/(Inpatient!$S27+Inpatient!$T27-2) -> 2.8284271 | U67: =IF(T67>0,ABS(R67)/(SQRT((Inpatient!W27/Inpatient!$S27)+(Inpatient!X27/Inpatient!$T27))),"n.a.") -> #DIV/0! | V67: =(Inpatient!W27^2/Inpatient!Q27+Inpatient!X27^2/Inpatient!R27)/((Inpatient!W27^2/Inpatient!Q27)/(Inpatient!Q27-1)+(Inpatient!X27^2/Inpatient!R27)/(Inpatient!R27-1)) -> #DIV/0! | W67: =_xlfn.T.INV.2T(0.05,V67) -> #DIV/0! | X67: =_xlfn.T.DIST.2T(U67,V67) -> #DIV/0! | Y67: =Inpatient!Y27-Inpatient!Z27 -> 2973.82 | Z67: =Inpatient!AA27-Inpatient!AB27 -> #VALUE! | AA67: =SQRT(Inpatient!AC27^2+Inpatient!AD27^2) -> 24.183052 | AB67: =(Inpatient!$S27-1)*Inpatient!$AC27+(Inpatient!$T27-1)*Inpatient!$AD27/(Inpatient!$S27+Inpatient!$T27-2) -> 96.732208 | AC67: =IF(AB67>0,ABS(Z67)/(AB67*SQRT((1/Inpatient!$S27)+(1/Inpatient!$T27))),"n.a.") -> #VALUE! | AD67: =(Inpatient!AC27^2/Inpatient!$S27+Inpatient!AD27^2/Inpatient!$T27)/((Inpatient!AC27^2/Inpatient!$S27)/(Inpatient!$S27-1)+(Inpatient!AD27^2/Inpatient!$T27)/(Inpatient!$T27-1)) -> #DIV/0! | AE67: =_xlfn.T.INV.2T(0.05,AD67) -> #DIV/0! | AF67: =_xlfn.T.DIST.2T(AC67,AD67) -> #VALUE! | AG67: =Inpatient!AG27-Inpatient!AH27 -> 20 | AH67: =Inpatient!AI27-Inpatient!AJ27 -> 1.6 | AI67: =SQRT(Inpatient!AK27^2+Inpatient!AL27^2) -> 1.5165751 | AJ67: =(Inpatient!$AG27-1)*Inpatient!$AK27+(Inpatient!$AH27-1)*Inpatient!$AL27/(Inpatient!$AG27+Inpatient!$AH27-2) -> 33.364652 | AK67: =ABS(AH67)/SQRT((Inpatient!AK27/Inpatient!$AG27)+(Inpatient!AL27/Inpatient!$AH27)) -> 6.2309166 | AL67: =(Inpatient!AK27^2/Inpatient!$AG27+Inpatient!AL27^2/Inpatient!$AH27)/((Inpatient!AK27^2/Inpatient!$AG27)/(Inpatient!$AG27-1)+(Inpatient!AL27^2/Inpatient!$AH27)/(Inpatient!$AH27-1)) -> 22 | AM67: =_xlfn.T.INV.2T(0.05,AL67) -> 2.0738731 | AN67: =_xlfn.T.DIST.2T(AK67,AL67) -> 2.8531794e-06 | AO67: =Inpatient!AM27-Inpatient!AN27 -> 9803.25 | AP67: =Inpatient!AO27-Inpatient!AP27 -> -162.062 | AQ67: =SQRT(Inpatient!AQ27^2+Inpatient!AR27^2) -> 109.65277 | AR67: =(Inpatient!$AG27-1)*Inpatient!$AQ27+(Inpatient!$AH27-1)*Inpatient!$AR27/(Inpatient!$AG27+Inpatient!$AH27-2) -> 2412.3609 | AS67: =ABS(AP67)/SQRT(Inpatient!AQ27^2/Inpatient!AE27+Inpatient!AR27^2/Inpatient!AF27) -> 3.3048108 | AT67: =(Inpatient!AQ27^2/Inpatient!$AG27+Inpatient!AR27^2/Inpatient!$AH27)/((Inpatient!AQ27^2/Inpatient!$AG27)/(Inpatient!$AG27-1)+(Inpatient!AR27^2/Inpatient!$AH27)/(Inpatient!$AH27-1)) -> 22 | AU67: =_xlfn.T.INV.2T(0.05,AT67) -> 2.0738731 | AV67: =_xlfn.T.DIST.2T(AS67,AT67) -> 0.0032250534
